Workbook
Name a: #REF!
Name a: #REF!
Name a: #REF!
Name a: #REF!
Name a: #REF!
Name a: #REF!
Name a: #REF!
Name a: #REF!
Name a: #REF!
Name a: #REF!
Name a: #REF!
Name A_impresión_IM: #REF!
Name A_impresión_IM: #REF!
Name A_impresión_IM: #REF!
Name A_impresión_IM: #REF!
Name A_impresión_IM: #REF!
Name A_impresión_IM: #REF!
Name A_impresión_IM: #REF!
Name A_impresión_IM: #REF!
Name A_impresión_IM: #REF!
Name A_impresión_IM: #REF!
Name A_impresión_IM: #REF!
Name inf: #REF!
Name inf: #REF!
Name inf: #REF!
Name inf: #REF!
Name inf: #REF!
Name inf: #REF!
Name inf: #REF!
Name inf: #REF!
Name inf: #REF!
Name inf: #REF!
Name inf: #REF!
Name INV_11: '[1]PR 1'!$A$2:$N$655
Name Print_Area_MI: #REF!
Name Print_Area_MI: #REF!
Name Print_Area_MI: #REF!
Name Print_Area_MI: #REF!
Name Print_Area_MI: #REF!
Name Print_Area_MI: #REF!
Name Print_Area_MI: #REF!
Name Print_Area_MI: #REF!
Name Print_Area_MI: #REF!
Name Print_Area_MI: #REF!
Name Print_Area_MI: #REF!
Name valor1: #REF!
Name valor1: #REF!
Name valor1: #REF!
Name valor1: #REF!
Name valor1: #REF!
Name valor1: #REF!
Name valor1: #REF!
Name valor1: #REF!
Name valor1: #REF!
Name valor1: #REF!
Name valor1: #REF!
Name valor2: #REF!
Name valor2: #REF!
Name valor2: #REF!
Name valor2: #REF!

Sheet PRESUPUESTO OBRA
B3: PROYECTO: ADECUACIÓN Y MANTENIMIENTO DE LA ESE HOSPITAL SAN NICOLÁS DE TOLENTINO EN LA CABECERA MUNICIPAL DE PINILLOS Y LOS PUESTOS DE SALUD DE LOS CORREGIMIENTOS DE LAS CONCHITAS, PALENQUITO, PUERTO LÓPEZ Y SANTA COA, EN EL MUNICIPIO DE PINILLOS - DEPARTAMENTO DE BOLÍVAR
B5: Presupuesto de Obra
B7: ITEM | C7: DESCRIPCION | D7: UNID. | E7: CANT. | F7: Vr. UNIT | G7: Vr. PARCIAL
B9: A | C9: HOSPITAL SAN NICOLAS DE TOLENTINO
C11: AREA ADMINISTRATIVA - EDIFICIO NUEVO
B12: 1 | C12: OBRAS PRELIMINARES
B13: 1.1 | C13: Localizacion, trazado, replanteo y control topografico de la obra | D13: M2 | E13: ='CANT. DE OBRA ADMON'!K14 -> 216
B14: 1.10 | C14: Demolición de columnas existentes | D14: ML | E14: ='CANT. DE OBRA ADMON'!K21 -> 12
B15: 1.11 | C15: Perfilacion y nivelacion del terreno - Manual | D15: M2 | E15: ='CANT. DE OBRA ADMON'!K28 -> 216
B16: 1.14 | C16: Demolición de Muro existente | D16: M2 | E16: ='CANT. DE OBRA ADMON'!K35 -> 32.76
B17: 1.20 | C17: Cargue, transporte y disposición final de material sobrante en sitio autorizado | D17: M3 | E17: ='CANT. DE OBRA ADMON'!K44 -> 34.78644
C18: Subtotal Items 1
B20: 2 | C20: EXCAVACIONES, NIVELACIONES Y RELLENOS
B21: 2.1 | C21: Excavaciones manuales (No Incluye retiro de material sobrante) | D21: M3 | E21: ='CANT. DE OBRA ADMON'!K59 -> 18.6358
B22: 2.2 | C22: Relleno con material comun de excavacion (Zapatas) | D22: M3 | E22: ='CANT. DE OBRA ADMON'!K67 -> 3.83075
B23: 2.3 | C23: Relleno con material granular transportado compactado al 90%, Manual con Canguro - (Relleno para Nivelacion de Terreno de Proyecto) | D23: M3 | E23: ='CANT. DE OBRA ADMON'!L76 -> 41.932
B24: 2.4 | C24: Cargue, transporte y disposición final de material sobrante en sitio autorizado | D24: M3 | E24: ='CANT. DE OBRA ADMON'!K83 -> 19.246565
C25: Subtotal Items 2
B27: 3 | C27: ESTRUCTURALES
B28: 3.1 | C28: Solado en concreto pobre 1500 p.s.i. (Estructura de Zapatas) | D28: M3 | E28: ='CANT. DE OBRA ADMON'!K91 -> 0.446
B29: 3.2 | C29: Construcción de Zapatas en concreto 3000 p.s.i. modulacion 1,00 mts x 1,00 mts x alto 0,30 mts, incluye acero: en ambos sentidos de 1/2" cada 0,18 mts | D29: U | E29: ='CANT. DE OBRA ADMON'!K98 -> 1
B30: 3.3 | C30: Construcción de Zapatas en concreto 3000 p.s.i. modulacion 0,60 mts x 0,60 mts x alto 0,25 mts, incluye acero: en ambos sentidos de 1/2" cada 0,18 mts | D30: U | E30: ='CANT. DE OBRA ADMON'!K105 -> 22
B31: 3.5 | C31: Construcción de Viga de Cimentacion en concreto de 3000 p.s.i, modulacion 0,30 mts x 0,30 mts, incluye acero: longitudinal 6 1/2" - Estnbos 3/8" cada 0,20 mts | D31: ML | E31: ='CANT. DE OBRA ADMON'!K115 -> 93.6
B32: 3.6 | C32: Construcción de Viga de Cimentacion en concreto de 3000 p.s.i, modulacion 0,25 mts x 0,25 mts, incluye acero: longitudinal 4 3/8" - Estnbos 3/8" cada 0,15 mts | D32: ML | E32: ='CANT. DE OBRA ADMON'!K123 -> 15.19
B33: 3.7 | C33: Construcción de Pedestal en concreto de 3000 p.s.i, modulacion 0,45 mts x 0,45 mts, incluye acero: longitudinal 8 Fe= 5/8" - Estnbos 3/8" cada 0,10 mts | D33: ML | E33: ='CANT. DE OBRA ADMON'!K130 -> 1.5
B34: 3.8 | C34: Construcción de Columnas en concreto de 3000 p.s.i, modulacion 0,30 mts x 0,30 mts, incluye acero: longitudinal 6 Fe= 1/2" - Estnbos 3/8" cada 0,10 mts | D34: ML | E34: ='CANT. DE OBRA ADMON'!K137 -> 3.8
B35: 3.9 | C35: Construcción de Columnas en concreto de 3000 p.s.i, modulacion 0,25 mts x 0,25 mts, incluye acero: longitudinal 4 Fe= 1/2" - Estnbos 3/8" cada 0,15 mts | D35: ML | E35: ='CANT. DE OBRA ADMON'!K146 -> 85.55
B36: 3.11 | C36: Construcción de Viga Amarre en concreto 3000 p.s.i. 0.25 X 0.25 mts - 4 Fe= 3/8" - Estribos y ganchos Fe= 3/8 C/. 0,20 mts | D36: ML | E36: ='CANT. DE OBRA ADMON'!K155 -> 88.94
B37: 3.12 | C37: Construcción de Viga Amarre en concreto 3000 p.s.i. 0.10 X 0.25 mts - 3 Fe= 3/8" - Estribos y ganchos Fe= 3/8 C/. 0,20 mts | D37: ML | E37: ='CANT. DE OBRA ADMON'!K162 -> 11.85
B38: 3.14 | C38: Construcción de Placa de Tanque elevado en concreto 3000 p.s.i. espesor 10 cms, incluye acero: ambos sentidos de 1/2" cada 0,15 mts. | D38: M2 | E38: ='CANT. DE OBRA ADMON'!K169 -> 1.44
B39: 3.15 | C39: Construcción de Plantilla para pisos esp. 0,10 mts en concreto 3000 p.s.i. - Fe=1/4" temperatura Cada 0.40 mts ambos sentidos | D39: M2 | E39: ='CANT. DE OBRA ADMON'!K179 -> 220.36
B40: 3.17 | C40: Construcción de Viga Culata en concreto 3000 p.s.i. 0.10 X 0.20 mts - 2 Fe= 3/8" - Estribos y ganchos Fe= 3/8 C/. 0,15 mts | D40: ML | E40: ='CANT. DE OBRA ADMON'!K188 -> 77.7
B41: 3.18 | C41: Construcción de Viga de Cimentacion en concreto de 3000 p.s.i, modulacion 0,15 mts x 0,25 mts, incluye acero: longitudinal 4 3/8" - Estnbos 3/8" cada 0,25 mts | D41: ML | E41: ='CANT. DE OBRA ADMON'!K196 -> 56.53
B42: 3.19 | C42: Construcción de Viga Dintel en concreto de 3000 p.s.i, modulacion 0,10 mts x 0,15 mts, incluye acero: longitudinal 2 3/8" - Estnbos 3/8" cada 0,20 mts | D42: ML | E42: ='CANT. DE OBRA ADMON'!K203 -> 9.6
B43: 3.20 | C43: Construcción de Sobre-cimentacion con Muro en Bloque No 6 relleno en concreto de 3000 p.s.i. | D43: M2 | E43: ='CANT. DE OBRA ADMON'!K213 -> 17.224
B44: 3.21 | C44: Construcción de Viga Canal en concreto 3000 p.s.i. espesor 10 cms, incluye acero: ambos sentidos de 1/2" cada 0,15 mts. | D44: M2 | E44: ='CANT. DE OBRA ADMON'!K222 -> 29.643
C45: Subtotal Items 3
B47: 4 | C47: MAMPOSTERIA
B48: 4.1 | C48: Levante de muro de block No 4 | D48: M2 | E48: ='CANT. DE OBRA ADMON'!K234 -> 210.9012
B49: 4.2 | C49: Pañete para muros mortero: 1:4 imp . Esp = 2 cms (Muros) | D49: M2 | E49: ='CANT. DE OBRA ADMON'!K255 -> 535.6039
B50: 4.3 | C50: Pañete para muros mortero: 1:4 imp . Esp = 2 cms (Lineal) | D50: ML | E50: ='CANT. DE OBRA ADMON'!K262 -> 7.7
C51: Subtotal Items 4
B53: 5 | C53: ACABADOS
B54: 5.1 | C54: Estuco para muros tipo 1 (estructuras y Muros) | D54: M2 | E54: ='CANT. DE OBRA ADMON'!K285 -> 540.9349
B55: 5.2 | C55: Pintura tipo 1 para exteriores e interiores (2 manos) | D55: M2 | E55: ='CANT. DE OBRA ADMON'!K308 -> 540.9349
B56: 5.3 | C56: Estampado de concreto de Placas de pisos de Anden exterior | D56: M2 | E56: ='CANT. DE OBRA ADMON'!K317 -> 107.1
B57: 5.4 | C57: Cenefa en color azul con Pintura tipo 1 para interiores (2 manos) | D57: ML | E57: ='CANT. DE OBRA ADMON'!K324 -> 94.37
B58: 5.5 | C58: Suministro e instalación de cielo raso en PVC | D58: M2 | E58: ='CANT. DE OBRA ADMON'!K331 -> 101.28
B59: 5.6 | C59: Suministro e instalación de enchape ceramico para piso | D59: M2 | E59: ='CANT. DE OBRA ADMON'!K340 -> 90.03
B60: 5.7 | C60: Suministro e Instalación de Zocalo tipo media caña | D60: M | E60: ='CANT. DE OBRA ADMON'!K349 -> 107.36
B61: 5.9 | C61: Suministro e instalación de enchape ceramico para Pisos de Baños | D61: M2 | E61: ='CANT. DE OBRA ADMON'!K359 -> 8.73
B62: 5.10 | C62: Suministro e instalación de enchape ceramico para Muros de Baños | D62: M2 | E62: ='CANT. DE OBRA ADMON'!K369 -> 51.876
C63: Subtotal Items 5
B65: 6 | C65: INSTALACIONES HIDRAULICAS
B66: 6.2 | C66: Suministro e instalación de tanque plastico de almacenamiento 1.000 lt (incluye flotador, accesorios y tuberias para su instalacion y funcionamiento) | D66: U | E66: ='CANT. DE OBRA ADMON'!K376 -> 1
B67: 6.3 | C67: Instalación de puntos hidraulicos 1/2" | D67: U | E67: ='CANT. DE OBRA ADMON'!K383 -> 8
B68: 6.4 | C68: Suministro e Instalación de acometida hidraulica en tuberia de 1/2" | D68: U | E68: ='CANT. DE OBRA ADMON'!K390 -> 16
B69: 6.5 | C69: Suministro e Instalación de acometida hidraulica en tuberia de 3/4" | D69: U | E69: ='CANT. DE OBRA ADMON'!K398 -> 31.2
C70: SUMINISTRO E INSTALACION RED SECA CONTRA INCENDIOS
B71: 6.5 | C71: Suministro e Instalación de extintores | D71: U | E71: ='CANT. DE OBRA ADMON'!K405 -> 1
C72: Subtotal Items 6
B74: 7 | C74: INSTALACIONES SANITARIAS
B75: 7.2 | C75: Suministro e instalación de combo sanitario + accesorios sanitarios | D75: U | E75: ='CANT. DE OBRA ADMON'!K412 -> 4
B76: 7.5 | C76: Instalación de puntos sanitarios de 2" | D76: U | E76: ='CANT. DE OBRA ADMON'!K419 -> 4
B77: 7.6 | C77: Instalación de puntos sanitarios de 3" (incluye sifon) | D77: U | E77: ='CANT. DE OBRA ADMON'!K426 -> 4
B78: 7.7 | C78: Instalación de puntos sanitarios de 4" - Sanitario | D78: U | E78: ='CANT. DE OBRA ADMON'!K433 -> 4
B79: 7.8 | C79: Instalación de puntos sanitarios de 4" - Aguas Lluvias | D79: U | E79: ='CANT. DE OBRA ADMON'!K440 -> 4
B80: 7.9 | C80: Suministro e Instalación de tuberia sanitaria de 2" | D80: ML | E80: ='CANT. DE OBRA ADMON'!K447 -> 6
B81: 7.10 | C81: Suministro e Instalación de tuberia sanitaria de 3" | D81: ML | E81: ='CANT. DE OBRA ADMON'!K454 -> 4
B82: 7.11 | C82: Suministro e instalación de tubería sanitaria de 2" - Tubería de ventilación húmeda | D82: ML | E82: ='CANT. DE OBRA ADMON'!K461 -> 12
B83: 7.12 | C83: Suministro e Instalación de tuberia de pvc 4" - Generales | D83: ML | E83: ='CANT. DE OBRA ADMON'!K471 -> 70.2
B84: 7.13 | C84: Construcción de Registro Sanitario en concreto de 3000 p.s.i. (control y limpieza) | D84: U | E84: ='CANT. DE OBRA ADMON'!K478 -> 5
C85: Subtotal Items 7
B87: 8 | C87: INSTALACIONES ELECTRICAS
B88: 8.2 | C88: Suministro e instalacion de tablero 8 circuitos | D88: U | E88: ='CANT. DE OBRA ADMON'!K485 -> 1
B89: 8.4 | C89: Suministro e Instalación de toma corriente doble | D89: U | E89: ='CANT. DE OBRA ADMON'!K492 -> 20
B90: 8.5 | C90: Suministro e Instalación de interruptor sencillo | D90: U | E90: ='CANT. DE OBRA ADMON'!K499 -> 4
B91: 8.6 | C91: Suministro e Instalación de Salida para luces (incluye lamparas led redondas 18W) | D91: U | E91: ='CANT. DE OBRA ADMON'!K506 -> 16
B92: 8.7 | C92: Suministro e instalación de ventiladores de Giro Horizontal | D92: U | E92: ='CANT. DE OBRA ADMON'!K513 -> 7
B93: 8.8 | C93: Instalación de Puntos electricos 110v (incluye acometida) | D93: UND | E93: ='CANT. DE OBRA ADMON'!K523 -> 46
B94: 8.9 | C94: Instalación de Puntos electricos 220v (incluye acometida) | D94: UND | E94: ='CANT. DE OBRA ADMON'!K531 -> 15
B95: 8.10 | C95: Suministro e Instalación de toma mirada china | D95: UND | E95: ='CANT. DE OBRA ADMON'!K538 -> 7
B96: 8.11 | C96: Suministro e Instalación de lamparas tipo LED - tortuga | D96: UND | E96: ='CANT. DE OBRA ADMON'!K552 -> 6
B97: 8.12 | C97: Suministro e Instalación de Interruptores dobles | D97: UND | E97: ='CANT. DE OBRA ADMON'!K552 -> 6
B98: 8.13 | C98: Suministro e instalacion de aire mini split 2 hp | D98: UND | E98: ='CANT. DE OBRA ADMON'!K559 -> 7
B99: 8.14 | C99: Registro Electrico en concreto de 3000 p.s.i. - Control electrico | D99: UND | E99: ='CANT. DE OBRA ADMON'!K566 -> 1
C100: Subtotal Items 8
B102: 9 | C102: CUBIERTAS
B103: 9.3 | C103: Suministro e instalación de cubierta arquitectonica | D103: M2 | E103: ='CANT. DE OBRA ADMON'!K573 -> 92.96
B104: 9.4 | C104: Impermeabilizacion de Placa de Viga Canal, Incluye Mortero de Nivelacion | D104: M2 | E104: ='CANT. DE OBRA ADMON'!K582 -> 29.643
B105: 9.5 | C105: Suministro e instalación de Correas de cubierta en Perfil de 3" x 1 1/2" Cal. 16 | D105: ML | E105: =16.6*6 -> 99.6
C106: Subtotal Items 9
B108: 10 | C108: CARPINTERIA METALICA
B109: 10.3 | C109: Suministro e instalación de puertas Exteriores en Aluminio TIPO 762 | D109: U | E109: ='CANT. DE OBRA ADMON'!K596 -> 4
B110: 10.4 | C110: Suministro e instalación de puertas en Aluminio | D110: M2 | E110: ='CANT. DE OBRA ADMON'!K603 -> 14
B111: 10.5 | C111: Suministro e instalación de Ventanas en Aluminio | D111: M2 | E111: ='CANT. DE OBRA ADMON'!K612 -> 14.88
B112: 10.15 | C112: Suministro e Instalacion de Porton para acceso Administracion | D112: M2 | E112: ='CANT. DE OBRA ADMON'!K620 -> 8
C113: Subtotal Items 10
B115: 11 | C115: DOTACION Y MOBILIARIO
B116: 11.1 | C116: Suministro e instalación silla Tandem 4 puestos | D116: U | E116: ='CANT. DE OBRA ADMON'!K627 -> 3
...

Sheet CANT. DE OBRA ADMON
A1: EMPRESA SOCIAL DEL ESTADO
A2: HOSPITAL SAN NICOLAS DE TOLENTINO
A3: MUNICIPIO DE PINILLOS BOLIVAR
A4: PROYECTO: ADECUACIÓN Y MANTENIMIENTO DE LA ESE HOSPITAL SAN NICOLÁS DE TOLENTINO EN LA CABECERA MUNICIPAL DE PINILLOS Y LOS PUESTOS DE SALUD DE LOS CORREGIMIENTOS DE LAS CONCHITAS, PALENQUITO, PUERTO LÓPEZ Y SANTA COA, EN EL MUNICIPIO DE PINILLOS - DEPARTAMENTO DE BOLÍVAR
A5: CUADRO DE CANTIDADES DE OBRA
A7: A | B7: HOSPITAL SAN NICOLAS DE TOLENTINO
B8: AREA ADMINISTRATIVA - EDIFICIO NUEVO
A9: ITEM | B9: 1.1 - Localizacion, trazado, replanteo y control topografico de la obra | O9: UNIDAD | P9: M2
B11: LOCALIZACIÓN | D11: Area Irregular m2 | E11: DIMENSIONES | H11: CANTIDAD | I11: CANTIDAD EN M2 | J11: UNIDAD | K11: TOTAL
E12: Largo | F12: Ancho | G12: Alto | K12: ACUMULADO
B13: AREA CONSTRUCCION NUEVA PATIO | D13: 0 | E13: 18 | F13: 12 | G13: 0 | H13: 1 | I13: =E13*F13 -> 216 | J13: M2 | K13: =I13*H13 -> 216
A14: CANTIDAD TOTAL | K14: =SUM(K13:K13) -> 216
A16: ITEM | B16: 1.10 - Demolición de columnas existentes | O16: UNIDAD | P16: ML
B18: LOCALIZACIÓN | D18: Area Irregular m2 | E18: DIMENSIONES | H18: CANTIDAD | I18: CANTIDAD EN U | J18: UNIDAD | K18: TOTAL
E19: Largo | F19: Ancho | G19: Alto | K19: ACUMULADO
B20: COLUMNAS | D20: 0 | E20: 3 | F20: 0 | G20: 0 | H20: 4 | I20: =E20 -> 3 | J20: ML | K20: =I20*H20 -> 12
A21: CANTIDAD TOTAL | K21: =SUM(K20:K20) -> 12
A23: ITEM | B23: 1.11 - Perfilacion y nivelacion del terreno - Manual | O23: UNIDAD | P23: M2
B25: LOCALIZACIÓN | D25: Area Irregular m2 | E25: DIMENSIONES | H25: CANTIDAD | I25: CANTIDAD EN M2 | J25: UNIDAD | K25: TOTAL
E26: Largo | F26: Ancho | G26: Alto | K26: ACUMULADO
B27: AREA CONSTRUCCION NUEVA PATIO | D27: 0 | E27: 18 | F27: 12 | G27: 0 | H27: 1 | I27: =E27*F27 -> 216 | J27: M2 | K27: =I27*H27 -> 216
A28: CANTIDAD TOTAL | K28: =SUM(K27:K27) -> 216
A30: ITEM | B30: 1.9 - Demolición de Muro existente | O30: UNIDAD | P30: M2
B32: LOCALIZACIÓN | D32: Area Irregular m2 | E32: DIMENSIONES | H32: CANTIDAD | I32: CANTIDAD EN M2 | J32: UNIDAD | K32: TOTAL
E33: Largo | F33: Ancho | G33: Alto | K33: ACUMULADO
B34: MURO CERRAMIENTO FRONTAL | D34: 0 | E34: 10.92 | F34: 3 | G34: 0 | H34: 1 | I34: =E34*F34 -> 32.76 | J34: M2 | K34: =I34*H34 -> 32.76
A35: CANTIDAD TOTAL | K35: =SUM(K34:K34) -> 32.76
A37: ITEM | B37: 1.20 - Cargue, transporte y disposición final de material sobrante en sitio autorizado | O37: UNIDAD | P37: M3
B39: LOCALIZACIÓN | D39: volumen de Expansion % | E39: DIMENSIONES | H39: CANTIDAD | I39: CANTIDAD EN M3 | J39: UNIDAD | K39: TOTAL
E40: CANTIDAD M2 | G40: Espesor | K40: ACUMULADO
B41: PERFILACION | D41: 1.3 | E41: =K28 -> 216 | G41: 0.1 | H41: 1 | I41: =E41*G41 -> 21.6 | J41: M3 | K41: =I41*D41 -> 28.08
B42: DEMOLICIONES MUROS | D42: 1.3 | E42: =K35 -> 32.76 | G42: 0.13 | H42: 1 | I42: =E42*G42 -> 4.2588 | J42: M3 | K42: =I42*D42 -> 5.53644
B43: DEMOLICIONES COLUMNAS | D43: 1.3 | E43: =K21*0.3 -> 3.6 | G43: 0.25 | H43: 1 | I43: =E43*G43 -> 0.9 | J43: M3 | K43: =I43*D43 -> 1.17
A44: CANTIDAD TOTAL | K44: =SUM(K41:K43) -> 34.78644
A46: ITEM | B46: 2,1 Excavaciones manuales (No Incluye retiro de material sobrante) | O46: UNIDAD | P46: M3
B48: LOCALIZACIÓN | E48: DIMENSIONES | H48: CANTIDAD | I48: CANTIDAD EN M3 | J48: UNIDAD | K48: TOTAL
E49: Largo | F49: Ancho | G49: Alto | K49: ACUMULADO
B50: ZAPATAS 01 - 1,0 X 1,0 MTS - (COLUMNA TANQUE) | E50: 1 | F50: 1 | G50: 1.2 | H50: 1 | I50: =(E50*F50*G50) -> 1.2 | J50: M3 | K50: =I50*H50 -> 1.2
B51: ZAPATAS 02 - 0,6 X 0,6 MTS - (OBRA) | E51: 0.6 | F51: 0.6 | G51: 0.9 | H51: 22 | I51: =(E51*F51*G51) -> 0.324 | J51: M3 | K51: =I51*H51 -> 7.128
B52: CIMENTACION 01 - 0,30 X 0,30 MTS (OBRA) | E52: 16.56 | F52: 0.3 | G52: 0.3 | H52: 3 | I52: =(E52*F52*G52) -> 1.4904 | J52: M3 | K52: =I52*H52 -> 4.4712
B53: CIMENTACION 01 - 0,30 X 0,30 MTS (OBRA) | E53: 6.11 | F53: 0.3 | G53: 0.3 | H53: 4 | I53: =(E53*F53*G53) -> 0.5499 | J53: M3 | K53: =I53*H53 -> 2.1996
B54: CIMENTACION 01 - 0,30 X 0,30 MTS (OBRA) | E54: 7.41 | F54: 0.3 | G54: 0.3 | H54: 2 | I54: =(E54*F54*G54) -> 0.6669 | J54: M3 | K54: =I54*H54 -> 1.3338
B55: CIMENTACION 01 - 0,30 X 0,30 MTS (OBRA) | E55: 4.66 | F55: 0.3 | G55: 0.3 | H55: 1 | I55: =(E55*F55*G55) -> 0.4194 | J55: M3 | K55: =I55*H55 -> 0.4194
B56: CIMENTACION 02 - 0,25 X 0,25 MTS (CERRAMIENTO) | E56: 5.19 | F56: 0.25 | G56: 0.25 | H56: 1 | I56: =(E56*F56*G56) -> 0.324375 | J56: M3 | K56: =I56*H56 -> 0.324375
B57: CIMENTACION 02 - 0,25 X 0,25 MTS (CERRAMIENTO) | E57: 5 | F57: 0.25 | G57: 0.25 | H57: 2 | I57: =(E57*F57*G57) -> 0.3125 | J57: M3 | K57: =I57*H57 -> 0.625
B58: CIMENTACION 03 - 0,15 X 0,25 MTS (ANDENES) | E58: =29.56+11.97 -> 41.53 | F58: 0.15 | G58: 0.15 | H58: 1 | I58: =(E58*F58*G58) -> 0.934425 | J58: M3 | K58: =I58*H58 -> 0.934425
A59: CANTIDAD TOTAL | K59: =SUM(K50:K58) -> 18.6358
A61: ITEM | B61: 2,2 Relleno con material comun de excavacion (Zapatas) | O61: UNIDAD | P61: M3
B63: LOCALIZACIÓN | D63: DESCUENTO M3 | E63: DIMENSIONES | H63: CANTIDAD | I63: CANTIDAD EN M3 | J63: UNIDAD | K63: TOTAL
E64: Largo | F64: Ancho | G64: Alto | K64: ACUMULADO
B65: ZAPATAS 01 - 1,0 X 1,0 MTS - (COLUMNA TANQUE) | D65: =(0.45*0.45*0.7*H65) -> 0.14175 | E65: 1 | F65: 1 | G65: 0.7 | H65: 1 | I65: =(E65*F65*G65) -> 0.7 | J65: M3 | K65: =(I65*H65)-D65 -> 0.55825
B66: ZAPATAS 02 - 0,6 X 0,6 MTS - (OBRA) | D66: =(0.25*0.25*0.5*H66) -> 0.6875 | E66: 0.6 | F66: 0.6 | G66: 0.5 | H66: 22 | I66: =(E66*F66*G66) -> 0.18 | J66: M3 | K66: =(I66*H66)-D66 -> 3.2725
A67: CANTIDAD TOTAL | K67: =SUM(K65:K66) -> 3.83075
A69: ITEM | B69: 2,3 Relleno con material granular transportado compactado al 90%, Manual- (Relleno para Nivelacion de Terreno de Proyecto) | O69: UNIDAD | P69: M3
B71: LOCALIZACIÓN | D71: DIMENSIONES | H71: CANTIDAD | I71: CANTIDAD EN M3 | J71: DESC M3 ESTRUCTURAS | K71: UNIDAD | L71: TOTAL
D72: Area M2 | E72: Largo | F72: Ancho | G72: Alto | L72: ACUMULADO
B73: AREA CONSTRUCCION NUEVA PATIO | D73: 0 | E73: 19 | F73: 12 | G73: 0.18 | H73: 1 | I73: =E73*F73*G73 -> 41.04 | J73: 0 | K73: M3 | L73: =I73*H73 -> 41.04
B74: ZAPATAS 01 - 1,0 X 1,0 MTS - (COLUMNA TANQUE) | D74: 0 | E74: 1 | F74: 1 | G74: 0.1 | H74: 1 | I74: =E74*F74*G74 -> 0.1 | J74: 0 | K74: M3 | L74: =H74*I74 -> 0.1
B75: ZAPATAS 02 - 0,6 X 0,6 MTS - (OBRA) | D75: 0 | E75: 0.6 | F75: 0.6 | G75: 0.1 | H75: 22 | I75: =E75*F75*G75 -> 0.036 | J75: 0 | K75: M3 | L75: =H75*I75 -> 0.792
A76: CANTIDAD TOTAL | L76: =SUM(L73:L75) -> 41.932
A78: ITEM | B78: 2,5 - Cargue, transporte y disposición final de material sobrante en sitio autorizado | O78: UNIDAD | P78: M3
B80: LOCALIZACIÓN | D80: volumen de Expansion % | E80: DIMENSIONES | H80: CANTIDAD | I80: CANTIDAD EN M3 | J80: UNIDAD | K80: TOTAL
E81: Largo | F81: Ancho | G81: Alto | K81: ACUMULADO
B82: MATERIAL DE EXCAVACIONES MANUALES | D82: 1.3 | E82: 0 | F82: 0 | G82: 0 | H82: 1 | I82: =K59-K67 -> 14.80505 | J82: M2 | K82: =I82*D82 -> 19.246565
A83: CANTIDAD TOTAL | K83: =SUM(K82:K82) -> 19.246565
A85: ITEM | B85: 3,1 Solado en concreto pobre 1500 p.s.i. (Estructura de Zapatas) | O85: UNIDAD | P85: M3
B87: LOCALIZACIÓN | E87: DIMENSIONES | H87: CANTIDAD | I87: CANTIDAD EN M3 | J87: UNIDAD | K87: TOTAL
E88: Largo | F88: Ancho | G88: Alto | K88: ACUMULADO
B89: ZAPATAS 01 - 1,0 X 1,0 MTS - (COLUMNA TANQUE) | E89: 1 | F89: 1 | G89: 0.05 | H89: 1 | I89: =(E89*F89*G89) -> 0.05 | J89: M3 | K89: =I89*H89 -> 0.05
B90: ZAPATAS 02 - 0,6 X 0,6 MTS - (OBRA) | E90: 0.6 | F90: 0.6 | G90: 0.05 | H90: 22 | I90: =(E90*F90*G90) -> 0.018 | J90: M3 | K90: =I90*H90 -> 0.396
A91: CANTIDAD TOTAL | K91: =SUM(K89:K90) -> 0.446
A93: ITEM | B93: 3,2 Construcción de Zapatas en concreto 3000 p.s.i. modulacion 1,00 mts x 1,00 mts x alto 0,30 mts, incluye acero: en ambos sentidos de 1/2" cada 0,18 mts | O93: UNIDAD | P93: U
B95: LOCALIZACIÓN | E95: DIMENSIONES | H95: CANTIDAD | I95: CANTIDAD EN U | J95: UNIDAD | K95: TOTAL
E96: Largo | F96: Ancho | G96: Alto | K96: ACUMULADO
B97: ZAPATAS 03 - 1,0 X 1,0 MTS - (COLUMNA TANQUE) | E97: 1 | F97: 1 | G97: 0.3 | H97: 1 | I97: 1 | J97: U | K97: =I97*H97 -> 1
A98: CANTIDAD TOTAL | K98: =SUM(K97:K97) -> 1
A100: ITEM | B100: 3,4 Construcción de Zapatas en concreto 3000 p.s.i. modulacion 0,60 mts x 0,60 mts x alto 0,25 mts, incluye acero: en ambos sentidos de 1/2" cada 0,18 mts | O100: UNIDAD | P100: U
B102: LOCALIZACIÓN | E102: DIMENSIONES | H102: CANTIDAD | I102: CANTIDAD EN U | J102: UNIDAD | K102: TOTAL
E103: Largo | F103: Ancho | G103: Alto | K103: ACUMULADO
B104: ZAPATAS 02 - 0,6 X 0,6 MTS - (OBRA) | E104: 0.6 | F104: 0.6 | G104: 0.25 | H104: 22 | I104: 1 | J104: U | K104: =I104*H104 -> 22
A105: CANTIDAD TOTAL | K105: =SUM(K104:K104) -> 22
A107: ITEM | B107: 3,5 Construcción de Viga de Cimentacion en concreto de 3000 p.s.i, modulacion 0,30 mts x 0,30 mts, incluye acero: longitudinal 6 1/2" - Estnbos 3/8" cada 0,20 mts | O107: UNIDAD | P107: M
B109: LOCALIZACIÓN | E109: DIMENSIONES | H109: CANTIDAD | I109: CANTIDAD EN M | J109: UNIDAD | K109: TOTAL
E110: Largo | F110: Ancho | G110: Alto | K110: ACUMULADO
B111: CIMENTACION 01 - 0,30 X 0,30 MTS (OBRA) | E111: 16.56 | F111: 0.3 | G111: 0.3 | H111: 3 | I111: =E111 -> 16.56 | J111: M | K111: =I111*H111 -> 49.68
B112: CIMENTACION 01 - 0,30 X 0,30 MTS (OBRA) | E112: 6.11 | F112: 0.3 | G112: 0.3 | H112: 4 | I112: =E112 -> 6.11 | J112: M | K112: =I112*H112 -> 24.44
B113: CIMENTACION 01 - 0,30 X 0,30 MTS (OBRA) | E113: 7.41 | F113: 0.3 | G113: 0.3 | H113: 2 | I113: =E113 -> 7.41 | J113: M | K113: =I113*H113 -> 14.82
B114: CIMENTACION 01 - 0,30 X 0,30 MTS (OBRA) | E114: 4.66 | F114: 0.3 | G114: 0.3 | H114: 1 | I114: =E114 -> 4.66 | J114: M | K114: =I114*H114 -> 4.66
A115: CANTIDAD TOTAL | K115: =SUM(K111:K114) -> 93.6
A117: ITEM | B117: 3,6 Construcción de Viga de Cimentacion en concreto de 3000 p.s.i, modulacion 0,25 mts x 0,25 mts, incluye acero: longitudinal 4 3/8" - Estnbos 3/8" cada 0,15 mts | O117: UNIDAD | P117: M
B119: LOCALIZACIÓN | E119: DIMENSIONES | H119: CANTIDAD | I119: CANTIDAD EN M | J119: UNIDAD | K119: TOTAL
E120: Largo | F120: Ancho | G120: Alto | K120: ACUMULADO
B121: CIMENTACION 02 - 0,25 X 0,25 MTS (CERRAMIENTO) | E121: 5.19 | F121: 0.25 | G121: 0.25 | H121: 1 | I121: =E121 -> 5.19 | J121: M | K121: =I121*H121 -> 5.19
B122: CIMENTACION 02 - 0,25 X 0,25 MTS (CERRAMIENTO) | E122: 5 | F122: 0.25 | G122: 0.25 | H122: 2 | I122: =E122 -> 5 | J122: M | K122: =I122*H122 -> 10
A123: CANTIDAD TOTAL | K123: =SUM(K121:K122) -> 15.19
A125: ITEM | B125: 3,7 Construcción de Pedestal en concreto de 3000 p.s.i, modulacion 0,45 mts x 0,45 mts, incluye acero: longitudinal 8 Fe= 5/8" - Estnbos 3/8" cada 0,10 mts | O125: UNIDAD | P125: M
B127: LOCALIZACIÓN | E127: DIMENSIONES | H127: CANTIDAD | I127: CANTIDAD EN M | J127: UNIDAD | K127: TOTAL
E128: Largo | F128: Ancho | G128: Alto | K128: ACUMULADO
B129: PEDESTAL COLUMNA TANQUE | E129: 1.5 | F129: 0.45 | G129: 0.45 | H129: 1 | I129: =E129 -> 1.5 | J129: M | K129: =I129*H129 -> 1.5
A130: CANTIDAD TOTAL | K130: =SUM(K129:K129) -> 1.5
...

Sheet CANT. DE OBRA SIAU
A1: EMPRESA SOCIAL DEL ESTADO
A2: HOSPITAL SAN NICOLAS DE TOLENTINO
A3: MUNICIPIO DE PINILLOS BOLIVAR
A4: PROYECTO: ADECUACIÓN Y MANTENIMIENTO DE LA ESE HOSPITAL SAN NICOLÁS DE TOLENTINO EN LA CABECERA MUNICIPAL DE PINILLOS Y LOS PUESTOS DE SALUD DE LOS CORREGIMIENTOS DE LAS CONCHITAS, PALENQUITO, PUERTO LÓPEZ Y SANTA COA, EN EL MUNICIPIO DE PINILLOS - DEPARTAMENTO DE BOLÍVAR
A5: CUADRO DE CANTIDADES DE OBRA
A7: A | B7: HOSPITAL SAN NICOLAS DE TOLENTINO
B8: ADECUACIONES HOSPITAL - SISTEMA DE INFORMACION Y ATENCION AL USUARIO - SIAU
A9: ITEM | B9: 1.1 - Localizacion, trazado, replanteo y control topografico de la obra | O9: UNIDAD | P9: M2
B11: LOCALIZACIÓN | D11: Area Irregular m2 | E11: DIMENSIONES | H11: CANTIDAD | I11: CANTIDAD EN M2 | J11: UNIDAD | K11: TOTAL
E12: Largo | F12: Ancho | G12: Alto | K12: ACUMULADO
B13: AREA TERRAZA INTERNA | D13: 0 | E13: 11.14 | F13: 7.04 | G13: 0 | H13: 1 | I13: =E13*F13 -> 78.4256 | J13: M2 | K13: =I13*H13 -> 78.4256
A14: CANTIDAD TOTAL | K14: =SUM(K13:K13) -> 78.4256
A16: ITEM | B16: 1.9 - Demolición de plantilla existente | O16: UNIDAD | P16: M2
B18: LOCALIZACIÓN | D18: Area Irregular m2 | E18: DIMENSIONES | H18: CANTIDAD | I18: CANTIDAD EN M2 | J18: UNIDAD | K18: TOTAL
E19: Largo | F19: Ancho | G19: Alto | K19: ACUMULADO
B20: AREA TERRAZA INTERNA | D20: 0 | E20: 11.14 | F20: 7.04 | G20: 0 | H20: 1 | I20: =E20*F20 -> 78.4256 | J20: M2 | K20: =I20*H20 -> 78.4256
A21: CANTIDAD TOTAL | K21: =SUM(K20:K20) -> 78.4256
A23: ITEM | B23: 1.11 - Perfilacion y nivelacion del terreno - Manual | O23: UNIDAD | P23: M2
B25: LOCALIZACIÓN | D25: Area Irregular m2 | E25: DIMENSIONES | H25: CANTIDAD | I25: CANTIDAD EN M2 | J25: UNIDAD | K25: TOTAL
E26: Largo | F26: Ancho | G26: Alto | K26: ACUMULADO
B27: AREA TERRAZA INTERNA | D27: 0 | E27: 11.14 | F27: 7.04 | G27: 0 | H27: 1 | I27: =E27*F27 -> 78.4256 | J27: M2 | K27: =I27*H27 -> 78.4256
A28: CANTIDAD TOTAL | K28: =SUM(K27:K27) -> 78.4256
A30: ITEM | B30: 1.14 - Demolición de Muro existente | O30: UNIDAD | P30: M2
B32: LOCALIZACIÓN | D32: Area Irregular m2 | E32: DIMENSIONES | H32: CANTIDAD | I32: CANTIDAD EN M2 | J32: UNIDAD | K32: TOTAL
E33: Largo | F33: Ancho | G33: Alto | K33: ACUMULADO
B34: AREA TERRAZA INTERNA | D34: 0 | E34: 33.12 | F34: 0.5 | G34: 0 | H34: 2 | I34: =E34*F34 -> 16.56 | J34: M2 | K34: =I34*H34 -> 33.12
A35: CANTIDAD TOTAL | K35: =SUM(K34:K34) -> 33.12
A37: ITEM | B37: 1.15 - Demolición de Ceramica existente | O37: UNIDAD | P37: M2
B39: LOCALIZACIÓN | D39: Area Irregular m2 | E39: DIMENSIONES | H39: CANTIDAD | I39: CANTIDAD EN M2 | J39: UNIDAD | K39: TOTAL
E40: Largo | F40: Ancho | G40: Alto | K40: ACUMULADO
B41: AREA TERRAZA INTERNA | D41: 0 | E41: 11.14 | F41: 7.04 | G41: 0 | H41: 1 | I41: =E41*F41 -> 78.4256 | J41: M2 | K41: =I41*H41 -> 78.4256
A42: CANTIDAD TOTAL | K42: =SUM(K41:K41) -> 78.4256
A44: ITEM | B44: 1.20 - Cargue, transporte y disposición final de material sobrante en sitio autorizado | O44: UNIDAD | P44: M3
B46: LOCALIZACIÓN | D46: volumen de Expansion % | E46: DIMENSIONES | H46: CANTIDAD | I46: CANTIDAD EN M3 | J46: UNIDAD | K46: TOTAL
E47: CANTIDAD M2 | G47: Espesor | K47: ACUMULADO
B48: PERFILACION | D48: 1.3 | E48: =K28 -> 78.4256 | G48: 0.1 | H48: 1 | I48: =E48*G48 -> 7.84256 | J48: M3 | K48: =I48*D48 -> 10.195328
B49: DEMOLICIONES MUROS | D49: 1.3 | E49: =K35 -> 33.12 | G49: 0.13 | H49: 1 | I49: =E49*G49 -> 4.3056 | J49: M3 | K49: =I49*D49 -> 5.59728
B50: DEMOLICIONES CERAMICA | D50: 1.3 | E50: =K35 -> 33.12 | G50: 0.05 | H50: 1 | I50: =E50*G50 -> 1.656 | J50: M3 | K50: =I50*D50 -> 2.1528
A51: CANTIDAD TOTAL | K51: =SUM(K48:K50) -> 17.945408
A53: ITEM | B53: 2,1 Excavaciones manuales (No Incluye retiro de material sobrante) | O53: UNIDAD | P53: M3
B55: LOCALIZACIÓN | E55: DIMENSIONES | H55: CANTIDAD | I55: CANTIDAD EN M3 | J55: UNIDAD | K55: TOTAL
E56: Largo | F56: Ancho | G56: Alto | K56: ACUMULADO
B57: ZAPATAS 01 - 0,4 X 0,4 MTS - (OBRA SIAU) | E57: 0.4 | F57: 0.4 | G57: 0.9 | H57: 4 | I57: =(E57*F57*G57) -> 0.144 | J57: M3 | K57: =I57*H57 -> 0.576
B58: CIMENTACION 01 - 0,25 X 0,25 MTS (OBRA SIAU) | E58: 3 | F58: 0.25 | G58: 0.25 | H58: 4 | I58: =(E58*F58*G58) -> 0.1875 | J58: M3 | K58: =I58*H58 -> 0.75
A59: CANTIDAD TOTAL | K59: =SUM(K57:K58) -> 1.326
A61: ITEM | B61: 2,2 Relleno con material comun de excavacion (Zapatas) | O61: UNIDAD | P61: M3
B63: LOCALIZACIÓN | D63: DESCUENTO M3 | E63: DIMENSIONES | H63: CANTIDAD | I63: CANTIDAD EN M3 | J63: UNIDAD | K63: TOTAL
E64: Largo | F64: Ancho | G64: Alto | K64: ACUMULADO
B65: ZAPATAS 01 - 0,4 X 0,4 MTS - (OBRA SIAU) | D65: =(0.25*0.25*0.4*H65) -> 0.1 | E65: 0.4 | F65: 0.4 | G65: 0.4 | H65: 4 | I65: =(E65*F65*G65) -> 0.064 | J65: M3 | K65: =(I65*H65)-D65 -> 0.156
A66: CANTIDAD TOTAL | K66: =SUM(K65:K65) -> 0.156
A68: ITEM | B68: 2,3 Relleno con material granular transportado compactado al 90%, Manual- (Relleno para Nivelacion de Terreno de Proyecto) | O68: UNIDAD | P68: M3
B70: LOCALIZACIÓN | D70: DIMENSIONES | H70: CANTIDAD | I70: CANTIDAD EN M3 | J70: DESC M3 ESTRUCTURAS | K70: UNIDAD | L70: TOTAL
D71: Area M2 | E71: Largo | F71: Ancho | G71: Alto | L71: ACUMULADO
B72: AREA TERRAZA INTERNA | D72: 0 | E72: 11.14 | F72: 7.04 | G72: 0.15 | H72: 1 | I72: =E72*F72*G72 -> 11.76384 | J72: 0 | K72: M3 | L72: =I72*H72 -> 11.76384
B73: ZAPATAS 01 - 0,4 X 0,4 MTS - (OBRA SIAU) | D73: 0 | E73: 0.4 | F73: 0.4 | G73: 0.1 | H73: 4 | I73: =E73*F73*G73 -> 0.016 | J73: 0 | K73: M3 | L73: =H73*I73 -> 0.064
A74: CANTIDAD TOTAL | L74: =SUM(L72:L73) -> 11.82784
A76: ITEM | B76: 2,5 - Cargue, transporte y disposición final de material sobrante en sitio autorizado | O76: UNIDAD | P76: M3
B78: LOCALIZACIÓN | D78: volumen de Expansion % | E78: DIMENSIONES | H78: CANTIDAD | I78: CANTIDAD EN M3 | J78: UNIDAD | K78: TOTAL
E79: Largo | F79: Ancho | G79: Alto | K79: ACUMULADO
B80: MATERIAL DE EXCAVACIONES MANUALES | D80: 1.3 | E80: 0 | F80: 0 | G80: 0 | H80: 1 | I80: =K59-K66 -> 1.17 | J80: M2 | K80: =I80*D80 -> 1.521
A81: CANTIDAD TOTAL | K81: =SUM(K80:K80) -> 1.521
A83: ITEM | B83: 3,1 Solado en concreto pobre 1500 p.s.i. (Estructura de Zapatas) | O83: UNIDAD | P83: M3
B85: LOCALIZACIÓN | E85: DIMENSIONES | H85: CANTIDAD | I85: CANTIDAD EN M3 | J85: UNIDAD | K85: TOTAL
E86: Largo | F86: Ancho | G86: Alto | K86: ACUMULADO
B87: ZAPATAS 01 - 0,4 X 0,4 MTS - (OBRA SIAU) | E87: 0.4 | F87: 0.4 | G87: 0.05 | H87: 4 | I87: =(E87*F87*G87) -> 0.008 | J87: M3 | K87: =I87*H87 -> 0.032
A88: CANTIDAD TOTAL | K88: =SUM(K87) -> 0.032
A90: ITEM | B90: 3,3 Construcción de Zapatas en concreto 3000 p.s.i. modulacion 0,40 mts x 0,40 mts x alto 0,25 mts, incluye acero: en ambos sentidos de 1/2" cada 0,18 mts | O90: UNIDAD | P90: U
B92: LOCALIZACIÓN | E92: DIMENSIONES | H92: CANTIDAD | I92: CANTIDAD EN U | J92: UNIDAD | K92: TOTAL
E93: Largo | F93: Ancho | G93: Alto | K93: ACUMULADO
B94: ZAPATAS 01 - 0,4 X 0,4 MTS - (OBRA SIAU) | E94: 0.4 | F94: 0.4 | G94: 0.25 | H94: 4 | I94: 1 | J94: U | K94: =I94*H94 -> 4
A95: CANTIDAD TOTAL | K95: =SUM(K94:K94) -> 4
A97: ITEM | B97: 3,5 Construcción de Viga de Cimentacion en concreto de 3000 p.s.i, modulacion 0,25 mts x 0,25 mts, incluye acero: longitudinal 4 3/8" - Estnbos 3/8" cada 0,15 mts | O97: UNIDAD | P97: M
B99: LOCALIZACIÓN | E99: DIMENSIONES | H99: CANTIDAD | I99: CANTIDAD EN M | J99: UNIDAD | K99: TOTAL
E100: Largo | F100: Ancho | G100: Alto | K100: ACUMULADO
B101: CIMENTACION 01 - 0,25 X 0,25 MTS (OBRA SIAU) | E101: 3 | F101: 0.25 | G101: 0.25 | H101: 4 | I101: =E101 -> 3 | J101: M | K101: =I101*H101 -> 12
A102: CANTIDAD TOTAL | K102: =SUM(K101:K101) -> 12
A104: ITEM | B104: 3,8 Construcción de Columnas en concreto de 3000 p.s.i, modulacion 0,20 mts x 0,25 mts, incluye acero: longitudinal 4 Fe= 3/8" - Estnbos 3/8" cada 0,15 mts | O104: UNIDAD | P104: M
B106: LOCALIZACIÓN | E106: DIMENSIONES | H106: CANTIDAD | I106: CANTIDAD EN M | J106: UNIDAD | K106: TOTAL
E107: Largo | F107: Ancho | G107: Alto | K107: ACUMULADO
B108: COLUMNAS - 0,25 X 0,25 MTS (OBRA SIAU) | E108: 3 | F108: 0.2 | G108: 0.25 | H108: 4 | I108: =E108 -> 3 | J108: M | K108: =I108*H108 -> 12
A109: CANTIDAD TOTAL | K109: =SUM(K108:K108) -> 12
A111: ITEM | B111: 3,10 Construcción de Viga Amarre en concreto 3000 p.s.i. 0.10 X 0.25 mts - 3 Fe= 3/8" - Estribos y ganchos Fe= 3/8 C/. 0,20 mts | O111: UNIDAD | P111: M
B113: LOCALIZACIÓN | E113: DIMENSIONES | H113: CANTIDAD | I113: CANTIDAD EN M | J113: UNIDAD | K113: TOTAL
E114: Largo | F114: Ancho | G114: Alto | K114: ACUMULADO
B115: VIGA AMARRE 01 - 0,25 X 0,25 MTS ((OBRA SIAU) | E115: 3 | F115: 0.25 | G115: 0.25 | H115: 4 | I115: =E115 -> 3 | J115: M | K115: =I115*H115 -> 12
A116: CANTIDAD TOTAL | K116: =SUM(K115:K115) -> 12
A118: ITEM | B118: 3,13 Construcción de Plantilla para pisos esp. 0,10 mts en concreto 3000 p.s.i. - Fe=1/4" temperatura Cada 0.40 mts ambos sentidos | O118: UNIDAD | P118: M2
B120: LOCALIZACIÓN | D120: Area irregular M2 | E120: DIMENSIONES | H120: CANTIDAD | I120: CANTIDAD EN M2 | J120: UNIDAD | K120: TOTAL
E121: Largo | F121: Ancho | G121: Alto | K121: ACUMULADO
B122: AREA SIAU | D122: 0 | E122: 11.14 | F122: 7.04 | G122: 0.1 | H122: 1 | I122: =E122*F122 -> 78.4256 | J122: M2 | K122: =I122*H122 -> 78.4256
A123: CANTIDAD TOTAL | K123: =SUM(K122:K122) -> 78.4256
A125: ITEM | B125: 3,18 Construcción de Sobre-cimentacion con Muro en Bloque No 6 relleno en concreto de 3000 p.s.i. | O125: UNIDAD | P125: M2
B127: LOCALIZACIÓN | D127: Area irregular M2 | E127: DIMENSIONES | H127: CANTIDAD | I127: CANTIDAD EN M2 | J127: UNIDAD | K127: TOTAL
E128: Largo | F128: Ancho | G128: Alto | K128: ACUMULADO
B129: AREA SIAU | D129: 0 | E129: 3 | F129: 0.15 | G129: 0.2 | H129: 4 | I129: =G129*E129 -> 0.6 | J129: M2 | K129: =I129*H129 -> 2.4
A130: CANTIDAD TOTAL | K130: =SUM(K129:K129) -> 2.4
A132: ITEM | B132: 3,19 Construcción de Viga Canal en concreto 3000 p.s.i. espesor 10 cms, incluye acero: ambos sentidos de 1/2" cada 0,15 mts. | O132: UNIDAD | P132: M2
B134: LOCALIZACIÓN | D134: Area irregular M2 | E134: DIMENSIONES | H134: CANTIDAD | I134: CANTIDAD EN M2 | J134: UNIDAD | K134: TOTAL
E135: Largo | F135: Ancho | G135: Alto | K135: ACUMULADO
B136: PLACA MODULO ATENCION | E136: 3 | F136: 3 | G136: 0.1 | H136: 1 | I136: =F136*E136 -> 9 | J136: M2 | K136: =I136*H136 -> 9
...

Sheet CANT. DE OBRA HOSPITAL GENERAL
A1: EMPRESA SOCIAL DEL ESTADO
A2: HOSPITAL SAN NICOLAS DE TOLENTINO
A3: MUNICIPIO DE PINILLOS BOLIVAR
A4: PROYECTO: ADECUACIÓN Y MANTENIMIENTO DE LA ESE HOSPITAL SAN NICOLÁS DE TOLENTINO EN LA CABECERA MUNICIPAL DE PINILLOS Y LOS PUESTOS DE SALUD DE LOS CORREGIMIENTOS DE LAS CONCHITAS, PALENQUITO, PUERTO LÓPEZ Y SANTA COA, EN EL MUNICIPIO DE PINILLOS - DEPARTAMENTO DE BOLÍVAR
A5: CUADRO DE CANTIDADES DE OBRA
A7: A | B7: HOSPITAL SAN NICOLAS DE TOLENTINO
B8: ADECUACIONES HOSPITAL - GENERALES
A10: ITEM | B10: 1.3 - Desmonte de cielo raso existente | O10: UNIDAD | P10: M2
B12: LOCALIZACIÓN | D12: Area Irregular m2 | E12: DIMENSIONES | H12: CANTIDAD | I12: CANTIDAD EN M2 | J12: UNIDAD | K12: TOTAL
E13: Largo | F13: Ancho | G13: Alto | K13: ACUMULADO
A14: A | B14: GENERALES
B15: AREA IRREGULAR CIELO RASO | D15: 28 | E15: 0 | F15: 0 | G15: 0.03 | H15: 1 | I15: =D15 -> 28 | J15: M2 | K15: =I15*H15 -> 28
A16: B | B16: AREA NUEVA HOSPÌTALIZACION
B17: AREA IRREGULAR CIELO RASO | D17: 44.51 | E17: 0 | F17: 0 | G17: 0.03 | H17: 1 | I17: =D17 -> 44.51 | J17: M2 | K17: =I17*H17 -> 44.51
A18: CANTIDAD TOTAL | K18: =SUM(K15:K17) -> 72.51
A20: ITEM | B20: 1.14 - Demolición de Muro existente | O20: UNIDAD | P20: M2
B22: LOCALIZACIÓN | D22: Area Irregular m2 | E22: DIMENSIONES | H22: CANTIDAD | I22: CANTIDAD EN M2 | J22: UNIDAD | K22: TOTAL
E23: Largo | F23: Ancho | G23: Alto | K23: ACUMULADO
A24: A | B24: GENERALES
B25: MUROS CERRAMIENTO | D25: 0 | E25: =31.5+10.26 -> 41.76 | F25: 0 | G25: 2 | H25: 1 | I25: =G25*E25 -> 83.52 | J25: M2 | K25: =I25*H25 -> 83.52
A26: B | B26: AREA NUEVA HOSPÌTALIZACION
B27: AREA IRREGULAR MUROS | D27: 22.12 | E27: 0 | F27: 0 | G27: 0.13 | H27: 1 | I27: =D27 -> 22.12 | J27: M2 | K27: =I27*H27 -> 22.12
A28: C | B28: AREA ESTAR MEDICO
B29: AREA IRREGULAR MUROS | D29: 6 | E29: 0 | F29: 0 | G29: 0.13 | H29: 1 | I29: =D29 -> 6 | J29: M2 | K29: =I29*H29 -> 6
A30: CANTIDAD TOTAL | K30: =SUM(K25:K29) -> 111.64
A32: ITEM | B32: 1.15 - Demolición de Ceramica existente | O32: UNIDAD | P32: M2
B34: LOCALIZACIÓN | D34: Area Irregular m2 | E34: DIMENSIONES | H34: CANTIDAD | I34: CANTIDAD EN M2 | J34: UNIDAD | K34: TOTAL
E35: Largo | F35: Ancho | G35: Alto | K35: ACUMULADO
A36: A | B36: GENERALES
B37: AREA IRREGULAR CERAMICA | D37: 67.5 | E37: 0 | F37: 0 | G37: 0 | H37: 1 | I37: =D37 -> 67.5 | J37: M2 | K37: =I37*H37 -> 67.5
A38: CANTIDAD TOTAL | K38: =SUM(K37:K37) -> 67.5
A40: ITEM | B40: 1.17 - Desmonte de Puertas existentes | O40: UNIDAD | P40: U
B42: LOCALIZACIÓN | E42: DIMENSIONES | H42: CANTIDAD | I42: CANTIDAD EN U | J42: UNIDAD | K42: TOTAL
E43: Largo | F43: Ancho | G43: Alto | K43: ACUMULADO
A44: A | B44: GENERALES
B45: HOSPITALIZACION | E45: 1 | F45: 0 | G45: 2 | H45: 1 | I45: 1 | J45: U | K45: =I45*H45 -> 1
B46: ESTAR EMFERMERIA | E46: 1 | F46: 0 | G46: 2 | H46: 1 | I46: 1 | J46: U | K46: =I46*H46 -> 1
B47: SALA DE PROCEDIMIENTO | E47: 1 | F47: 0 | G47: 2 | H47: 1 | I47: 1 | J47: U | K47: =I47*H47 -> 1
B48: SALA DE ESPERA URGENCIA | E48: 1 | F48: 0 | G48: 2 | H48: 1 | I48: 1 | J48: U | K48: =I48*H48 -> 1
B49: ALMACEN | E49: 1 | F49: 0 | G49: 2 | H49: 1 | I49: 1 | J49: U | K49: =I49*H49 -> 1
B50: CUARTO HOSPITALIZACION | E50: 1 | F50: 0 | G50: 2 | H50: 1 | I50: 1 | J50: U | K50: =I50*H50 -> 1
A51: B | B51: AREA NUEVA HOSPÌTALIZACION
B52: PUERTAS | E52: 1 | F52: 0 | G52: 2 | H52: 2 | I52: 1 | J52: U | K52: =I52*H52 -> 2
A53: CANTIDAD TOTAL | K53: =SUM(K45:K52) -> 8
A55: ITEM | B55: 1.18 - Desmonte de Ventanas existentes | O55: UNIDAD | P55: U
B57: LOCALIZACIÓN | E57: DIMENSIONES | H57: CANTIDAD | I57: CANTIDAD EN U | J57: UNIDAD | K57: TOTAL
E58: Largo | F58: Ancho | G58: Alto | K58: ACUMULADO
A59: C | B59: AREA ESTAR MEDICO
B60: VENTANAS 1 | E60: 2 | F60: 0 | G60: 1 | H60: 1 | I60: 1 | J60: U | K60: =I60*H60 -> 1
A61: CANTIDAD TOTAL | K61: =SUM(K60:K60) -> 1
A63: ITEM | B63: 1.19 - Demolición de Meson Existente | O63: UNIDAD | P63: U
B65: LOCALIZACIÓN | E65: DIMENSIONES | H65: CANTIDAD | I65: CANTIDAD EN U | J65: UNIDAD | K65: TOTAL
E66: Largo | F66: Ancho | G66: Alto | K66: ACUMULADO
A67: C | B67: AREA ESTAR MEDICO
B68: MESON EXISTENTE | E68: 0 | F68: 0 | G68: 0 | H68: 1 | I68: 1 | J68: U | K68: =I68*H68 -> 1
A69: CANTIDAD TOTAL | K69: =SUM(K68:K68) -> 1
A71: ITEM | B71: 1.20 - Cargue, transporte y disposición final de material sobrante en sitio autorizado | O71: UNIDAD | P71: M3
B73: LOCALIZACIÓN | D73: volumen de Expansion % | E73: DIMENSIONES | H73: CANTIDAD | I73: CANTIDAD EN M3 | J73: UNIDAD | K73: TOTAL
E74: CANTIDAD M2 | G74: Espesor | K74: ACUMULADO
B75: CIELO RASO | D75: 1.3 | E75: =K18 -> 72.51 | G75: 0.03 | H75: 1 | I75: =E75*G75 -> 2.1753 | J75: M3 | K75: =I75*D75 -> 2.82789
B76: DEMOLICIONES MUROS | D76: 1.3 | E76: =K30 -> 111.64 | G76: 0.13 | H76: 1 | I76: =E76*G76 -> 14.5132 | J76: M3 | K76: =I76*D76 -> 18.86716
B77: DEMOLICIONES CERAMICA | D77: 1.3 | E77: =K38 -> 67.5 | G77: 0.05 | H77: 1 | I77: =E77*G77 -> 3.375 | J77: M3 | K77: =I77*D77 -> 4.3875
B78: DEMOLICIONES MESON | D78: 1.3 | E78: 3 | G78: 0.1 | H78: 1 | I78: =E78*G78 -> 0.3 | J78: M3 | K78: =I78*D78 -> 0.39
A79: CANTIDAD TOTAL | K79: =SUM(K75:K77) -> 26.08255
A81: ITEM | B81: 2,1 Excavaciones manuales (No Incluye retiro de material sobrante) | O81: UNIDAD | P81: M3
B83: LOCALIZACIÓN | E83: DIMENSIONES | H83: CANTIDAD | I83: CANTIDAD EN M3 | J83: UNIDAD | K83: TOTAL
E84: Largo | F84: Ancho | G84: Alto | K84: ACUMULADO
A85: A | B85: GENERALES
B86: ZAPATAS 01 - 0,40 X 0,40 MTS - (CERRAMIENTO) | E86: 0.4 | F86: 0.4 | G86: 0.9 | H86: 14 | I86: =(E86*F86*G86) -> 0.144 | J86: M3 | K86: =I86*H86 -> 2.016
B87: CIMENTACION 01 - 0,25 X 0,25 MTS (CERRAMIENTO) | E87: =31.5+10.26 -> 41.76 | F87: 0.25 | G87: 0.25 | H87: 1 | I87: =(E87*F87*G87) -> 2.61 | J87: M3 | K87: =I87*H87 -> 2.61
A88: B | B88: AREA NUEVA HOSPÌTALIZACION
B89: CIMENTACION 01 - 0,25 X 0,25 MTS (OBRA) | E89: 13.5 | F89: 0.25 | G89: 0.25 | H89: 1 | I89: =(E89*F89*G89) -> 0.84375 | J89: M3 | K89: =I89*H89 -> 0.84375
A90: C | B90: AREA ESTAR MEDICO
B91: CIMENTACION 01 - 0,25 X 0,25 MTS (OBRA) | E91: 6 | F91: 0.25 | G91: 0.25 | H91: 1 | I91: =(E91*F91*G91) -> 0.375 | J91: M3 | K91: =I91*H91 -> 0.375
A92: CANTIDAD TOTAL | K92: =SUM(K86:K91) -> 5.84475
A94: ITEM | B94: 2,2 Relleno con material comun de excavacion (Zapatas) | O94: UNIDAD | P94: M3
B96: LOCALIZACIÓN | D96: DESCUENTO M3 | E96: DIMENSIONES | H96: CANTIDAD | I96: CANTIDAD EN M3 | J96: UNIDAD | K96: TOTAL
E97: Largo | F97: Ancho | G97: Alto | K97: ACUMULADO
A98: A | B98: GENERALES
B99: ZAPATAS 01 - 0,40 X 0,40 MTS - (CERRAMIENTO) | D99: =(0.25*0.25*0.4*H99) -> 0.35 | E99: 0.4 | F99: 0.4 | G99: 0.4 | H99: 14 | I99: =(E99*F99*G99) -> 0.064 | J99: M3 | K99: =(I99*H99)-D99 -> 0.546
A100: CANTIDAD TOTAL | K100: =SUM(K98:K99) -> 0.546
A102: ITEM | B102: 2,3 Relleno con material granular transportado compactado al 90%, Manual- (Relleno para Nivelacion de Terreno de Proyecto) | O102: UNIDAD | P102: M3
B104: LOCALIZACIÓN | D104: DIMENSIONES | H104: CANTIDAD | I104: CANTIDAD EN M3 | J104: DESC M3 ESTRUCTURAS | K104: UNIDAD | L104: TOTAL
D105: Area M2 | E105: Largo | F105: Ancho | G105: Alto | L105: ACUMULADO
A106: A | B106: GENERALES
B107: ZAPATAS 01 - 0,40 X 0,40 MTS - (CERRAMIENTO) | D107: 0 | E107: 0.4 | F107: 0.4 | G107: 0.1 | H107: 14 | I107: =E107*F107*G107 -> 0.016 | J107: 0 | K107: M3 | L107: =H107*I107 -> 0.224
L108: =SUM(L107:L107) -> 0.224
A110: ITEM | B110: 2,5 - Cargue, transporte y disposición final de material sobrante en sitio autorizado | O110: UNIDAD | P110: M3
B112: LOCALIZACIÓN | D112: volumen de Expansion % | E112: DIMENSIONES | H112: CANTIDAD | I112: CANTIDAD EN M3 | J112: UNIDAD | K112: TOTAL
E113: Largo | F113: Ancho | G113: Alto | K113: ACUMULADO
B114: MATERIAL DE EXCAVACIONES MANUALES | D114: 1.3 | E114: 0 | F114: 0 | G114: 0 | H114: 1 | I114: =K92-K100 -> 5.29875 | J114: M2 | K114: =I114*D114 -> 6.888375
A115: CANTIDAD TOTAL | K115: =SUM(K114:K114) -> 6.888375
A117: ITEM | B117: 3,1 Solado en concreto pobre 1500 p.s.i. (Estructura de Zapatas) | O117: UNIDAD | P117: M3
B119: LOCALIZACIÓN | E119: DIMENSIONES | H119: CANTIDAD | I119: CANTIDAD EN M3 | J119: UNIDAD | K119: TOTAL
E120: Largo | F120: Ancho | G120: Alto | K120: ACUMULADO
A121: A | B121: GENERALES
B122: ZAPATAS 01 - 0,40 X 0,40 MTS - (CERRAMIENTO) | E122: 0.4 | F122: 0.4 | G122: 0.05 | H122: 14 | I122: =(E122*F122*G122) -> 0.008 | J122: M3 | K122: =I122*H122 -> 0.112
A123: CANTIDAD TOTAL | K123: =SUM(K122:K122) -> 0.112
A125: ITEM | B125: 3,3 Construcción de Zapatas en concreto 3000 p.s.i. modulacion 0,40 mts x 0,40 mts x alto 0,25 mts, incluye acero: en ambos sentidos de 1/2" cada 0,18 mts | O125: UNIDAD | P125: U
B127: LOCALIZACIÓN | E127: DIMENSIONES | H127: CANTIDAD | I127: CANTIDAD EN U | J127: UNIDAD | K127: TOTAL
...

Sheet CANT. DE OBRA PALENQUITO 
A1: EMPRESA SOCIAL DEL ESTADO
A2: HOSPITAL SAN NICOLAS DE TOLENTINO
A3: MUNICIPIO DE PINILLOS BOLIVAR
A4: PROYECTO: ADECUACIÓN Y MANTENIMIENTO DE LA ESE HOSPITAL SAN NICOLÁS DE TOLENTINO EN LA CABECERA MUNICIPAL DE PINILLOS Y LOS PUESTOS DE SALUD DE LOS CORREGIMIENTOS DE LAS CONCHITAS, PALENQUITO, PUERTO LÓPEZ Y SANTA COA, EN EL MUNICIPIO DE PINILLOS - DEPARTAMENTO DE BOLÍVAR
A5: CUADRO DE CANTIDADES DE OBRA
A7: B | B7: PUESTO DE SALUD DE PALENQUITO
A8: ITEM | B8: 1.1 - Localizacion, trazado, replanteo y control topografico de la obra | O8: UNIDAD | P8: M2
B10: LOCALIZACIÓN | D10: Area Irregular m2 | E10: DIMENSIONES | H10: CANTIDAD | I10: CANTIDAD EN M2 | J10: UNIDAD | K10: TOTAL
E11: Largo | F11: Ancho | G11: Alto | K11: ACUMULADO
B12: AREA CONSTRUCCION NUEVA PATIO | D12: 0 | E12: 11.87 | F12: 2.98 | G12: 0 | H12: 1 | I12: =E12*F12 -> 35.3726 | J12: M2 | K12: =I12*H12 -> 35.3726
B13: ANDEN LADO 01 | D13: 0 | E13: 14.57 | F13: 1.25 | G13: 0 | H13: 1 | I13: =E13*F13 -> 18.2125 | J13: M2 | K13: =I13*H13 -> 18.2125
B14: ANDEN LADO 02 | D14: 0 | E14: 8.04 | F14: 1.2 | G14: 0 | H14: 1 | I14: =E14*F14 -> 9.648 | J14: M2 | K14: =I14*H14 -> 9.648
A15: CANTIDAD TOTAL | K15: =SUM(K12:K14) -> 63.2331
A17: ITEM | B17: 1.2 - Desmonte de cubierta existente | O17: UNIDAD | P17: M2
B19: LOCALIZACIÓN | D19: Area Irregular m2 | E19: DIMENSIONES | H19: CANTIDAD | I19: CANTIDAD EN M2 | J19: UNIDAD | K19: TOTAL
E20: Largo | F20: Ancho | G20: Alto | K20: ACUMULADO
B21: AREA CUBIERTA | D21: 0 | E21: 28 | F21: 9 | G21: 0 | H21: 1 | I21: =E21*F21 -> 252 | J21: M2 | K21: =I21*H21 -> 252
A22: CANTIDAD TOTAL | K22: =SUM(K21:K21) -> 252
A24: ITEM | B24: 1.3 - Desmonte de cielo raso existente | O24: UNIDAD | P24: M2
B26: LOCALIZACIÓN | D26: Area Irregular m2 | E26: DIMENSIONES | H26: CANTIDAD | I26: CANTIDAD EN M2 | J26: UNIDAD | K26: TOTAL
E27: Largo | F27: Ancho | G27: Alto | K27: ACUMULADO
B28: AREA IRREGULAR CIELO RASO | D28: =D309 -> 214.2735 | E28: 0 | F28: 0 | G28: 0.03 | H28: 1 | I28: =D28 -> 214.2735 | J28: M2 | K28: =I28*H28 -> 214.2735
A29: CANTIDAD TOTAL | K29: =SUM(K28:K28) -> 214.2735
A31: ITEM | B31: 1.4 - Desmonte de cerchas metalicas | O31: UNIDAD | P31: M
B33: LOCALIZACIÓN | D33: Area Irregular m2 | E33: DIMENSIONES | H33: CANTIDAD | I33: CANTIDAD EN M | J33: UNIDAD | K33: TOTAL
E34: Largo | F34: Ancho | G34: Alto | K34: ACUMULADO
B35: CERCHAS CUBIERTA | D35: 0 | E35: 28.66666 | F35: 0 | G35: 0 | H35: 6 | I35: =E35 -> 28.66666 | J35: M | K35: =I35*H35 -> 171.99996
A36: CANTIDAD TOTAL | K36: =SUM(K35:K35) -> 171.99996
A38: ITEM | B38: 1.5 - Desmonte del sistema electrico existente | O38: UNIDAD | P38: GLB
B40: LOCALIZACIÓN | D40: Area Irregular m2 | E40: DIMENSIONES | H40: CANTIDAD | I40: CANTIDAD EN GLB | J40: UNIDAD | K40: TOTAL
E41: Largo | F41: Ancho | G41: Alto | K41: ACUMULADO
B42: SISTEMA ELECTRICO GENERAL | D42: 0 | E42: 0 | F42: 0 | G42: 0 | H42: 1 | I42: 1 | J42: GLB | K42: =I42*H42 -> 1
A43: CANTIDAD TOTAL | K43: =SUM(K42:K42) -> 1
A45: ITEM | B45: 1.6 - Desmonte de lavamanos | O45: UNIDAD | P45: U
B47: LOCALIZACIÓN | D47: Area Irregular m2 | E47: DIMENSIONES | H47: CANTIDAD | I47: CANTIDAD EN U | J47: UNIDAD | K47: TOTAL
E48: Largo | F48: Ancho | G48: Alto | K48: ACUMULADO
B49: LAVAMANOS | D49: 0 | E49: 0 | F49: 0 | G49: 0 | H49: 1 | I49: 1 | J49: U | K49: =I49*H49 -> 1
A50: CANTIDAD TOTAL | K50: =SUM(K49:K49) -> 1
A52: ITEM | B52: 1.7 - Desmonte de sanitarios | O52: UNIDAD | P52: U
B54: LOCALIZACIÓN | D54: Area Irregular m2 | E54: DIMENSIONES | H54: CANTIDAD | I54: CANTIDAD EN U | J54: UNIDAD | K54: TOTAL
E55: Largo | F55: Ancho | G55: Alto | K55: ACUMULADO
B56: SANITARIOS | D56: 0 | E56: 0 | F56: 0 | G56: 0 | H56: 1 | I56: 1 | J56: U | K56: =I56*H56 -> 1
A57: CANTIDAD TOTAL | K57: =SUM(K56:K56) -> 1
A59: ITEM | B59: 1.8 - Desmonte de reja existente en la sala de espera | O59: UNIDAD | P59: M2
B61: LOCALIZACIÓN | D61: Area Irregular m2 | E61: DIMENSIONES | H61: CANTIDAD | I61: CANTIDAD EN M2 | J61: UNIDAD | K61: TOTAL
E62: Largo | F62: Ancho | G62: Alto | K62: ACUMULADO
B63: REJA PROTECCION SALA DE ESPERA | D63: 0 | E63: 11.87 | F63: 2.5 | G63: 0 | H63: 1 | I63: =E63*F63 -> 29.675 | J63: M2 | K63: =I63*H63 -> 29.675
A64: CANTIDAD TOTAL | K64: =SUM(K63:K63) -> 29.675
A66: ITEM | B66: 1.9 - Demolición de plantilla existente | O66: UNIDAD | P66: M2
B68: LOCALIZACIÓN | D68: Area Irregular m2 | E68: DIMENSIONES | H68: CANTIDAD | I68: CANTIDAD EN M2 | J68: UNIDAD | K68: TOTAL
E69: Largo | F69: Ancho | G69: Alto | K69: ACUMULADO
B70: PLANTILLA SALA DE PROCEDIMIENTOS | D70: 0 | E70: 5.46 | F70: 2.82 | G70: 0 | H70: 1 | I70: =E70*F70 -> 15.3972 | J70: M2 | K70: =I70*H70 -> 15.3972
B71: PLANTILLA SALA DE PARTOS | D71: 0 | E71: 4.51 | F71: 3.54 | G71: 0 | H71: 1 | I71: =E71*F71 -> 15.9654 | J71: M2 | K71: =I71*H71 -> 15.9654
B72: PLANTILLA SALA DE PRE Y POST PARTOS | D72: 0 | E72: 4.51 | F72: 4.06 | G72: 0 | H72: 1 | I72: =E72*F72 -> 18.3106 | J72: M2 | K72: =I72*H72 -> 18.3106
A73: CANTIDAD TOTAL | K73: =SUM(K70:K72) -> 49.6732
A75: ITEM | B75: 1.10 - Demolición de columnas existentes | O75: UNIDAD | P75: M
B77: LOCALIZACIÓN | D77: Area Irregular m2 | E77: DIMENSIONES | H77: CANTIDAD | I77: CANTIDAD EN U | J77: UNIDAD | K77: TOTAL
E78: Largo | F78: Ancho | G78: Alto | K78: ACUMULADO
B79: COLUMNAS | D79: 0 | E79: 3.5 | F79: 0 | G79: 0 | H79: 3 | I79: =E79 -> 3.5 | J79: M | K79: =I79*H79 -> 10.5
A80: CANTIDAD TOTAL | K80: =SUM(K79:K79) -> 10.5
A82: ITEM | B82: 1.11 - Perfilacion y nivelacion del terreno - Manual | O82: UNIDAD | P82: M2
B84: LOCALIZACIÓN | D84: Area Irregular m2 | E84: DIMENSIONES | H84: CANTIDAD | I84: CANTIDAD EN M2 | J84: UNIDAD | K84: TOTAL
E85: Largo | F85: Ancho | G85: Alto | K85: ACUMULADO
B86: AREA CONSTRUCCION NUEVA PATIO | D86: 0 | E86: 11.87 | F86: 2.98 | G86: 0 | H86: 1 | I86: =E86*F86 -> 35.3726 | J86: M2 | K86: =I86*H86 -> 35.3726
B87: ANDEN LADO 01 | D87: 0 | E87: 14.57 | F87: 1.25 | G87: 0 | H87: 1 | I87: =E87*F87 -> 18.2125 | J87: M2 | K87: =I87*H87 -> 18.2125
B88: ANDEN LADO 02 | D88: 0 | E88: 8.04 | F88: 1.2 | G88: 0 | H88: 1 | I88: =E88*F88 -> 9.648 | J88: M2 | K88: =I88*H88 -> 9.648
A89: CANTIDAD TOTAL | K89: =SUM(K86:K88) -> 63.2331
A91: ITEM | B91: 1.12 - Limpieza y raspada de muros interiores y exteriores a pintar | O91: UNIDAD | P91: M2
B93: LOCALIZACIÓN | D93: Area Irregular m2 | E93: DIMENSIONES | H93: CANTIDAD | I93: CANTIDAD EN M2 | J93: UNIDAD | K93: TOTAL
E94: Largo | F94: Ancho | G94: Alto | K94: ACUMULADO
B95: AREA IRREGULAR CIELO RASO | D95: =D294*0.6 -> 391.698 | E95: 0 | F95: 0 | G95: 0.005 | H95: 1 | I95: =D95 -> 391.698 | J95: M2 | K95: =I95*H95 -> 391.698
A96: CANTIDAD TOTAL | K96: =SUM(K95:K95) -> 391.698
A98: ITEM | B98: 1.20 - Cargue, transporte y disposición final de material sobrante en sitio autorizado | O98: UNIDAD | P98: M3
B100: LOCALIZACIÓN | D100: volumen de Expansion % | E100: DIMENSIONES | H100: CANTIDAD | I100: CANTIDAD EN M3 | J100: UNIDAD | K100: TOTAL
E101: CANTIDAD M2 | G101: Espesor | K101: ACUMULADO
B102: PERFILACION | D102: 1.3 | E102: =K89 -> 63.2331 | G102: 0.1 | H102: 1 | I102: =E102*G102 -> 6.32331 | J102: M3 | K102: =I102*D102 -> 8.220303
B103: DEMOLICIONES PISO | D103: 1.3 | E103: =K73 -> 49.6732 | G103: 0.15 | H103: 1 | I103: =E103*G103 -> 7.45098 | J103: M3 | K103: =I103*D103 -> 9.686274
B104: DEMOLICIONES COLUMNAS | D104: 1.3 | E104: =K80*0.3 -> 3.15 | G104: 0.3 | H104: 1 | I104: =E104*G104 -> 0.945 | J104: M3 | K104: =I104*D104 -> 1.2285
B105: DESMONTES CUBIERTA | D105: 1.3 | E105: =K22 -> 252 | G105: 0.05 | H105: 1 | I105: =E105*G105 -> 12.6 | J105: M3 | K105: =I105*D105 -> 16.38
B106: DESMONTES CIELO RASO | D106: 1.3 | E106: =K29 -> 214.2735 | G106: 0.05 | H106: 1 | I106: =E106*G106 -> 10.713675 | J106: M3 | K106: =I106*D106 -> 13.927778
A107: CANTIDAD TOTAL | K107: =SUM(K102:K106) -> 49.442855
A109: ITEM | B109: 2,1 Excavaciones manuales (No Incluye retiro de material sobrante) | O109: UNIDAD | P109: M3
B111: LOCALIZACIÓN | E111: DIMENSIONES | H111: CANTIDAD | I111: CANTIDAD EN M3 | J111: UNIDAD | K111: TOTAL
E112: Largo | F112: Ancho | G112: Alto | K112: ACUMULADO
B113: ZAPATAS 01 - 1,0 X 1,0 MTS - (COLUMNA TANQUE) | E113: 1 | F113: 1 | G113: 1.2 | H113: 1 | I113: =(E113*F113*G113) -> 1.2 | J113: M3 | K113: =I113*H113 -> 1.2
B114: ZAPATAS 02 - 0,60 X 0,60 MTS - (TERRAZA PATIO) | E114: 0.6 | F114: 0.6 | G114: 0.9 | H114: 2 | I114: =(E114*F114*G114) -> 0.324 | J114: M3 | K114: =I114*H114 -> 0.648
B115: ZAPATAS 03 - 0,60 X 0,60 MTS - (REEMPLAZO DE COLUMNAS) | E115: 0.6 | F115: 0.6 | G115: 0.9 | H115: 3 | I115: =(E115*F115*G115) -> 0.324 | J115: M3 | K115: =I115*H115 -> 0.972
B116: CIMENTACION 01 - 0,25 X 0,25 MTS (TERRAZA PATIO) | E116: 11.87 | F116: 0.25 | G116: 0.25 | H116: 1 | I116: =(E116*F116*G116) -> 0.741875 | J116: M3 | K116: =I116*H116 -> 0.741875
B117: CIMENTACION 02 - 0,25 X 0,25 MTS (COLUMNAS) | E117: 8.04 | F117: 0.25 | G117: 0.25 | H117: 1 | I117: =(E117*F117*G117) -> 0.5025 | J117: M3 | K117: =I117*H117 -> 0.5025
B118: CIMENTACION 02 - 0,25 X 0,25 MTS (ANDEN LADO 01) | E118: 14.57 | F118: 0.25 | G118: 0.25 | H118: 1 | I118: =(E118*F118*G118) -> 0.910625 | J118: M3 | K118: =I118*H118 -> 0.910625
B119: CIMENTACION 02 - 0,25 X 0,25 MTS (ANDEN LADO 02) | E119: 8.04 | F119: 0.25 | G119: 0.25 | H119: 1 | I119: =(E119*F119*G119) -> 0.5025 | J119: M3 | K119: =I119*H119 -> 0.5025
B120: TANQUE SEPTICO - 2,30 X 1,25 X 1,15 MTS | E120: 2.5 | F120: 1.5 | G120: 1.6 | H120: 1 | I120: =(E120*F120*G120) -> 6 | J120: M3 | K120: =I120*H120 -> 6
A121: CANTIDAD TOTAL | K121: =SUM(K113:K120) -> 11.4775
A123: ITEM | B123: 2,2 Relleno con material comun de excavacion (Zapatas) | O123: UNIDAD | P123: M3
B125: LOCALIZACIÓN | D125: DESCUENTO M3 | E125: DIMENSIONES | H125: CANTIDAD | I125: CANTIDAD EN M3 | J125: UNIDAD | K125: TOTAL
E126: Largo | F126: Ancho | G126: Alto | K126: ACUMULADO
B127: ZAPATAS 01 - 1,0 X 1,0 MTS - (COLUMNA TANQUE) | D127: =(0.3*0.3*0.6*H127) -> 0.054 | E127: 1 | F127: 1 | G127: 0.6 | H127: 1 | I127: =(E127*F127*G127) -> 0.6 | J127: M3 | K127: =(I127*H127)-D127 -> 0.546
B128: ZAPATAS 02 - 0,60 X 0,60 MTS - (TERRAZA PATIO) | D128: =(0.25*0.25*0.4*H128) -> 0.05 | E128: 0.6 | F128: 0.6 | G128: 0.4 | H128: 2 | I128: =(E128*F128*G128) -> 0.144 | J128: M3 | K128: =(I128*H128)-D128 -> 0.238
B129: ZAPATAS 03 - 0,60 X 0,60 MTS - (REEMPLAZO DE COLUMNAS) | D129: =(0.25*0.25*0.4*H129) -> 0.075 | E129: 0.6 | F129: 0.6 | G129: 0.4 | H129: 3 | I129: =(E129*F129*G129) -> 0.144 | J129: M3 | K129: =(I129*H129)-D129 -> 0.357
A130: CANTIDAD TOTAL | K130: =SUM(K127:K129) -> 1.141
...

Sheet CANT. DE OBRA CONCHITAS
A1: EMPRESA SOCIAL DEL ESTADO
A2: HOSPITAL SAN NICOLAS DE TOLENTINO
A3: MUNICIPIO DE PINILLOS BOLIVAR
A4: PROYECTO: ADECUACIÓN Y MANTENIMIENTO DE LA ESE HOSPITAL SAN NICOLÁS DE TOLENTINO EN LA CABECERA MUNICIPAL DE PINILLOS Y LOS PUESTOS DE SALUD DE LOS CORREGIMIENTOS DE LAS CONCHITAS, PALENQUITO, PUERTO LÓPEZ Y SANTA COA, EN EL MUNICIPIO DE PINILLOS - DEPARTAMENTO DE BOLÍVAR
A5: CUADRO DE CANTIDADES DE OBRA
A7: C | B7: PUESTO DE SALUD DE LAS CONCHITAS
A8: ITEM | B8: 1.1 - Localizacion, trazado, replanteo y control topografico de la obra | O8: UNIDAD | P8: M2
B10: LOCALIZACIÓN | D10: Area Irregular m2 | E10: DIMENSIONES | H10: CANTIDAD | I10: CANTIDAD EN M2 | J10: UNIDAD | K10: TOTAL
E11: Largo | F11: Ancho | G11: Alto | K11: ACUMULADO
B12: MURO CERRAMIENTO | D12: 0 | E12: 100.49 | F12: 0.5 | G12: 0 | H12: 1 | I12: =E12*F12 -> 50.245 | J12: M2 | K12: =I12*H12 -> 50.245
A13: CANTIDAD TOTAL | K13: =SUM(K12:K12) -> 50.245
A15: ITEM | B15: 1.2 - Desmonte de cubierta existente | O15: UNIDAD | P15: M2
B17: LOCALIZACIÓN | D17: Area Irregular m2 | E17: DIMENSIONES | H17: CANTIDAD | I17: CANTIDAD EN M2 | J17: UNIDAD | K17: TOTAL
E18: Largo | F18: Ancho | G18: Alto | K18: ACUMULADO
B19: AREA CUBIERTA | D19: 114.43 | E19: 0 | F19: 0 | G19: 0 | H19: 1 | I19: =D19 -> 114.43 | J19: M2 | K19: =I19*H19 -> 114.43
A20: CANTIDAD TOTAL | K20: =SUM(K19:K19) -> 114.43
A22: ITEM | B22: 1.3 - Desmonte de cielo raso existente | O22: UNIDAD | P22: M2
B24: LOCALIZACIÓN | D24: Area Irregular m2 | E24: DIMENSIONES | H24: CANTIDAD | I24: CANTIDAD EN M2 | J24: UNIDAD | K24: TOTAL
E25: Largo | F25: Ancho | G25: Alto | K25: ACUMULADO
B26: AREA IRREGULAR CIELO RASO | D26: 86.52 | E26: 0 | F26: 0 | G26: 0.03 | H26: 1 | I26: =D26 -> 86.52 | J26: M2 | K26: =I26*H26 -> 86.52
A27: CANTIDAD TOTAL | K27: =SUM(K26:K26) -> 86.52
A29: ITEM | B29: 1.4 - Desmonte de cerchas metalicas | O29: UNIDAD | P29: M
B31: LOCALIZACIÓN | D31: Area Irregular m2 | E31: DIMENSIONES | H31: CANTIDAD | I31: CANTIDAD EN M | J31: UNIDAD | K31: TOTAL
E32: Largo | F32: Ancho | G32: Alto | K32: ACUMULADO
B33: CERCHAS CUBIERTA 1 | D33: 0 | E33: 14.6 | F33: 0 | G33: 0 | H33: 6 | I33: =E33 -> 14.6 | J33: M | K33: =I33*H33 -> 87.6
B34: CERCHAS CUBIERTA 2 | D34: 0 | E34: 12.15 | F34: 0 | G34: 0 | H34: 2 | I34: =E34 -> 12.15 | J34: M | K34: =I34*H34 -> 24.3
A35: CANTIDAD TOTAL | K35: =SUM(K33:K34) -> 111.9
A37: ITEM | B37: 1.5 - Desmonte del sistema electrico existente | O37: UNIDAD | P37: GLB
B39: LOCALIZACIÓN | D39: Area Irregular m2 | E39: DIMENSIONES | H39: CANTIDAD | I39: CANTIDAD EN GLB | J39: UNIDAD | K39: TOTAL
E40: Largo | F40: Ancho | G40: Alto | K40: ACUMULADO
B41: SISTEMA ELECTRICO GENERAL | D41: 0 | E41: 0 | F41: 0 | G41: 0 | H41: 1 | I41: 1 | J41: GLB | K41: =I41*H41 -> 1
A42: CANTIDAD TOTAL | K42: =SUM(K41:K41) -> 1
A44: ITEM | B44: 1.12 - Limpieza y raspada de muros interiores y exteriores a pintar | O44: UNIDAD | P44: M2
B46: LOCALIZACIÓN | D46: Area Irregular m2 | E46: DIMENSIONES | H46: CANTIDAD | I46: CANTIDAD EN M2 | J46: UNIDAD | K46: TOTAL
E47: Largo | F47: Ancho | G47: Alto | K47: ACUMULADO
B48: LIMPIEZA Y RASPE DE MUROS | D48: =133.8*2 -> 267.6 | E48: 0 | F48: 0 | G48: 0.005 | H48: 1 | I48: =D48 -> 267.6 | J48: M2 | K48: =I48*H48 -> 267.6
A49: CANTIDAD TOTAL | K49: =SUM(K48:K48) -> 267.6
A51: ITEM | B51: 1.13 - Desmonte de Protectores de ventana | O51: UNIDAD | P51: U
B53: LOCALIZACIÓN | D53: Area Irregular m2 | E53: DIMENSIONES | H53: CANTIDAD | I53: CANTIDAD EN U | J53: UNIDAD | K53: TOTAL
E54: Largo | F54: Ancho | G54: Alto | K54: ACUMULADO
B55: PROTECTORES DE VENTANA | D55: 0 | E55: 0 | F55: 0 | G55: 0 | H55: 6 | I55: 1 | J55: U | K55: =I55*H55 -> 6
A56: CANTIDAD TOTAL | K56: =SUM(K55:K55) -> 6
A58: ITEM | B58: 1.20 - Cargue, transporte y disposición final de material sobrante en sitio autorizado | O58: UNIDAD | P58: M3
B60: LOCALIZACIÓN | D60: volumen de Expansion % | E60: DIMENSIONES | H60: CANTIDAD | I60: CANTIDAD EN M3 | J60: UNIDAD | K60: TOTAL
E61: CANTIDAD M2 | G61: Espesor | K61: ACUMULADO
A62: A | B62: PARQUE 01 - SECTOR CENTRAL
B63: DESMONTES CUBIERTA | D63: 1.3 | E63: =K20 -> 114.43 | G63: 0.05 | H63: 1 | I63: =E63*G63 -> 5.7215 | J63: M3 | K63: =I63*D63 -> 7.43795
B64: DESMONTES CIELO RASO | D64: 1.3 | E64: =K27 -> 86.52 | G64: 0.05 | H64: 1 | I64: =E64*G64 -> 4.326 | J64: M3 | K64: =I64*D64 -> 5.6238
A65: CANTIDAD TOTAL | K65: =SUM(K63:K64) -> 13.06175
A67: ITEM | B67: 2,1 Excavaciones manuales (No Incluye retiro de material sobrante) | O67: UNIDAD | P67: M3
B69: LOCALIZACIÓN | E69: DIMENSIONES | H69: CANTIDAD | I69: CANTIDAD EN M3 | J69: UNIDAD | K69: TOTAL
E70: Largo | F70: Ancho | G70: Alto | K70: ACUMULADO
A71: A | B71: PARQUE 01 - SECTOR CENTRAL
B72: ZAPATAS 01 - 0,40 X 0,40 MTS - (CERRAMIENTO) | E72: 0.4 | F72: 0.4 | G72: 0.9 | H72: 33 | I72: =(E72*F72*G72) -> 0.144 | J72: M3 | K72: =I72*H72 -> 4.752
B73: CIMENTACION 01 - 0,25 X 0,25 MTS (CERRAMIENTO) | E73: 100.49 | F73: 0.25 | G73: 0.25 | H73: 1 | I73: =(E73*F73*G73) -> 6.280625 | J73: M3 | K73: =I73*H73 -> 6.280625
B74: TANQUE SEPTICO - 2,30 X 1,25 X 1,15 MTS | E74: 2.5 | F74: 1.5 | G74: 1.6 | H74: 1 | I74: =(E74*F74*G74) -> 6 | J74: M3 | K74: =I74*H74 -> 6
A75: CANTIDAD TOTAL | K75: =SUM(K72:K74) -> 17.032625
A77: ITEM | B77: 2,2 Relleno con material comun de excavacion (Zapatas) | O77: UNIDAD | P77: M3
B79: LOCALIZACIÓN | D79: DESCUENTO M3 | E79: DIMENSIONES | H79: CANTIDAD | I79: CANTIDAD EN M3 | J79: UNIDAD | K79: TOTAL
E80: Largo | F80: Ancho | G80: Alto | K80: ACUMULADO
B81: ZAPATAS 01 - 0,40 X 0,40 MTS - (CERRAMIENTO) | D81: =(0.25*0.25*0.4*H81) -> 0.825 | E81: 0.4 | F81: 0.4 | G81: 0.4 | H81: 33 | I81: =(E81*F81*G81) -> 0.064 | J81: M3 | K81: =(I81*H81)-D81 -> 1.287
A82: CANTIDAD TOTAL | K82: =SUM(K81:K81) -> 1.287
A84: ITEM | B84: 2,3 Relleno con material granular transportado compactado al 90%, Manual- (Relleno para Nivelacion de Terreno de Proyecto) | O84: UNIDAD | P84: M3
B86: LOCALIZACIÓN | D86: DIMENSIONES | H86: CANTIDAD | I86: CANTIDAD EN M3 | J86: DESC M3 ESTRUCTURAS | K86: UNIDAD | L86: TOTAL
D87: Area M2 | E87: Largo | F87: Ancho | G87: Alto | L87: ACUMULADO
B88: ZAPATAS 01 - 0,40 X 0,40 MTS - (CERRAMIENTO) | D88: 0 | E88: 0.4 | F88: 0.4 | G88: 0.1 | H88: 33 | I88: =E88*F88*G88 -> 0.016 | J88: 0 | K88: M3 | L88: =H88*I88 -> 0.528
B89: AREA PATIO | D89: 37.47 | E89: 0 | F89: 0 | G89: 0.15 | H89: 1 | I89: =D89*G89 -> 5.6205 | J89: 0 | K89: M3 | L89: =I89*H89 -> 5.6205
B90: TANQUE SEPTICO - 2,30 X 1,25 X 1,15 MTS | D90: 0 | E90: 2.5 | F90: 1.5 | G90: 0.1 | H90: 1 | I90: =E90*F90*G90 -> 0.375 | J90: 0 | K90: M3 | L90: =H90*I90 -> 0.375
A91: CANTIDAD TOTAL | L91: =SUM(L88:L90) -> 6.5235
A93: ITEM | B93: 2,5 - Cargue, transporte y disposición final de material sobrante en sitio autorizado | O93: UNIDAD | P93: M3
B95: LOCALIZACIÓN | D95: volumen de Expansion % | E95: DIMENSIONES | H95: CANTIDAD | I95: CANTIDAD EN M3 | J95: UNIDAD | K95: TOTAL
E96: Largo | F96: Ancho | G96: Alto | K96: ACUMULADO
B97: MATERIAL DE EXCAVACIONES MANUALES | D97: 1.3 | E97: 0 | F97: 0 | G97: 0 | H97: 1 | I97: =K75-K82 -> 15.745625 | J97: M2 | K97: =I97*D97 -> 20.469313
A98: CANTIDAD TOTAL | K98: =SUM(K97:K97) -> 20.469313
A100: ITEM | B100: 3,1 Solado en concreto pobre 1500 p.s.i. (Estructura de Zapatas) | O100: UNIDAD | P100: M3
B102: LOCALIZACIÓN | E102: DIMENSIONES | H102: CANTIDAD | I102: CANTIDAD EN M3 | J102: UNIDAD | K102: TOTAL
E103: Largo | F103: Ancho | G103: Alto | K103: ACUMULADO
B105: ZAPATAS 01 - 0,40 X 0,40 MTS - (CERRAMIENTO) | E105: 0.4 | F105: 0.4 | G105: 0.05 | H105: 33 | I105: =(E105*F105*G105) -> 0.008 | J105: M3 | K105: =I105*H105 -> 0.264
B106: TANQUE SEPTICO - 2,30 X 1,25 X 1,15 MTS | E106: 2.5 | F106: 1.5 | G106: 0.05 | H106: 1 | I106: =(E106*F106*G106) -> 0.1875 | J106: M3 | K106: =I106*H106 -> 0.1875
A107: CANTIDAD TOTAL | K107: =SUM(K105:K106) -> 0.4515
A109: ITEM | B109: 3,4 Construcción de Zapatas en concreto 3000 p.s.i. modulacion 0,60 mts x 0,60 mts x alto 0,30 mts, incluye acero: en ambos sentidos de 1/2" cada 0,18 mts | O109: UNIDAD | P109: U
B111: LOCALIZACIÓN | E111: DIMENSIONES | H111: CANTIDAD | I111: CANTIDAD EN U | J111: UNIDAD | K111: TOTAL
E112: Largo | F112: Ancho | G112: Alto | K112: ACUMULADO
B113: ZAPATAS 01 - 0,60 X 0,60 MTS - (CERRAMIENTO) | E113: 0.6 | F113: 0.6 | G113: 0.3 | H113: 33 | I113: 1 | J113: U | K113: =I113*H113 -> 33
A114: CANTIDAD TOTAL | K114: =SUM(K113:K113) -> 33
A116: ITEM | B116: 3,6 Construcción de Viga de Cimentacion en concreto de 3000 p.s.i, modulacion 0,25 mts x 0,25 mts, incluye acero: longitudinal 4 3/8" - Estnbos 3/8" cada 0,15 mts | O116: UNIDAD | P116: M
B118: LOCALIZACIÓN | E118: DIMENSIONES | H118: CANTIDAD | I118: CANTIDAD EN M | J118: UNIDAD | K118: TOTAL
E119: Largo | F119: Ancho | G119: Alto | K119: ACUMULADO
B120: CIMENTACION 01 - 0,25 X 0,25 MTS (CERRAMIENTO) | E120: 100.49 | F120: 0.25 | G120: 0.25 | H120: 1 | I120: =E120 -> 100.49 | J120: M | K120: =I120*H120 -> 100.49
A121: CANTIDAD TOTAL | K121: =SUM(K120:K120) -> 100.49
A123: ITEM | B123: 3,9 Construcción de Columnas en concreto de 3000 p.s.i, modulacion 0,20 mts x 0,25 mts, incluye acero: longitudinal 4 Fe= 3/8" - Estnbos 3/8" cada 0,15 mts | O123: UNIDAD | P123: M
B125: LOCALIZACIÓN | E125: DIMENSIONES | H125: CANTIDAD | I125: CANTIDAD EN M | J125: UNIDAD | K125: TOTAL
E126: Largo | F126: Ancho | G126: Alto | K126: ACUMULADO
B127: COLUMNAS - 0,20 X 0,25 MTS (CERRAMIENTO) | E127: 2.5 | F127: 0.2 | G127: 0.25 | H127: 33 | I127: =E127 -> 2.5 | J127: M | K127: =I127*H127 -> 82.5
A128: CANTIDAD TOTAL | K128: =SUM(K127:K127) -> 82.5
A130: ITEM | B130: 3,11 Construcción de Viga Amarre en concreto 3000 p.s.i. 0.10 X 0.25 mts - 3 Fe= 3/8" - Estribos y ganchos Fe= 3/8 C/. 0,20 mts | O130: UNIDAD | P130: M
B132: LOCALIZACIÓN | E132: DIMENSIONES | H132: CANTIDAD | I132: CANTIDAD EN M | J132: UNIDAD | K132: TOTAL
E133: Largo | F133: Ancho | G133: Alto | K133: ACUMULADO
B134: VIGA AMARRE SUPERIOR - 0,10 X 0,25 MTS (CERRAMIENTO) | E134: 100.49 | F134: 0.1 | G134: 0.25 | H134: 1 | I134: =E134 -> 100.49 | J134: M | K134: =I134*H134 -> 100.49
A135: CANTIDAD TOTAL | K135: =SUM(K134:K134) -> 100.49
...

Sheet CANT. DE OBRA PUERTO LOPEZ
A1: EMPRESA SOCIAL DEL ESTADO
A2: HOSPITAL SAN NICOLAS DE TOLENTINO
A3: MUNICIPIO DE PINILLOS BOLIVAR
A4: PROYECTO: ADECUACIÓN Y MANTENIMIENTO DE LA ESE HOSPITAL SAN NICOLÁS DE TOLENTINO EN LA CABECERA MUNICIPAL DE PINILLOS Y LOS PUESTOS DE SALUD DE LOS CORREGIMIENTOS DE LAS CONCHITAS, PALENQUITO, PUERTO LÓPEZ Y SANTA COA, EN EL MUNICIPIO DE PINILLOS - DEPARTAMENTO DE BOLÍVAR
A5: CUADRO DE CANTIDADES DE OBRA
A7: D | B7: PUESTO DE SALUD PUERTO LOPEZ
A8: ITEM | B8: 1.1 - Localizacion, trazado, replanteo y control topografico de la obra | O8: UNIDAD | P8: M2
B10: LOCALIZACIÓN | D10: Area Irregular m2 | E10: DIMENSIONES | H10: CANTIDAD | I10: CANTIDAD EN M2 | J10: UNIDAD | K10: TOTAL
E11: Largo | F11: Ancho | G11: Alto | K11: ACUMULADO
B12: AREA MURO DE PATIO | D12: 0 | E12: =13.05+10.16 -> 23.21 | F12: 0.5 | G12: 0 | H12: 1 | I12: =E12*F12 -> 11.605 | J12: M2 | K12: =I12*H12 -> 11.605
B13: ANDEN LADO 01 | D13: 0 | E13: 10.04 | F13: 1.5 | G13: 0 | H13: 1 | I13: =E13*F13 -> 15.06 | J13: M2 | K13: =I13*H13 -> 15.06
A14: CANTIDAD TOTAL | K14: =SUM(K12:K13) -> 26.665
A16: ITEM | B16: 1.2 - Desmonte de cubierta existente | O16: UNIDAD | P16: M2
B18: LOCALIZACIÓN | D18: Area Irregular m2 | E18: DIMENSIONES | H18: CANTIDAD | I18: CANTIDAD EN M2 | J18: UNIDAD | K18: TOTAL
E19: Largo | F19: Ancho | G19: Alto | K19: ACUMULADO
B20: AREA CUBIERTA | D20: 105.9 | E20: 0 | F20: 0 | G20: 0 | H20: 1 | I20: =D20 -> 105.9 | J20: M2 | K20: =I20*H20 -> 105.9
A21: CANTIDAD TOTAL | K21: =SUM(K20:K20) -> 105.9
A23: ITEM | B23: 1.3 - Desmonte de cielo raso existente | O23: UNIDAD | P23: M2
B25: LOCALIZACIÓN | D25: Area Irregular m2 | E25: DIMENSIONES | H25: CANTIDAD | I25: CANTIDAD EN M2 | J25: UNIDAD | K25: TOTAL
E26: Largo | F26: Ancho | G26: Alto | K26: ACUMULADO
B27: AREA IRREGULAR CIELO RASO | D27: =66.18+5 -> 71.18 | E27: 0 | F27: 0 | G27: 0.03 | H27: 1 | I27: =D27 -> 71.18 | J27: M2 | K27: =I27*H27 -> 71.18
A28: CANTIDAD TOTAL | K28: =SUM(K27:K27) -> 71.18
A30: ITEM | B30: 1.4 - Desmonte de cerchas metalicas | O30: UNIDAD | P30: M
B32: LOCALIZACIÓN | D32: Area Irregular m2 | E32: DIMENSIONES | H32: CANTIDAD | I32: CANTIDAD EN M | J32: UNIDAD | K32: TOTAL
E33: Largo | F33: Ancho | G33: Alto | K33: ACUMULADO
B34: CERCHAS CUBIERTA | D34: 0 | E34: 11.2 | F34: 0 | G34: 0 | H34: 11 | I34: =E34 -> 11.2 | J34: M | K34: =I34*H34 -> 123.2
A35: CANTIDAD TOTAL | K35: =SUM(K34:K34) -> 123.2
A37: ITEM | B37: 1.5 - Desmonte del sistema electrico existente | O37: UNIDAD | P37: GLB
B39: LOCALIZACIÓN | D39: Area Irregular m2 | E39: DIMENSIONES | H39: CANTIDAD | I39: CANTIDAD EN GLB | J39: UNIDAD | K39: TOTAL
E40: Largo | F40: Ancho | G40: Alto | K40: ACUMULADO
B41: SISTEMA ELECTRICO GENERAL | D41: 0 | E41: 0 | F41: 0 | G41: 0 | H41: 1 | I41: 1 | J41: GLB | K41: =I41*H41 -> 1
A42: CANTIDAD TOTAL | K42: =SUM(K41:K41) -> 1
A44: ITEM | B44: 1.12 - Limpieza y raspada de muros interiores y exteriores a pintar | O44: UNIDAD | P44: M2
B46: LOCALIZACIÓN | D46: Area Irregular m2 | E46: DIMENSIONES | H46: CANTIDAD | I46: CANTIDAD EN M2 | J46: UNIDAD | K46: TOTAL
E47: Largo | F47: Ancho | G47: Alto | K47: ACUMULADO
B48: RASPADA Y LIMPIEZA DE MUROS | D48: =119.6*2 -> 239.2 | E48: 0 | F48: 0 | G48: 0.005 | H48: 1 | I48: =D48 -> 239.2 | J48: M2 | K48: =I48*H48 -> 239.2
A49: CANTIDAD TOTAL | K49: =SUM(K48:K48) -> 239.2
A51: ITEM | B51: 1.14 - Demolición de Muro existente | O51: UNIDAD | P51: M2
B53: LOCALIZACIÓN | D53: Area Irregular m2 | E53: DIMENSIONES | H53: CANTIDAD | I53: CANTIDAD EN M2 | J53: UNIDAD | K53: TOTAL
E54: Largo | F54: Ancho | G54: Alto | K54: ACUMULADO
B55: DEMOLICION MUROS | D55: 0 | E55: =12.08+10.16 -> 22.24 | F55: 0 | G55: 2.5 | H55: 1 | I55: =E55*G55 -> 55.6 | J55: M2 | K55: =I55*H55 -> 55.6
A56: CANTIDAD TOTAL | K56: =SUM(K55:K55) -> 55.6
A58: ITEM | B58: 1.20 - Cargue, transporte y disposición final de material sobrante en sitio autorizado | O58: UNIDAD | P58: M3
B60: LOCALIZACIÓN | D60: volumen de Expansion % | E60: DIMENSIONES | H60: CANTIDAD | I60: CANTIDAD EN M3 | J60: UNIDAD | K60: TOTAL
E61: CANTIDAD M2 | G61: Espesor | K61: ACUMULADO
B62: DEMOLICIONES MURO | D62: 1.3 | E62: =K56 -> 55.6 | G62: 0.15 | H62: 1 | I62: =E62*G62 -> 8.34 | J62: M3 | K62: =I62*D62 -> 10.842
B63: DESMONTES CUBIERTA | D63: 1.3 | E63: =K21 -> 105.9 | G63: 0.05 | H63: 1 | I63: =E63*G63 -> 5.295 | J63: M3 | K63: =I63*D63 -> 6.8835
B64: DESMONTES CIELO RASO | D64: 1.3 | E64: =K28 -> 71.18 | G64: 0.05 | H64: 1 | I64: =E64*G64 -> 3.559 | J64: M3 | K64: =I64*D64 -> 4.6267
A65: CANTIDAD TOTAL | K65: =SUM(K62:K64) -> 22.3522
A67: ITEM | B67: 2,1 Excavaciones manuales (No Incluye retiro de material sobrante) | O67: UNIDAD | P67: M3
B69: LOCALIZACIÓN | E69: DIMENSIONES | H69: CANTIDAD | I69: CANTIDAD EN M3 | J69: UNIDAD | K69: TOTAL
E70: Largo | F70: Ancho | G70: Alto | K70: ACUMULADO
B71: ZAPATAS 01 - 1,0 X 1,0 MTS - (COLUMNA TANQUE) | E71: 1 | F71: 1 | G71: 1.2 | H71: 1 | I71: =(E71*F71*G71) -> 1.2 | J71: M3 | K71: =I71*H71 -> 1.2
B72: ZAPATAS 02 - 0,40 X 0,40 MTS - (CERRAMIENTO) | E72: 0.4 | F72: 0.4 | G72: 0.9 | H72: 8 | I72: =(E72*F72*G72) -> 0.144 | J72: M3 | K72: =I72*H72 -> 1.152
B73: CIMENTACION 01 - 0,25 X 0,25 MTS (CERRAMIENTO) | E73: =13.05+10.16 -> 23.21 | F73: 0.25 | G73: 0.25 | H73: 1 | I73: =(E73*F73*G73) -> 1.450625 | J73: M3 | K73: =I73*H73 -> 1.450625
A74: CANTIDAD TOTAL | K74: =SUM(K71:K73) -> 3.802625
A76: ITEM | B76: 2,2 Relleno con material comun de excavacion (Zapatas) | O76: UNIDAD | P76: M3
B78: LOCALIZACIÓN | D78: DESCUENTO M3 | E78: DIMENSIONES | H78: CANTIDAD | I78: CANTIDAD EN M3 | J78: UNIDAD | K78: TOTAL
E79: Largo | F79: Ancho | G79: Alto | K79: ACUMULADO
B80: ZAPATAS 01 - 1,0 X 1,0 MTS - (COLUMNA TANQUE) | D80: =(0.45*0.45*0.6*H80) -> 0.1215 | E80: 1 | F80: 1 | G80: 1.2 | H80: 1 | I80: =(E80*F80*G80) -> 1.2 | J80: M3 | K80: =(I80*H80)-D80 -> 1.0785
B81: ZAPATAS 02 - 0,40 X 0,40 MTS - (CERRAMIENTO) | D81: =(0.25*0.25*0.4*H81) -> 0.2 | E81: 0.4 | F81: 0.4 | G81: 0.4 | H81: 8 | I81: =(E81*F81*G81) -> 0.064 | J81: M3 | K81: =(I81*H81)-D81 -> 0.312
A82: CANTIDAD TOTAL | K82: =SUM(K80:K81) -> 1.3905
A84: ITEM | B84: 2,3 Relleno con material granular transportado compactado al 90%, Manual- (Relleno para Nivelacion de Terreno de Proyecto) | O84: UNIDAD | P84: M3
B86: LOCALIZACIÓN | D86: DIMENSIONES | H86: CANTIDAD | I86: CANTIDAD EN M3 | J86: DESC M3 ESTRUCTURAS | K86: UNIDAD | L86: TOTAL
D87: Area M2 | E87: Largo | F87: Ancho | G87: Alto | L87: ACUMULADO
B88: AREA TERRAZA PATIO | D88: 0 | E88: 10.04 | F88: 1.5 | G88: 0.2 | H88: 1 | I88: =E88*F88*G88 -> 3.012 | J88: 0 | K88: M3 | L88: =I88*H88 -> 3.012
B89: ZAPATAS 01 - 1,0 X 1,0 MTS - (COLUMNA TANQUE) | D89: 0 | E89: 1 | F89: 1 | G89: 0.1 | H89: 1 | I89: =E89*F89*G89 -> 0.1 | J89: 0 | K89: M3 | L89: =H89*I89 -> 0.1
B90: ZAPATAS 02 - 0,40 X 0,40 MTS - (CERRAMIENTO) | D90: 0 | E90: 0.4 | F90: 0.4 | G90: 0.1 | H90: 8 | I90: =E90*F90*G90 -> 0.016 | J90: 0 | K90: M3 | L90: =H90*I90 -> 0.128
A91: CANTIDAD TOTAL | L91: =SUM(L88:L90) -> 3.24
A95: ITEM | B95: 2,5 - Cargue, transporte y disposición final de material sobrante en sitio autorizado | O95: UNIDAD | P95: M3
B97: LOCALIZACIÓN | D97: volumen de Expansion % | E97: DIMENSIONES | H97: CANTIDAD | I97: CANTIDAD EN M3 | J97: UNIDAD | K97: TOTAL
E98: Largo | F98: Ancho | G98: Alto | K98: ACUMULADO
B99: MATERIAL DE EXCAVACIONES MANUALES | D99: 1.3 | E99: 0 | F99: 0 | G99: 0 | H99: 1 | I99: =K74-K82 -> 2.412125 | J99: M2 | K99: =I99*D99 -> 3.1357625
A100: CANTIDAD TOTAL | K100: =SUM(K99:K99) -> 3.1357625
A102: ITEM | B102: 3,1 Solado en concreto pobre 1500 p.s.i. (Estructura de Zapatas) | O102: UNIDAD | P102: M3
B104: LOCALIZACIÓN | E104: DIMENSIONES | H104: CANTIDAD | I104: CANTIDAD EN M3 | J104: UNIDAD | K104: TOTAL
E105: Largo | F105: Ancho | G105: Alto | K105: ACUMULADO
B107: ZAPATAS 01 - 1,0 X 1,0 MTS - (COLUMNA TANQUE) | E107: 1 | F107: 1 | G107: 0.05 | H107: 1 | I107: =(E107*F107*G107) -> 0.05 | J107: M3 | K107: =I107*H107 -> 0.05
B108: ZAPATAS 02 - 0,40 X 0,40 MTS - (CERRAMIENTO) | E108: 0.4 | F108: 0.4 | G108: 0.05 | H108: 8 | I108: =(E108*F108*G108) -> 0.008 | J108: M3 | K108: =I108*H108 -> 0.064
A109: CANTIDAD TOTAL | K109: =SUM(K107:K108) -> 0.114
A111: ITEM | B111: 3,2 Construcción de Zapatas en concreto 3000 p.s.i. modulacion 1,00 mts x 1,00 mts x alto 0,30 mts, incluye acero: en ambos sentidos de 1/2" cada 0,18 mts | O111: UNIDAD | P111: U
B113: LOCALIZACIÓN | E113: DIMENSIONES | H113: CANTIDAD | I113: CANTIDAD EN U | J113: UNIDAD | K113: TOTAL
E114: Largo | F114: Ancho | G114: Alto | K114: ACUMULADO
B115: ZAPATAS 01 - 1,0 X 1,0 MTS - (COLUMNA TANQUE) | E115: 1 | F115: 1 | G115: 0.3 | H115: 1 | I115: 1 | J115: U | K115: =I115*H115 -> 1
A116: CANTIDAD TOTAL | K116: =SUM(K115:K115) -> 1
A118: ITEM | B118: 3,4 Construcción de Zapatas en concreto 3000 p.s.i. modulacion 0,60 mts x 0,60 mts x alto 0,30 mts, incluye acero: en ambos sentidos de 1/2" cada 0,18 mts | O118: UNIDAD | P118: U
B120: LOCALIZACIÓN | E120: DIMENSIONES | H120: CANTIDAD | I120: CANTIDAD EN U | J120: UNIDAD | K120: TOTAL
E121: Largo | F121: Ancho | G121: Alto | K121: ACUMULADO
B122: ZAPATAS 02 - 0,40 X 0,40 MTS - (CERRAMIENTO) | E122: 0.4 | F122: 0.4 | G122: 0.25 | H122: 8 | I122: 1 | J122: U | K122: =I122*H122 -> 8
A123: CANTIDAD TOTAL | K123: =SUM(K122:K122) -> 8
A125: ITEM | B125: 3,6 Construcción de Viga de Cimentacion en concreto de 3000 p.s.i, modulacion 0,25 mts x 0,25 mts, incluye acero: longitudinal 4 3/8" - Estnbos 3/8" cada 0,15 mts | O125: UNIDAD | P125: M
B127: LOCALIZACIÓN | E127: DIMENSIONES | H127: CANTIDAD | I127: CANTIDAD EN M | J127: UNIDAD | K127: TOTAL
E128: Largo | F128: Ancho | G128: Alto | K128: ACUMULADO
B129: CIMENTACION 02 - 0,25 X 0,25 MTS (CERRAMIENTO) | E129: =13.05+10.16 -> 23.21 | F129: 0.25 | G129: 0.25 | H129: 1 | I129: =E129 -> 23.21 | J129: M | K129: =I129*H129 -> 23.21
A130: CANTIDAD TOTAL | K130: =SUM(K129:K129) -> 23.21
A132: ITEM | B132: 3,7 Construcción de Pedestal en concreto de 3000 p.s.i, modulacion 0,45 mts x 0,45 mts, incluye acero: longitudinal 8 Fe= 1/2" - Estnbos 3/8" cada 0,10 mts | O132: UNIDAD | P132: M
B134: LOCALIZACIÓN | E134: DIMENSIONES | H134: CANTIDAD | I134: CANTIDAD EN M | J134: UNIDAD | K134: TOTAL
E135: Largo | F135: Ancho | G135: Alto | K135: ACUMULADO
B136: PEDESTAL COLUMNA TANQUE | E136: 1.5 | F136: 0.45 | G136: 0.45 | H136: 1 | I136: =E136 -> 1.5 | J136: M | K136: =I136*H136 -> 1.5
A137: CANTIDAD TOTAL | K137: =SUM(K136:K136) -> 1.5
...

Sheet CANT. DE OBRA SANTA COA
A1: EMPRESA SOCIAL DEL ESTADO
A2: HOSPITAL SAN NICOLAS DE TOLENTINO
A3: MUNICIPIO DE PINILLOS BOLIVAR
A4: PROYECTO: ADECUACIÓN Y MANTENIMIENTO DE LA ESE HOSPITAL SAN NICOLÁS DE TOLENTINO EN LA CABECERA MUNICIPAL DE PINILLOS Y LOS PUESTOS DE SALUD DE LOS CORREGIMIENTOS DE LAS CONCHITAS, PALENQUITO, PUERTO LÓPEZ Y SANTA COA, EN EL MUNICIPIO DE PINILLOS - DEPARTAMENTO DE BOLÍVAR
A5: CUADRO DE CANTIDADES DE OBRA
A7: E | B7: PUESTO DE SALUD SANTA COA
A8: ITEM | B8: 1.1 - Localizacion, trazado, replanteo y control topografico de la obra | O8: UNIDAD | P8: M2
B10: LOCALIZACIÓN | D10: Area Irregular m2 | E10: DIMENSIONES | H10: CANTIDAD | I10: CANTIDAD EN M2 | J10: UNIDAD | K10: TOTAL
E11: Largo | F11: Ancho | G11: Alto | K11: ACUMULADO
B12: AREA MURO DE PATIO | D12: 0 | E12: 42 | F12: 0.5 | G12: 0 | H12: 1 | I12: =E12*F12 -> 21 | J12: M2 | K12: =I12*H12 -> 21
B13: ANDEN LADO 01 | D13: 0 | E13: 17.79 | F13: 2 | G13: 0 | H13: 1 | I13: =E13*F13 -> 35.58 | J13: M2 | K13: =I13*H13 -> 35.58
B14: ANDEN PROTECCION | D14: 0 | E14: 19.05 | F14: 0.6 | G14: 0 | H14: 1 | I14: =E14*F14 -> 11.43 | J14: M2 | K14: =I14*H14 -> 11.43
A15: CANTIDAD TOTAL | K15: =SUM(K12:K14) -> 68.01
A17: ITEM | B17: 1.2 - Desmonte de cubierta existente | O17: UNIDAD | P17: M2
B19: LOCALIZACIÓN | D19: Area Irregular m2 | E19: DIMENSIONES | H19: CANTIDAD | I19: CANTIDAD EN M2 | J19: UNIDAD | K19: TOTAL
E20: Largo | F20: Ancho | G20: Alto | K20: ACUMULADO
B21: AREA CUBIERTA | D21: 93.85 | E21: 0 | F21: 0 | G21: 0 | H21: 1 | I21: =D21 -> 93.85 | J21: M2 | K21: =I21*H21 -> 93.85
A22: CANTIDAD TOTAL | K22: =SUM(K21:K21) -> 93.85
A24: ITEM | B24: 1.4 - Desmonte de cerchas metalicas | O24: UNIDAD | P24: M
B26: LOCALIZACIÓN | D26: Area Irregular m2 | E26: DIMENSIONES | H26: CANTIDAD | I26: CANTIDAD EN M | J26: UNIDAD | K26: TOTAL
E27: Largo | F27: Ancho | G27: Alto | K27: ACUMULADO
B28: CERCHAS CUBIERTA 1 | D28: 0 | E28: 9.38 | F28: 0 | G28: 0 | H28: 3 | I28: =E28 -> 9.38 | J28: M | K28: =I28*H28 -> 28.14
B29: CERCHAS CUBIERTA 2 | D29: 0 | E29: 10.88 | F29: 0 | G29: 0 | H29: 3 | I29: =E29 -> 10.88 | J29: M | K29: =I29*H29 -> 32.64
A30: CANTIDAD TOTAL | K30: =SUM(K28:K29) -> 60.78
A32: ITEM | B32: 1.5 - Desmonte del sistema electrico existente | O32: UNIDAD | P32: GLB
B34: LOCALIZACIÓN | D34: Area Irregular m2 | E34: DIMENSIONES | H34: CANTIDAD | I34: CANTIDAD EN GLB | J34: UNIDAD | K34: TOTAL
E35: Largo | F35: Ancho | G35: Alto | K35: ACUMULADO
B36: SISTEMA ELECTRICO GENERAL | D36: 0 | E36: 0 | F36: 0 | G36: 0 | H36: 1 | I36: 1 | J36: GLB | K36: =I36*H36 -> 1
A37: CANTIDAD TOTAL | K37: =SUM(K36:K36) -> 1
A39: ITEM | B39: 1.6 - Desmonte de lavamanos | O39: UNIDAD | P39: U
B41: LOCALIZACIÓN | D41: Area Irregular m2 | E41: DIMENSIONES | H41: CANTIDAD | I41: CANTIDAD EN U | J41: UNIDAD | K41: TOTAL
E42: Largo | F42: Ancho | G42: Alto | K42: ACUMULADO
B43: LAVAMANOS | D43: 0 | E43: 0 | F43: 0 | G43: 0 | H43: 2 | I43: 1 | J43: U | K43: =I43*H43 -> 2
A44: CANTIDAD TOTAL | K44: =SUM(K43:K43) -> 2
A46: ITEM | B46: 1.7 - Desmonte de sanitarios | O46: UNIDAD | P46: U
B48: LOCALIZACIÓN | D48: Area Irregular m2 | E48: DIMENSIONES | H48: CANTIDAD | I48: CANTIDAD EN U | J48: UNIDAD | K48: TOTAL
E49: Largo | F49: Ancho | G49: Alto | K49: ACUMULADO
B50: SANITARIOS | D50: 0 | E50: 0 | F50: 0 | G50: 0 | H50: 2 | I50: 1 | J50: U | K50: =I50*H50 -> 2
A51: CANTIDAD TOTAL | K51: =SUM(K50:K50) -> 2
A53: ITEM | B53: 1.12 - Limpieza y raspada de muros interiores y exteriores a pintar | O53: UNIDAD | P53: M2
B55: LOCALIZACIÓN | D55: Area Irregular m2 | E55: DIMENSIONES | H55: CANTIDAD | I55: CANTIDAD EN M2 | J55: UNIDAD | K55: TOTAL
E56: Largo | F56: Ancho | G56: Alto | K56: ACUMULADO
B57: INTERIOR | D57: =89.64*2 -> 179.28 | E57: 0 | F57: 0 | G57: 0.005 | H57: 1 | I57: =D57 -> 179.28 | J57: M2 | K57: =I57*H57 -> 179.28
B58: EXTERIOR | D58: =28.35*2 -> 56.7 | E58: 0 | F58: 0 | G58: 0.005 | H58: 1 | I58: =D58 -> 56.7 | J58: M2 | K58: =I58*H58 -> 56.7
A59: CANTIDAD TOTAL | K59: =SUM(K57:K58) -> 235.98
A61: ITEM | B61: 1.13 - Desmonte de Protectores de ventana | O61: UNIDAD | P61: U
B63: LOCALIZACIÓN | E63: DIMENSIONES | H63: CANTIDAD | I63: CANTIDAD EN U | J63: UNIDAD | K63: TOTAL
E64: Largo | F64: Ancho | G64: Alto | K64: ACUMULADO
B65: VENTANAS 1 | E65: 2 | F65: 0 | G65: 1 | H65: 2 | I65: 1 | J65: U | K65: =I65*H65 -> 2
B66: VENTANAS 2 | E66: 1 | F66: 0 | G66: 1 | H66: 1 | I66: 1 | J66: U | K66: =I66*H66 -> 1
B67: VENTANAS 3 | E67: 1.2 | F67: 0 | G67: 1.2 | H67: 2 | I67: 1 | J67: U | K67: =I67*H67 -> 2
A68: CANTIDAD TOTAL | K68: =SUM(K65:K67) -> 5
A70: ITEM | B70: 1.14 - Demolición de Muro existente | O70: UNIDAD | P70: M2
B72: LOCALIZACIÓN | D72: Area Irregular m2 | E72: DIMENSIONES | H72: CANTIDAD | I72: CANTIDAD EN M2 | J72: UNIDAD | K72: TOTAL
E73: Largo | F73: Ancho | G73: Alto | K73: ACUMULADO
B74: AREA DE MURO EXISTENTE | D74: 0 | E74: 42 | F74: 0 | G74: 2.5 | H74: 1 | I74: =E74*G74 -> 105 | J74: M2 | K74: =I74*H74 -> 105
A75: CANTIDAD TOTAL | K75: =SUM(K74:K74) -> 105
A77: ITEM | B77: 1.15 - Demolición de Ceramica existente | O77: UNIDAD | P77: M2
B79: LOCALIZACIÓN | D79: Area Irregular m2 | E79: DIMENSIONES | H79: CANTIDAD | I79: CANTIDAD EN M2 | J79: UNIDAD | K79: TOTAL
E80: Largo | F80: Ancho | G80: Alto | K80: ACUMULADO
B81: AREA IRREGULAR CERAMICA | D81: 79.65 | E81: 0 | F81: 0 | G81: 0 | H81: 1 | I81: =D81 -> 79.65 | J81: M2 | K81: =I81*H81 -> 79.65
A82: CANTIDAD TOTAL | K82: =SUM(K81:K81) -> 79.65
A84: ITEM | B84: 1.16 - Demolición de Viga Dintel existente | O84: UNIDAD | P84: M
B86: LOCALIZACIÓN | D86: Area Irregular m2 | E86: DIMENSIONES | H86: CANTIDAD | I86: CANTIDAD EN M | J86: UNIDAD | K86: TOTAL
E87: Largo | F87: Ancho | G87: Alto | K87: ACUMULADO
B88: DINTELES PUERTAS | D88: 0 | E88: 1.2 | F88: 0.1 | G88: 0.2 | H88: 8 | I88: =E88 -> 1.2 | J88: M | K88: =I88*H88 -> 9.6
A89: CANTIDAD TOTAL | K89: =SUM(K88:K88) -> 9.6
A91: ITEM | B91: 1.17 - Desmonte de Puertas existentes | O91: UNIDAD | P91: U
B93: LOCALIZACIÓN | E93: DIMENSIONES | H93: CANTIDAD | I93: CANTIDAD EN U | J93: UNIDAD | K93: TOTAL
E94: Largo | F94: Ancho | G94: Alto | K94: ACUMULADO
B95: PUERTAS 1 | E95: 1 | F95: 0 | G95: 2 | H95: 2 | I95: 1 | J95: U | K95: =I95*H95 -> 2
B96: PUERTAS 2 | E96: 0.9 | F96: 0 | G96: 2 | H96: 4 | I96: 1 | J96: U | K96: =I96*H96 -> 4
B97: PUERTAS 3 | E97: 0.7 | F97: 0 | G97: 2 | H97: 3 | I97: 1 | J97: U | K97: =I97*H97 -> 3
A98: CANTIDAD TOTAL | K98: =SUM(K95:K97) -> 9
A100: ITEM | B100: 1.18 - Desmonte de Ventanas existentes | O100: UNIDAD | P100: U
B102: LOCALIZACIÓN | E102: DIMENSIONES | H102: CANTIDAD | I102: CANTIDAD EN U | J102: UNIDAD | K102: TOTAL
E103: Largo | F103: Ancho | G103: Alto | K103: ACUMULADO
B104: VENTANAS 1 | E104: 2 | F104: 0 | G104: 1 | H104: 2 | I104: 1 | J104: U | K104: =I104*H104 -> 2
A105: CANTIDAD TOTAL | K105: =SUM(K104:K104) -> 2
A107: ITEM | B107: 1.20 - Cargue, transporte y disposición final de material sobrante en sitio autorizado | O107: UNIDAD | P107: M3
B109: LOCALIZACIÓN | D109: volumen de Expansion % | E109: DIMENSIONES | H109: CANTIDAD | I109: CANTIDAD EN M3 | J109: UNIDAD | K109: TOTAL
E110: CANTIDAD M2 | G110: Espesor | K110: ACUMULADO
B111: DEMOLICIONES MURO | D111: 1.3 | E111: =K75 -> 105 | G111: 0.15 | H111: 1 | I111: =E111*G111 -> 15.75 | J111: M3 | K111: =I111*D111 -> 20.475
B112: DESMONTES CUBIERTA | D112: 1.3 | E112: =K22 -> 93.85 | G112: 0.05 | H112: 1 | I112: =E112*G112 -> 4.6925 | J112: M3 | K112: =I112*D112 -> 6.10025
B113: DESMONTES CERAMICA | D113: 1.3 | E113: =K82 -> 79.65 | G113: 0.05 | H113: 1 | I113: =E113*G113 -> 3.9825 | J113: M3 | K113: =I113*D113 -> 5.17725
B114: DESMONTES VIGA DINTEL | D114: 1.3 | E114: =K89*0.2 -> 1.92 | G114: 0.2 | H114: 1 | I114: =E114*G114 -> 0.384 | J114: M3 | K114: =I114*D114 -> 0.4992
A115: CANTIDAD TOTAL | K115: =SUM(K111:K114) -> 32.2517
A117: ITEM | B117: 2,1 Excavaciones manuales (No Incluye retiro de material sobrante) | O117: UNIDAD | P117: M3
B119: LOCALIZACIÓN | E119: DIMENSIONES | H119: CANTIDAD | I119: CANTIDAD EN M3 | J119: UNIDAD | K119: TOTAL
E120: Largo | F120: Ancho | G120: Alto | K120: ACUMULADO
B121: ZAPATAS 01 - 1,0 X 1,0 MTS - (COLUMNA TANQUE) | E121: 1 | F121: 1 | G121: 1.2 | H121: 1 | I121: =(E121*F121*G121) -> 1.2 | J121: M3 | K121: =I121*H121 -> 1.2
B122: ZAPATAS 02 - 0,40 X 0,40 MTS - (CERRAMIENTO) | E122: 0.4 | F122: 0.4 | G122: 0.9 | H122: 15 | I122: =(E122*F122*G122) -> 0.144 | J122: M3 | K122: =I122*H122 -> 2.16
B123: CIMENTACION 01 - 0,25 X 0,25 MTS (CERRAMIENTO) | E123: 42 | F123: 0.25 | G123: 0.25 | H123: 1 | I123: =(E123*F123*G123) -> 2.625 | J123: M3 | K123: =I123*H123 -> 2.625
B124: CIMENTACION 01 - 0,25 X 0,25 MTS (PROTECCION) | E124: 19.05 | F124: 0.25 | G124: 0.25 | H124: 1 | I124: =(E124*F124*G124) -> 1.190625 | J124: M3 | K124: =I124*H124 -> 1.190625
B125: TANQUE SEPTICO - 2,30 X 1,25 X 1,15 MTS | E125: 2.5 | F125: 1.5 | G125: 1.6 | H125: 1 | I125: =(E125*F125*G125) -> 6 | J125: M3 | K125: =I125*H125 -> 6
A126: CANTIDAD TOTAL | K126: =SUM(K121:K125) -> 13.175625
A128: ITEM | B128: 2,2 Relleno con material comun de excavacion (Zapatas) | O128: UNIDAD | P128: M3
B130: LOCALIZACIÓN | D130: DESCUENTO M3 | E130: DIMENSIONES | H130: CANTIDAD | I130: CANTIDAD EN M3 | J130: UNIDAD | K130: TOTAL
E131: Largo | F131: Ancho | G131: Alto | K131: ACUMULADO
B132: ZAPATAS 01 - 1,0 X 1,0 MTS - (COLUMNA TANQUE) | D132: =(0.3*0.3*0.6*H132) -> 0.054 | E132: 1 | F132: 1 | G132: 1.2 | H132: 1 | I132: =(E132*F132*G132) -> 1.2 | J132: M3 | K132: =(I132*H132)-D132 -> 1.146
...

Sheet APUS
B1: EMPRESA SOCIAL DEL ESTADO | H1: ANÁLISIS DE PRECIOS UNITARIOS
B2: HOSPITAL SAN NICOLAS DE TOLENTINO
B3: MUNICIPIO DE PINILLOS BOLIVAR | H3: ITEM 1,1 Localizacion, trazado, replanteo y control topografico de la obra
B6: PROYECTO: ADECUACIÓN Y MANTENIMIENTO DE LA ESE HOSPITAL SAN NICOLÁS DE TOLENTINO EN LA CABECERA MUNICIPAL DE PINILLOS Y LOS PUESTOS DE SALUD DE LOS CORREGIMIENTOS DE LAS CONCHITAS, PALENQUITO, PUERTO LÓPEZ Y SANTA COA, EN EL MUNICIPIO DE PINILLOS - DEPARTAMENTO DE BOLÍVAR
H9: UNIDAD : | I9: M2
B11: I. EQUIPO
B12: Descripción | E12: Tipo | F12: Tarifa/Dia | G12: Rendimiento | H12: Valor-Unit.
B13: EQUIPO DE TOPOGRAFIA | F13: ='HERRAMIENTAS Y EQUIPOS'!C10 -> 75000 | G13: 300 | H13: =F13/G13 -> 250
B14: HERRAMIENTAS MENORES (5% M.O.) | H14: =I35*0.05 -> 61.930458
H16: Sub-Total | I16: =SUM(H13:H15) -> 311.93046
B17: II. MATERIALES EN OBRA
B18: Descripción | E18: Unidad | F18: Precio-Unit. | G18: Cantidad | H18: Valor-Unit.
B19: Puntillas de hierro 11/2" | E19: Lbrs | F19: =MATERIALES!F8 -> 7500 | G19: 0.025 | H19: =F19*G19 -> 187.5
B20: Cal (10kgrs) | E20: Kgr | F20: =MATERIALES!F20 -> 2100 | G20: =G19 -> 0.025 | H20: =F20*G20 -> 52.5
B21: Liston en madera 4"x2"x3,0mtrs | E21: U. | F21: =MATERIALES!F24 -> 17500 | G21: =G19 -> 0.025 | H21: =F21*G21 -> 437.5
H23: Sub-Total | I23: =SUM(H19:H22) -> 677.5
B24: III. TRANSPORTES
B25: Material | D25: Vol. Peso ó Cant. | E25: Distancia | F25: M3-Km | G25: Tarifa | H25: Valor-Unit.
B26: MATERIALES | D26: 0.035 | E26: 15 | F26: =E26*D26 -> 0.525 | G26: 1100 | H26: =G26*F26 -> 577.5
H28: Sub-Total | I28: =SUM(H26:H27) -> 577.5
B29: IV. MANO DE OBRA
B30: Trabajador | D30: Jornal | E30: Prestaciones | F30: Jornal Total | G30: Rendimiento | H30: Valor-Unit.
B31: TOPOGRAFO | D31: ='MANO DE OBRA'!E19 -> 108333 | E31: 1.75 | F31: =+E31*D31 -> 189582.75 | G31: =G13 -> 300 | H31: =+F31/G31 -> 631.9425
B32: CADENERO | D32: ='MANO DE OBRA'!E20 -> 52000 | E32: 1.75 | F32: =+E32*D32 -> 91000 | G32: =G13 -> 300 | H32: =+F32/G32 -> 303.33333
B33: AUXILIARES (2) | D33: ='MANO DE OBRA'!E14 -> 52000 | E33: 1.75 | F33: =+E33*D33 -> 91000 | G33: =G13 -> 300 | H33: =+F33/G33 -> 303.33333
H35: Sub-Total | I35: =SUM(H31:H34) -> 1238.6092
F37: TOTAL COSTO DIRECTO | I37: =ROUND((I16+I23+I28+I35),0) -> 2806
B55: EMPRESA SOCIAL DEL ESTADO | H55: ANÁLISIS DE PRECIOS UNITARIOS
B56: HOSPITAL SAN NICOLAS DE TOLENTINO
B57: MUNICIPIO DE PINILLOS BOLIVAR | H57: ITEM 1,2 - Desmonte de cubierta existente
B60: PROYECTO: ADECUACIÓN Y MANTENIMIENTO DE LA ESE HOSPITAL SAN NICOLÁS DE TOLENTINO EN LA CABECERA MUNICIPAL DE PINILLOS Y LOS PUESTOS DE SALUD DE LOS CORREGIMIENTOS DE LAS CONCHITAS, PALENQUITO, PUERTO LÓPEZ Y SANTA COA, EN EL MUNICIPIO DE PINILLOS - DEPARTAMENTO DE BOLÍVAR
H63: UNIDAD : | I63: M2
B65: I. EQUIPO
B66: Descripción | E66: Tipo | F66: Tarifa/Hora | G66: Rendimiento | H66: Valor-Unit.
B67: HERRAMIENTAS MENORES (5% M.O.) | H67: =I85*0.05 -> 780
H69: Sub-Total | I69: =SUM(H67:H67) -> 780
B70: II. MATERIALES EN OBRA
B71: Descripción | E71: Unidad | F71: Precio-Unit. | G71: Cantidad | H71: Valor-Unit.
H75: Sub-Total | I75: =SUM(H72:H74) -> 0
B76: III. TRANSPORTES
B77: Material | D77: Vol. Peso ó Cant. | E77: Distancia | F77: M3-Km | G77: Tarifa | H77: Valor-Unit.
H80: Sub-Total | I80: =SUM(H78:H78) -> 0
B81: IV. MANO DE OBRA
B82: Trabajador | D82: Jornal | E82: Prestaciones | F82: Jornal Total | G82: Rendimiento | H82: Valor-Unit.
B83: OBREROS (6) | D83: ='MANO DE OBRA'!E14*6 -> 312000 | E83: 1.75 | F83: =+E83*D83 -> 546000 | G83: 35 | H83: =+F83/G83 -> 15600
H85: Sub-Total | I85: =SUM(H83:H84) -> 15600
F87: TOTAL COSTO DIRECTO | I87: =ROUND((I69+I75+I80+I85),0) -> 16380
B110: EMPRESA SOCIAL DEL ESTADO | H110: ANÁLISIS DE PRECIOS UNITARIOS
B111: HOSPITAL SAN NICOLAS DE TOLENTINO
B112: MUNICIPIO DE PINILLOS BOLIVAR | H112: ITEM 1,3 - Desmonte de cielo raso existente
B115: PROYECTO: ADECUACIÓN Y MANTENIMIENTO DE LA ESE HOSPITAL SAN NICOLÁS DE TOLENTINO EN LA CABECERA MUNICIPAL DE PINILLOS Y LOS PUESTOS DE SALUD DE LOS CORREGIMIENTOS DE LAS CONCHITAS, PALENQUITO, PUERTO LÓPEZ Y SANTA COA, EN EL MUNICIPIO DE PINILLOS - DEPARTAMENTO DE BOLÍVAR
H118: UNIDAD : | I118: M2
B120: I. EQUIPO
B121: Descripción | E121: Tipo | F121: Tarifa/Hora | G121: Rendimiento | H121: Valor-Unit.
B122: HERRAMIENTAS MENORES (5% M.O.) | H122: =I140*0.05 -> 606.66667
H124: Sub-Total | I124: =SUM(H122:H122) -> 606.66667
B125: II. MATERIALES EN OBRA
B126: Descripción | E126: Unidad | F126: Precio-Unit. | G126: Cantidad | H126: Valor-Unit.
H130: Sub-Total | I130: =SUM(H127:H129) -> 0
B131: III. TRANSPORTES
B132: Material | D132: Vol. Peso ó Cant. | E132: Distancia | F132: M3-Km | G132: Tarifa | H132: Valor-Unit.
H135: Sub-Total | I135: =SUM(H133:H133) -> 0
B136: IV. MANO DE OBRA
B137: Trabajador | D137: Jornal | E137: Prestaciones | F137: Jornal Total | G137: Rendimiento | H137: Valor-Unit.
B138: OBREROS (6) | D138: ='MANO DE OBRA'!E14*6 -> 312000 | E138: 1.75 | F138: =+E138*D138 -> 546000 | G138: 45 | H138: =+F138/G138 -> 12133.333
H140: Sub-Total | I140: =SUM(H138:H139) -> 12133.333
F142: TOTAL COSTO DIRECTO | I142: =ROUND((I124+I130+I135+I140),0) -> 12740
B165: EMPRESA SOCIAL DEL ESTADO | H165: ANÁLISIS DE PRECIOS UNITARIOS
B166: HOSPITAL SAN NICOLAS DE TOLENTINO
B167: MUNICIPIO DE PINILLOS BOLIVAR | H167: ITEM 1,4 - Desmonte de cerchas metalicas
B170: PROYECTO: ADECUACIÓN Y MANTENIMIENTO DE LA ESE HOSPITAL SAN NICOLÁS DE TOLENTINO EN LA CABECERA MUNICIPAL DE PINILLOS Y LOS PUESTOS DE SALUD DE LOS CORREGIMIENTOS DE LAS CONCHITAS, PALENQUITO, PUERTO LÓPEZ Y SANTA COA, EN EL MUNICIPIO DE PINILLOS - DEPARTAMENTO DE BOLÍVAR
H173: UNIDAD : | I173: ML
B175: I. EQUIPO
B176: Descripción | E176: Tipo | F176: Tarifa/Hora | G176: Rendimiento | H176: Valor-Unit.
B177: HERRAMIENTAS MENORES (5% M.O.) | H177: =I195*0.05 -> 546
H179: Sub-Total | I179: =SUM(H177:H177) -> 546
B180: II. MATERIALES EN OBRA
B181: Descripción | E181: Unidad | F181: Precio-Unit. | G181: Cantidad | H181: Valor-Unit.
H185: Sub-Total | I185: =SUM(H182:H184) -> 0
B186: III. TRANSPORTES
B187: Material | D187: Vol. Peso ó Cant. | E187: Distancia | F187: M3-Km | G187: Tarifa | H187: Valor-Unit.
H190: Sub-Total | I190: =SUM(H188:H188) -> 0
B191: IV. MANO DE OBRA
B192: Trabajador | D192: Jornal | E192: Prestaciones | F192: Jornal Total | G192: Rendimiento | H192: Valor-Unit.
B193: OBREROS (6) | D193: ='MANO DE OBRA'!E14*6 -> 312000 | E193: 1.75 | F193: =+E193*D193 -> 546000 | G193: 50 | H193: =+F193/G193 -> 10920
H195: Sub-Total | I195: =SUM(H193:H194) -> 10920
F197: TOTAL COSTO DIRECTO | I197: =ROUND((I179+I185+I190+I195),0) -> 11466
B220: EMPRESA SOCIAL DEL ESTADO | H220: ANÁLISIS DE PRECIOS UNITARIOS
B221: HOSPITAL SAN NICOLAS DE TOLENTINO
B222: MUNICIPIO DE PINILLOS BOLIVAR | H222: ITEM 1,5 - Desmonte del sistema electrico existente
B225: PROYECTO: ADECUACIÓN Y MANTENIMIENTO DE LA ESE HOSPITAL SAN NICOLÁS DE TOLENTINO EN LA CABECERA MUNICIPAL DE PINILLOS Y LOS PUESTOS DE SALUD DE LOS CORREGIMIENTOS DE LAS CONCHITAS, PALENQUITO, PUERTO LÓPEZ Y SANTA COA, EN EL MUNICIPIO DE PINILLOS - DEPARTAMENTO DE BOLÍVAR
H228: UNIDAD : | I228: GLB
B230: I. EQUIPO
B231: Descripción | E231: Tipo | F231: Tarifa/Hora | G231: Rendimiento | H231: Valor-Unit.
B232: HERRAMIENTAS MENORES (5% M.O.) | H232: =I251*0.05 -> 29322.183
H234: Sub-Total | I234: =SUM(H232:H232) -> 29322.183
B235: II. MATERIALES EN OBRA
B236: Descripción | E236: Unidad | F236: Precio-Unit. | G236: Cantidad | H236: Valor-Unit.
H240: Sub-Total | I240: =SUM(H237:H239) -> 0
B241: III. TRANSPORTES
...

Sheet PRESUPUESTO ADMON
A3: PROYECTO: ADECUACIÓN Y MANTENIMIENTO DE LA ESE HOSPITAL SAN NICOLÁS DE TOLENTINO EN LA CABECERA MUNICIPAL DE PINILLOS Y LOS PUESTOS DE SALUD DE LOS CORREGIMIENTOS DE LAS CONCHITAS, PALENQUITO, PUERTO LÓPEZ Y SANTA COA, EN EL MUNICIPIO DE PINILLOS - DEPARTAMENTO DE BOLÍVAR
A4: Presupuesto Administracion (A.I.U)
A6: VALOR TOTAL COSTO DIRECTO OBRA | K6: ='PRESUPUESTO OBRA'!$G$671 -> 0
A8: 1 | B8: SALARIOS PERSONAL DE OBRA, OFICINA Y VIGILANCIA | K8: =I43+I35+I22 -> 346521000
A9: A | B9: PERSONAL PROFESIONAL | J9: =K8/K6 -> #DIV/0!
A10: CANT | B10: CONCEPTO | C10: A | D10: B | E10: C | F10: D | G10: E | H10: F | I10: G
B11: PERSONAL PROFESIONAL | C11: SUELDO MES BASICO X PERSONA | D11: SUELDO MES BASICO | E11: % DEDICACION | F11: F.M. | G11: VALOR MES (AXBXC) | H11: No DE MESES | I11: TOTAL (DXE)
A13: 1 | B13: Director de Obra | C13: =1160000*6 -> 6960000 | D13: =C13*A13 -> 6960000 | E13: 100 | F13: 1.75 | G13: =+D13*E13*F13/100 -> 12180000 | H13: 6 | I13: =+G13*H13 -> 73080000
A14: 1 | B14: Residente de Obra | C14: =1160000*2.7 -> 3132000 | D14: =C14*A14 -> 3132000 | E14: 100 | F14: 1.75 | G14: =+D14*E14*F14/100 -> 5481000 | H14: 6 | I14: =+G14*H14 -> 32886000
A15: 1 | B15: Ingeniero Hidarulico | C15: =1160000*3 -> 3480000 | D15: =C15*A15 -> 3480000 | E15: 50 | F15: 1.75 | G15: =+D15*E15*F15/100 -> 3045000 | H15: 6 | I15: =+G15*H15 -> 18270000
A16: 1 | B16: Ingeniero Estructural | C16: =1160000*3 -> 3480000 | D16: =C16*A16 -> 3480000 | E16: 50 | F16: 1.75 | G16: =+D16*E16*F16/100 -> 3045000 | H16: 6 | I16: =+G16*H16 -> 18270000
A17: 1 | B17: Ingeniero Ambiental | C17: =1160000*3 -> 3480000 | D17: =C17*A17 -> 3480000 | E17: 25 | F17: 1.75 | G17: =+D17*E17*F17/100 -> 1522500 | H17: 6 | I17: =+G17*H17 -> 9135000
A18: 1 | B18: Trabajadora Social | C18: =1160000*2.5 -> 2900000 | D18: =C18*A18 -> 2900000 | E18: 25 | F18: 1.75 | G18: =+D18*E18*F18/100 -> 1268750 | H18: 6 | I18: =+G18*H18 -> 7612500
A19: 1 | B19: Contador Publico | C19: =1160000*2.5 -> 2900000 | D19: =C19*A19 -> 2900000 | E19: 25 | F19: 1.75 | G19: =+D19*E19*F19/100 -> 1268750 | H19: 6 | I19: =+G19*H19 -> 7612500
A20: 1 | B20: Profesional SISO | C20: =1160000*2 -> 2320000 | D20: =C20*A20 -> 2320000 | E20: 100 | F20: 1.75 | G20: =+D20*E20*F20/100 -> 4060000 | H20: 6 | I20: =+G20*H20 -> 24360000
B22: SUBTOTAL COSTO PERSONAL PROFESIONAL (4) | I22: =SUM(I13:I20) -> 191226000
A24: B | B24: PERSONAL TECNICO Y ADMINISTRATIVO
B25: CONCEPTO | C25: A | D25: B | E25: C | F25: D | G25: E | H25: F | I25: G
B26: PERSONAL TECNICO | C26: SUELDO MES BASICO X PERSONA | D26: SUELDO MES BASICO | E26: % DEDICACION | F26: F.M. | G26: VALOR MES (AXBXC) | H26: No DE MESES | I26: TOTAL (DXE)
A28: 1 | B28: Secretaria | C28: =1160000*1.25 -> 1450000 | D28: =C28*A28 -> 1450000 | E28: 100 | F28: 1.75 | G28: =+D28*E28*F28/100 -> 2537500 | H28: 6 | I28: =+G28*H28 -> 15225000
A29: 1 | B29: Auxiliar Administrativo | C29: =1160000*1.25 -> 1450000 | D29: =C29*A29 -> 1450000 | E29: 100 | F29: 1.75 | G29: =+D29*E29*F29/100 -> 2537500 | H29: 6 | I29: =+G29*H29 -> 15225000
A30: 1 | B30: Auxiliar Contable | C30: =1160000*1.25 -> 1450000 | D30: =C30*A30 -> 1450000 | E30: 100 | F30: 1.75 | G30: =+D30*E30*F30/100 -> 2537500 | H30: 6 | I30: =+G30*H30 -> 15225000
A31: 1 | B31: Mensajero | C31: =1160000*1 -> 1160000 | D31: =C31*A31 -> 1160000 | E31: 100 | F31: 1.75 | G31: =+D31*E31*F31/100 -> 2030000 | H31: 6 | I31: =+G31*H31 -> 12180000
A32: 1 | B32: Conductor | C32: =1160000*1.5 -> 1740000 | D32: =C32*A32 -> 1740000 | E32: 100 | F32: 1.75 | G32: =+D32*E32*F32/100 -> 3045000 | H32: 6 | I32: =+G32*H32 -> 18270000
A33: 1 | B33: Almacenista | C33: =1160000*1.5 -> 1740000 | D33: =C33*A33 -> 1740000 | E33: 100 | F33: 1.75 | G33: =+D33*E33*F33/100 -> 3045000 | H33: 6 | I33: =+G33*H33 -> 18270000
B35: SUBTOTAL COSTO PERSONAL TECNICO (2) | I35: =SUM(I28:I33) -> 94395000
A37: C | B37: PERSONAL DE SEGURIDAD Y SERVICIOS
B38: CONCEPTO | C38: A | D38: B | E38: C | F38: D | G38: E | H38: F | I38: G
B39: PERSONAL TECNICO | C39: SUELDO MES BASICO X PERSONA | D39: SUELDO MES BASICO | E39: % DEDICACION | F39: F.M. | G39: VALOR MES (AXBXC) | H39: No DE MESES | I39: TOTAL (DXE)
A41: 4 | B41: Vigilante Diurno y Nocturno | C41: =1160000*1.25 -> 1450000 | D41: =C41*A41 -> 5800000 | E41: 100 | F41: 1.75 | G41: =+D41*E41*F41/100 -> 10150000 | H41: 6 | I41: =+G41*H41 -> 60900000
B43: SUBTOTAL COSTO PERSONAL DE SEGURIDAD (1) | I43: =SUM(I41:I41) -> 60900000
A45: 2 | B45: GASTOS OPERACIONALES | K45: =SUM(I46:I56) -> 1.3389867e+08
A46: 2.1 | B46: Suministro y consumo de servicios Públicos durante la ejecución del proyecto | F46: MES | G46: 6 | H46: 600000 | I46: =H46*G46 -> 3600000 | J46: =K45/K6 -> #DIV/0!
A47: 2.2 | B47: Ensayos de Control de Calidad | F47: MES | G47: 6 | H47: 3400000 | I47: =H47*G47 -> 20400000
A48: 2.3 | B48: Papelería/Empastes | F48: MES | G48: 6 | H48: 199778.24 | I48: =H48*G48 -> 1198669.4
A49: 2.4 | B49: Copias/ planos/ Fotocopias | F49: MES | G49: 6 | H49: 250000 | I49: =H49*G49 -> 1500000
A50: 2.5 | B50: Mantenimiento Equipos/Herramientas | F50: MES | G50: 6 | H50: 7200000 | I50: =H50*G50 -> 43200000
A51: 2.6 | B51: Registro Fotográfico/Videos/Informes | F51: U | G51: 2 | H51: 800000 | I51: =H51*G51 -> 1600000
A52: 2.7 | B52: Registro y Elaboración Planos Récord | F52: U | G52: 2 | H52: 2400000 | I52: =H52*G52 -> 4800000
A53: 2.8 | B53: Transportes / almacenamiento | F53: MES | G53: 6 | H53: 5000000 | I53: =H53*G53 -> 30000000
A54: 2.9 | B54: Costo Proporcional Oficina Central | F54: MES | G54: 6 | H54: 2500000 | I54: =H54*G54 -> 15000000
A55: 2.10 | B55: Valla informativa | F55: U | G55: 2 | H55: 1800000 | I55: =H55*G55 -> 3600000
A56: 2.11 | B56: Campamento Temporal | F56: U | G56: 2 | H56: 4500000 | I56: =H56*G56 -> 9000000
A58: ITEM | B58: DESCRIPCION | F58: % | G58: TOMADO DEL COSTO DIRECTO OBRA | H58: PORCENTAJE VALOR | I58: VALOR POLIZA | J58: % | K58: Vr. PARCIAL
A59: 3 | B59: GASTOS DE LEGALIZACIÓN | K59: =SUM(I60:I66) -> 0
A60: 3.1 | B60: Estampillas Pro-desarrollo y Pro-cultura | F60: 1 | G60: =K6*F60 -> 0 | H60: 0.035 | I60: =H60*G60 -> 0 | J60: =K59/K6 -> #DIV/0!
A61: 3.2 | B61: Impuesto de Seguridad | F61: 1 | G61: =K6 -> 0 | H61: 0.05 | I61: =H61*G61 -> 0
A62: 3.3 | B62: Póliza Anticipo | F62: 0.4 | G62: =K6*F62 -> 0 | H62: 0.0009 | I62: =H62*G62 -> 0
A63: 3.4 | B63: Póliza Cumplimiento | F63: 0.1 | G63: =K6*F63 -> 0 | H63: 0.0007 | I63: =H63*G63 -> 0
A64: 3.5 | B64: Póliza Prestaciones | F64: 0.1 | G64: =K6*F64 -> 0 | H64: 0.003 | I64: =H64*G64 -> 0
A65: 3.6 | B65: Póliza Responsabilidad Civil | F65: 0.5 | G65: =K6*F65 -> 0 | H65: 0.0012 | I65: =H65*G65 -> 0
A66: 3.7 | B66: Póliza Estabilidad | F66: 0.5 | G66: =K6*F66 -> 0 | H66: 0.0008 | I66: =H66*G66 -> 0
A68: 1 | B68: ADMINISTRACION | F68: % | G68: 22 | K68: =K59+K45+K8 -> 4.8041967e+08
A69: 2 | B69: UTILIDAD | F69: % | G69: 5 | K69: ='PRESUPUESTO OBRA'!$G$673 -> 0
A70: 3 | B70: IMPREVISTOS | F70: % | G70: 3 | K70: ='PRESUPUESTO OBRA'!$G$674 -> 0
B72: TOTAL A.I.U. | K72: =SUM(K68:K71) -> 4.8041967e+08
B78: ARQ. CHEDID PABA PIÑERES
B79: Secretario de Planeación y Obras Públicas

Sheet FM ADMON
A3: PROYECTO: ADECUACIÓN Y MANTENIMIENTO DE LA ESE HOSPITAL SAN NICOLÁS DE TOLENTINO EN LA CABECERA MUNICIPAL DE PINILLOS Y LOS PUESTOS DE SALUD DE LOS CORREGIMIENTOS DE LAS CONCHITAS, PALENQUITO, PUERTO LÓPEZ Y SANTA COA, EN EL MUNICIPIO DE PINILLOS - DEPARTAMENTO DE BOLÍVAR
A5: Analisis Unitario - Prestaciones Sociales Obra
A7: CALCULO DEL FACTOR PRESTACIONAL
A9: COMPONENTE | B9: DESCRIPCIÓN | C9: CALCULO | D9: VALOR (%)
A10: A | B10: SUELDOS O SALARIOS | D10: 1
A12: B | B12: PRESTACIONES SOCIALES
B13: Cesantías | C13: (%A) | D13: 0.11
B14: Intereses sobre las cesantías | C14: (%A) | D14: 0.01
B15: Prima anual (legal) | C15: (%A) | D15: 0.0833
B16: Vacaciones | C16: (%A) | D16: 0.0417
B17: Seguridad Social (salud ) | C17: (%A) | D17: 0.085
B18: Seguridad Social (pensión) | C18: (%A) | D18: 0.12
B19: ARL | C19: (%A) | D19: 0.0696
B20: SENA | C20: (%A) | D20: 0.02
B21: ICBF | C21: (%A) | D21: 0.03
B22: Caja de Compensación Familiar | C22: (%A) | D22: 0.03
B23: Fondo de Solidaridad Pensional | C23: (%A) | D23: 0.005
B24: Indemnización de ley | C24: (%A) | D24: 0.03
... B26: Otros (Incapacidad no cubierta EPS , Auxilios varios) | C26: (%A) | D26: 0.01
B27: Subtotal B | D27: =SUM(D13:D26) -> 0.6746
A29: C | B29: DOTACION
B30: Dotacion | C30: (%A) | D30: 0.0446
B31: Implementos de Seguridad | C31: (%A) | D31: 0.0357
A33: C. | B33: FACTOR MULTIPLICADOR (SUMA A + B) | D33: =+D10+D27+D30+D31 -> 1.7549
B35: FACTOR MULTIPLICADOR | D35: =D33/100 -> 0.017549

Sheet CRONOGRAMA DE ACTIVIDADES
A2: SECRETARIA DE PLANEACION Y OBRAS PUBLICAS
A3: PROYECTO: CONSTRUCCION DE DIFERENTES OBRAS DE RECREACION Y DEPORTE EN LA CABECERA URBANA DEL MUNICIPIO DE PINILLOS, DEPARTAMENTO DE BOLIVAR
A4: Cronograma de Actividades
A6: 1 | B6: OBRAS PRELIMINARES
A7: ITEM | B7: ACTIVIDAD | C7: MES 01 | AA7: MES 02 | AY7: MES 03 | BW7: MES 04 | CU7: MES 05 | DS7: MES 06
C8: SEM 1 | I8: SEM 2 | O8: SEM 3 | U8: SEM 4 | AA8: SEM 1 | AG8: SEM 2 | AM8: SEM 3 | AS8: SEM 4 | AY8: SEM 1 | BE8: SEM 2 | BK8: SEM 3 | BQ8: SEM 4 | BW8: SEM 1 | CC8: SEM 2 | CI8: SEM 3 | CO8: SEM 4 | CU8: SEM 1 | DA8: SEM 2 | DG8: SEM 3 | DM8: SEM 4 | DS8: SEM 1 | DY8: SEM 2 | EE8: SEM 3 | EK8: SEM 4
C9: LUN - SAB | I9: LUN - SAB | O9: LUN - SAB | U9: LUN - SAB | AA9: LUN - SAB | AG9: LUN - SAB | AM9: LUN - SAB | AS9: LUN - SAB | AY9: LUN - SAB | BE9: LUN - SAB | BK9: LUN - SAB | BQ9: LUN - SAB | BW9: LUN - SAB | CC9: LUN - SAB | CI9: LUN - SAB | CO9: LUN - SAB | CU9: LUN - SAB | DA9: LUN - SAB | DG9: LUN - SAB | DM9: LUN - SAB | DS9: LUN - SAB | DY9: LUN - SAB | EE9: LUN - SAB | EK9: LUN - SAB
A10: 1.1 | B10: Localizacion, trazado, replanteo y control topografico de la obra
A11: 1.2 | B11: Desmonte y Demolicion de estructuras existentes (cancha Existente, edificaciones y demas encontradas en el area del proyecto)
A12: 1.3 | B12: Perfilacion y nivelacion del terreno - Area del Proyecto
A13: 1.4 | B13: Relleno con material granular transportado compactado al 90%, con maquina - (Relleno para Nivelacion de Area de Proyecto)
A14: 1.5 | B14: Cargue, transporte y disposición final de material sobrante en sitio autorizado
A16: 2 | B16: EXCAVACIONES, NIVELACIONES Y RELLENOS
A17: ITEM | B17: ACTIVIDAD | C17: MES 01 | AA17: MES 02 | AY17: MES 03 | BW17: MES 04 | CU17: MES 05 | DS17: MES 06
C18: SEM 1 | I18: SEM 2 | O18: SEM 3 | U18: SEM 4 | AA18: SEM 1 | AG18: SEM 2 | AM18: SEM 3 | AS18: SEM 4 | AY18: SEM 1 | BE18: SEM 2 | BK18: SEM 3 | BQ18: SEM 4 | BW18: SEM 1 | CC18: SEM 2 | CI18: SEM 3 | CO18: SEM 4 | CU18: SEM 1 | DA18: SEM 2 | DG18: SEM 3 | DM18: SEM 4 | DS18: SEM 1 | DY18: SEM 2 | EE18: SEM 3 | EK18: SEM 4
C19: LUN - SAB | I19: LUN - SAB | O19: LUN - SAB | U19: LUN - SAB | AA19: LUN - SAB | AG19: LUN - SAB | AM19: LUN - SAB | AS19: LUN - SAB | AY19: LUN - SAB | BE19: LUN - SAB | BK19: LUN - SAB | BQ19: LUN - SAB | BW19: LUN - SAB | CC19: LUN - SAB | CI19: LUN - SAB | CO19: LUN - SAB | CU19: LUN - SAB | DA19: LUN - SAB | DG19: LUN - SAB | DM19: LUN - SAB | DS19: LUN - SAB | DY19: LUN - SAB | EE19: LUN - SAB | EK19: LUN - SAB
A20: 2.1 | B20: Excavaciones manuales de Estructuras (No Incluye retiro de material sobrante)
A21: 2.2 | B21: Relleno con material comun de excavacion (Zapatas)
A22: 2.3 | B22: Relleno con material granular transportado compactado al 90%, con maquina - (Relleno para Nivelacion de Terreno de Proyecto)
A23: 2.4 | B23: Relleno con material granular transportado compactado al 90%, Manual con Canguro - (Relleno para Nivelacion de Estructuras)
A24: 2.5 | B24: Cargue, transporte y disposición final de material sobrante en sitio autorizado
A25: 3 | B25: ESTRUCTURALES
A26: ITEM | B26: ACTIVIDAD | C26: MES 01 | AA26: MES 02 | AY26: MES 03 | BW26: MES 04 | CU26: MES 05 | DS26: MES 06
C27: SEM 1 | I27: SEM 2 | O27: SEM 3 | U27: SEM 4 | AA27: SEM 1 | AG27: SEM 2 | AM27: SEM 3 | AS27: SEM 4 | AY27: SEM 1 | BE27: SEM 2 | BK27: SEM 3 | BQ27: SEM 4 | BW27: SEM 1 | CC27: SEM 2 | CI27: SEM 3 | CO27: SEM 4 | CU27: SEM 1 | DA27: SEM 2 | DG27: SEM 3 | DM27: SEM 4 | DS27: SEM 1 | DY27: SEM 2 | EE27: SEM 3 | EK27: SEM 4
C28: LUN - SAB | I28: LUN - SAB | O28: LUN - SAB | U28: LUN - SAB | AA28: LUN - SAB | AG28: LUN - SAB | AM28: LUN - SAB | AS28: LUN - SAB | AY28: LUN - SAB | BE28: LUN - SAB | BK28: LUN - SAB | BQ28: LUN - SAB | BW28: LUN - SAB | CC28: LUN - SAB | CI28: LUN - SAB | CO28: LUN - SAB | CU28: LUN - SAB | DA28: LUN - SAB | DG28: LUN - SAB | DM28: LUN - SAB | DS28: LUN - SAB | DY28: LUN - SAB | EE28: LUN - SAB | EK28: LUN - SAB
A29: 3.1 | B29: Solado en concreto pobre 1500 p.s.i. (Estructura de Zapatas)
A30: 3.2 | B30: Construcción de Zapatas en concreto 3000 p.s.i. modulacion 2,50 mts x 2,50 mts x alto 0,30 mts, incluye acero: en ambos sentidos de:1/2" arriba cada 0,17 mts y 5/8" debajo cada 0,17 mts, (doble parrilla)
A31: 3.3 | B31: Construcción de Zapatas en concreto 3000 p.s.i. modulacion 2,50 mts x 3,50 mts x alto 0,30 mts, incluye acero: en ambos sentidos de:1/2" arriba cada 0,17 mts y 5/8" debajo cada 0,17 mts, (doble parrilla)
A32: 3.4 | B32: Construcción de Zapatas en concreto 3000 p.s.i. modulacion 1,00 mts x 1,00 mts x alto 0,30 mts, incluye acero: en ambos sentidos de 1/2" cada 0,18 mts
A33: 3.5 | B33: Construcción de Viga de Cimentacion en concreto de 3000 p.s.i, modulacion 0,30 mts x 0,30 mts, incluye acero: longitudinal 6 1/2" - Estnbos 3/8" cada 0,15 mts
A34: 3.6 | B34: Construcción de Viga de Cimentacion en concreto de 3000 p.s.i, modulacion 0,15 mts x 0,40 mts, incluye acero: longitudinal 6 3/8" - Estnbos 3/8" cada 0,15 mts
A35: 3.7 | B35: Construcción de Viga de Cimentacion en concreto de 3000 p.s.i, modulacion 0,15 mts x 0,30 mts, incluye acero: longitudinal 4 3/8" - Estnbos 3/8" cada 0,20 mts
A36: 3.8 | B36: Construcción de Columnas en concreto de 3000 p.s.i, modulacion 0,60 mts x 0,60 mts, incluye acero: longitudinal 12 Fe= 5/8" - Estnbos 3/8" cada 0,10 mts
A37: 3.9 | B37: Construcción de Columnas en concreto de 3000 p.s.i, modulacion 0,30 mts x 0,30 mts, incluye acero: longitudinal 6 Fe= 5/8" - Estnbos 3/8" cada 0,10 mts
A38: 3.10 | B38: Construcción de Columnas en concreto de 3000 p.s.i, modulacion 0,30 mts x 0,30 mts, incluye acero: longitudinal 4 Fe= 1/2" - Estnbos 3/8" cada 0,15 mts
A39: 3.11 | B39: Construcción de Viga Intermedia en concreto de 3000 p.s.i, modulacion 0,20 mts x 0,10 mts, incluye acero: longitudinal 4 3/8" - Estnbos 3/8" cada 0,15 mts
A40: 3.12 | B40: Construcción de Viga Soporte 01 en concreto 3000 p.s.i. 0.30 X 0.30 mts - 6 Fe= 5/8" - Estribos y ganchos Fe= 3/8 C/. 0,10 mts (Estructura de Graderias y Tarima de eventos)
... A45: 3.17 | B45: Construccion de Anden en concreto 3000 psi (210kg/cm2) ancho 0,85 mts - espesor placa 10 cms, incluye refuerzo de 40000 p.s.i.
A47: 4 | B47: MAMPOSTERIA
A48: ITEM | B48: ACTIVIDAD | C48: MES 01 | AA48: MES 02 | AY48: MES 03 | BW48: MES 04 | CU48: MES 05 | DS48: MES 06
C49: SEM 1 | I49: SEM 2 | O49: SEM 3 | U49: SEM 4 | AA49: SEM 1 | AG49: SEM 2 | AM49: SEM 3 | AS49: SEM 4 | AY49: SEM 1 | BE49: SEM 2 | BK49: SEM 3 | BQ49: SEM 4 | BW49: SEM 1 | CC49: SEM 2 | CI49: SEM 3 | CO49: SEM 4 | CU49: SEM 1 | DA49: SEM 2 | DG49: SEM 3 | DM49: SEM 4 | DS49: SEM 1 | DY49: SEM 2 | EE49: SEM 3 | EK49: SEM 4
C50: LUN - SAB | I50: LUN - SAB | O50: LUN - SAB | U50: LUN - SAB | AA50: LUN - SAB | AG50: LUN - SAB | AM50: LUN - SAB | AS50: LUN - SAB | AY50: LUN - SAB | BE50: LUN - SAB | BK50: LUN - SAB | BQ50: LUN - SAB | BW50: LUN - SAB | CC50: LUN - SAB | CI50: LUN - SAB | CO50: LUN - SAB | CU50: LUN - SAB | DA50: LUN - SAB | DG50: LUN - SAB | DM50: LUN - SAB | DS50: LUN - SAB | DY50: LUN - SAB | EE50: LUN - SAB | EK50: LUN - SAB
A51: 4.1 | B51: Levante de muro de block No 4
A52: 4.2 | B52: Pañete para muros mortero: 1:4 imp . Esp = 2 cms (estructuras y Muros)
A53: 4.3 | B53: Estuco para muros tipo 1 (estructuras y Muros)
A54: 4.4 | B54: Pintura tipo 1 para exteriores e interiores (estructuras y Muros)
A55: 5 | B55: ACABADOS
A56: ITEM | B56: ACTIVIDAD | C56: MES 01 | AA56: MES 02 | AY56: MES 03 | BW56: MES 04 | CU56: MES 05 | DS56: MES 06
C57: SEM 1 | I57: SEM 2 | O57: SEM 3 | U57: SEM 4 | AA57: SEM 1 | AG57: SEM 2 | AM57: SEM 3 | AS57: SEM 4 | AY57: SEM 1 | BE57: SEM 2 | BK57: SEM 3 | BQ57: SEM 4 | BW57: SEM 1 | CC57: SEM 2 | CI57: SEM 3 | CO57: SEM 4 | CU57: SEM 1 | DA57: SEM 2 | DG57: SEM 3 | DM57: SEM 4 | DS57: SEM 1 | DY57: SEM 2 | EE57: SEM 3 | EK57: SEM 4
C58: LUN - SAB | I58: LUN - SAB | O58: LUN - SAB | U58: LUN - SAB | AA58: LUN - SAB | AG58: LUN - SAB | AM58: LUN - SAB | AS58: LUN - SAB | AY58: LUN - SAB | BE58: LUN - SAB | BK58: LUN - SAB | BQ58: LUN - SAB | BW58: LUN - SAB | CC58: LUN - SAB | CI58: LUN - SAB | CO58: LUN - SAB | CU58: LUN - SAB | DA58: LUN - SAB | DG58: LUN - SAB | DM58: LUN - SAB | DS58: LUN - SAB | DY58: LUN - SAB | EE58: LUN - SAB | EK58: LUN - SAB
A59: 5.1 | B59: Construcción de Plantilla para pisos esp. 0,10 mts en concreto 3000 p.s.i. - Fe=1/4" temperatura Cada 0.20 mts ambos sentidos
A60: 5.2 | B60: Afinado de Placa de Cancha Polideportiva y Placa de Graderias
A61: 5.3 | B61: Estampado de concreto de Placas de pisos de Circulacion de parque
A62: 5.4 | B62: Pintura tipo epoxica de alta resistencia para Cancha Polideportiva y Graderias
A63: 5.5 | B63: Pintura tipo Trafico de alta resistencia para delineacion de Cancha y Cicloruta
A64: 5.6 | B64: Suministro e Instalación de Ceramica de pared para fachada - Area de fuente
A65: 6 | B65: INSTALACIONES HIDRAULICAS
A66: ITEM | B66: ACTIVIDAD | C66: MES 01 | AA66: MES 02 | AY66: MES 03 | BW66: MES 04 | CU66: MES 05 | DS66: MES 06
C67: SEM 1 | I67: SEM 2 | O67: SEM 3 | U67: SEM 4 | AA67: SEM 1 | AG67: SEM 2 | AM67: SEM 3 | AS67: SEM 4 | AY67: SEM 1 | BE67: SEM 2 | BK67: SEM 3 | BQ67: SEM 4 | BW67: SEM 1 | CC67: SEM 2 | CI67: SEM 3 | CO67: SEM 4 | CU67: SEM 1 | DA67: SEM 2 | DG67: SEM 3 | DM67: SEM 4 | DS67: SEM 1 | DY67: SEM 2 | EE67: SEM 3 | EK67: SEM 4
C68: LUN - SAB | I68: LUN - SAB | O68: LUN - SAB | U68: LUN - SAB | AA68: LUN - SAB | AG68: LUN - SAB | AM68: LUN - SAB | AS68: LUN - SAB | AY68: LUN - SAB | BE68: LUN - SAB | BK68: LUN - SAB | BQ68: LUN - SAB | BW68: LUN - SAB | CC68: LUN - SAB | CI68: LUN - SAB | CO68: LUN - SAB | CU68: LUN - SAB | DA68: LUN - SAB | DG68: LUN - SAB | DM68: LUN - SAB | DS68: LUN - SAB | DY68: LUN - SAB | EE68: LUN - SAB | EK68: LUN - SAB
A69: 6.1 | B69: Construcción de tanque de almacenamiento de Agua en concreto 3000 p.s.i. modulacion 2,00 mts x 2,00 mts x alto 3,00 mts, incluye acero: en ambos sentidos de 1/2" cada 0,15 mts (doble parrilla) - Nicho en concreto para ubicación e Instalación de bomba con sistema hidro-neomatico (ver detalle constructivo) - tapa metalica
A70: 6.2 | B70: Instalación de puntos hidraulicos 1/2" (Puntos de Fuente y riego incluye llave de distribucion)
A71: 6.3 | B71: Suministro e Instalación de acometida hidraulica en tuberia de 3/4" (riego y fuente)
A72: 6.4 | B72: Suministro e Instalación de acometida hidraulica en tuberia de 1" - llegada desde punto de conexión en via principal
A74: 6.5 | B74: Suministro e Instalación de extintores
A75: 7 | B75: INSTALACIONES SANITARIAS
A76: ITEM | B76: ACTIVIDAD | C76: MES 01 | AA76: MES 02 | AY76: MES 03 | BW76: MES 04 | CU76: MES 05 | DS76: MES 06
C77: SEM 1 | I77: SEM 2 | O77: SEM 3 | U77: SEM 4 | AA77: SEM 1 | AG77: SEM 2 | AM77: SEM 3 | AS77: SEM 4 | AY77: SEM 1 | BE77: SEM 2 | BK77: SEM 3 | BQ77: SEM 4 | BW77: SEM 1 | CC77: SEM 2 | CI77: SEM 3 | CO77: SEM 4 | CU77: SEM 1 | DA77: SEM 2 | DG77: SEM 3 | DM77: SEM 4 | DS77: SEM 1 | DY77: SEM 2 | EE77: SEM 3 | EK77: SEM 4
C78: LUN - SAB | I78: LUN - SAB | O78: LUN - SAB | U78: LUN - SAB | AA78: LUN - SAB | AG78: LUN - SAB | AM78: LUN - SAB | AS78: LUN - SAB | AY78: LUN - SAB | BE78: LUN - SAB | BK78: LUN - SAB | BQ78: LUN - SAB | BW78: LUN - SAB | CC78: LUN - SAB | CI78: LUN - SAB | CO78: LUN - SAB | CU78: LUN - SAB | DA78: LUN - SAB | DG78: LUN - SAB | DM78: LUN - SAB | DS78: LUN - SAB | DY78: LUN - SAB | EE78: LUN - SAB | EK78: LUN - SAB
A79: 7.1 | B79: Instalación de puntos sanitarios de 4" - Aguas Lluvias
A80: 7.2 | B80: Suministro e Instalación de tuberia de pvc 4" - Aguas Lluvias
A81: 7.3 | B81: Construcción de Registro Sanitario de medida interna 0,40 x 0,40 x 0,20 mts, en concreto de 3000 p.s.i. (control y limpieza)
A82: 8 | B82: INSTALACIONES ELECTRICAS
A83: ITEM | B83: ACTIVIDAD | C83: MES 01 | AA83: MES 02 | AY83: MES 03 | BW83: MES 04 | CU83: MES 05 | DS83: MES 06
C84: SEM 1 | I84: SEM 2 | O84: SEM 3 | U84: SEM 4 | AA84: SEM 1 | AG84: SEM 2 | AM84: SEM 3 | AS84: SEM 4 | AY84: SEM 1 | BE84: SEM 2 | BK84: SEM 3 | BQ84: SEM 4 | BW84: SEM 1 | CC84: SEM 2 | CI84: SEM 3 | CO84: SEM 4 | CU84: SEM 1 | DA84: SEM 2 | DG84: SEM 3 | DM84: SEM 4 | DS84: SEM 1 | DY84: SEM 2 | EE84: SEM 3 | EK84: SEM 4
C85: LUN - SAB | I85: LUN - SAB | O85: LUN - SAB | U85: LUN - SAB | AA85: LUN - SAB | AG85: LUN - SAB | AM85: LUN - SAB | AS85: LUN - SAB | AY85: LUN - SAB | BE85: LUN - SAB | BK85: LUN - SAB | BQ85: LUN - SAB | BW85: LUN - SAB | CC85: LUN - SAB | CI85: LUN - SAB | CO85: LUN - SAB | CU85: LUN - SAB | DA85: LUN - SAB | DG85: LUN - SAB | DM85: LUN - SAB | DS85: LUN - SAB | DY85: LUN - SAB | EE85: LUN - SAB | EK85: LUN - SAB
A86: 8.1 | B86: Suministro e Instalación de Transformador de 37,5 KWA, Incluye poste de 12 metros, Cruceta, Cajas Primarias, Puesta a tierra y demas accesorios
A87: 8.2 | B87: Suministro e Instalación de Acometida en BT, Subterránea en calibre 3°N°2/0 AWG THHN-THWN 90°C, desde punto de conexion hasta el tablero principal con protección un totalizador de 3 x 250 Amp, Cabe aclarar el cumplimiento retie, NTC 2050 - incluye Instalación
A88: 8.3 | B88: Suministro e Instalación de tablero de circuitos General Prefabricado de 50 x 40, incluye totalizador, protecciones tecnomagneticas para luces - tomas y temporizadores de luces
A89: 8.4 | B89: Suministro e Instalación de Malla Puesta a Tierra
A90: 8.5 | B90: Instalación de Puntos electricos 110v (incluye acometida)
A91: 8.6 | B91: Instalación de Puntos electricos 220v (incluye acometida)
A92: 8.7 | B92: Suministro e Instalación de toma corriente doble
A93: 8.8 | B93: Suministro e Instalación de toma mirada china
A94: 8.9 | B94: Suministro e Instalación de lamparas tipo LED - tortuga
A95: 8.10 | B95: Suministro e Instalación de Reflectores tipo LED de 250 vatios - Cancha
A96: 8.11 | B96: Suministro e Instalación de luminarias tipo LED - reflectores Kiosco
A97: 8.12 | B97: Suministro e Instalación de luminarias tipo LED - circulaciones
... A100: 8.15 | B100: Construcción de Nicho Electrico para instalacion de Tablero Electrico
A101: 9 | B101: CUBIERTAS
A102: ITEM | B102: ACTIVIDAD | C102: MES 01 | AA102: MES 02 | AY102: MES 03 | BW102: MES 04 | CU102: MES 05 | DS102: MES 06
C103: SEM 1 | I103: SEM 2 | O103: SEM 3 | U103: SEM 4 | AA103: SEM 1 | AG103: SEM 2 | AM103: SEM 3 | AS103: SEM 4 | AY103: SEM 1 | BE103: SEM 2 | BK103: SEM 3 | BQ103: SEM 4 | BW103: SEM 1 | CC103: SEM 2 | CI103: SEM 3 | CO103: SEM 4 | CU103: SEM 1 | DA103: SEM 2 | DG103: SEM 3 | DM103: SEM 4 | DS103: SEM 1 | DY103: SEM 2 | EE103: SEM 3 | EK103: SEM 4
C104: LUN - SAB | I104: LUN - SAB | O104: LUN - SAB | U104: LUN - SAB | AA104: LUN - SAB | AG104: LUN - SAB | AM104: LUN - SAB | AS104: LUN - SAB | AY104: LUN - SAB | BE104: LUN - SAB | BK104: LUN - SAB | BQ104: LUN - SAB | BW104: LUN - SAB | CC104: LUN - SAB | CI104: LUN - SAB | CO104: LUN - SAB | CU104: LUN - SAB | DA104: LUN - SAB | DG104: LUN - SAB | DM104: LUN - SAB | DS104: LUN - SAB | DY104: LUN - SAB | EE104: LUN - SAB | EK104: LUN - SAB
A105: 9.1 | B105: Suministro e instalación de cubierta metálica Tipo Auto portante STEEL-ROOF, base de arcos en acero - Pintada Dos caras
A106: 9.2 | B106: Suministro e Instalación de Canal recolector de aguas lluvias y anclaje de cubierta en Lamina de 1/4", incluye Perfil rectangular estructural PHR negro de 250 x 150 x 5 mm x 6 ml, pernos de anclaje, soldadura y pintura dos caras
A107: 9.3 | B107: Suministro e instalacion de cubierta Arquitectonica en Aluzinc sin traslapos
A108: 9.4 | B108: Suministro e instalacion de remate tipo L, para proteccion de cubierta (ver detalle constructivo)
A109: 9.5 | B109: Suministro, instalacion y montaje de estructura metalica en Acero Estructural ASTM A-36 ; A46, A50. incluye soldadura, pernos y anclaje, limpieza en sandblasting, pintura y acabados según planos y especificaciones de diseño - Columnas en tuberia de 8 pulg de diametro (Porticos Estructura Cancha)
A110: 9.6 | B110: Suministro, instalacion y montaje de estructura metalica en Acero Estructural ASTM A-36 ; A46, A50. incluye soldadura, pernos y anclaje, limpieza en sandblasting, pintura y acabados según planos y especificaciones de diseño - Cerchas de arriostramiento frontal y posterior de Porticos de de Estructura de Cancha (Longitud 18,50 ml)
A111: 9.7 | B111: Suministro, instalacion y montaje de estructura metalica en Acero Estructural ASTM A-36 ; A46, A50. incluye soldadura, pernos y anclaje, limpieza en sandblasting, pintura y acabados según planos y especificaciones de diseño - Cerchas de arriostramiento laterales de Porticos de Estructura de Cancha (Longitud 5,20 ml)
...

Sheet CRONOGRAMA DE FLUJOS
A2: SECRETARIA DE PLANEACION Y OBRAS PUBLICAS
A3: PROYECTO: CONSTRUCCION DE DIFERENTES OBRAS DE RECREACION Y DEPORTE EN LA CABECERA URBANA DEL MUNICIPIO DE PINILLOS, DEPARTAMENTO DE BOLIVAR
A4: Cronograma de Flujos de Inversion
A6: ITEM | B6: ACTIVIDADES - 6 MESES | C6: VALOR PRESUPUESTO DE OBRA | D6: MES 01 | E6: MES 02 | F6: MES 03 | G6: MES 04 | H6: MES 05 | I6: MES 06
A8: 1 | B8: OBRAS PRELIMINARES
A9: 1.1 | B9: Localizacion, trazado, replanteo y control topografico de la obra | C9: ='PRESUPUESTO OBRA'!G282 -> 0 | D9: =C9*0.1 -> 0 | E9: =C9*0.2 -> 0 | F9: =C9*0.2 -> 0 | G9: =C9*0.2 -> 0 | H9: =C9*0.2 -> 0 | I9: =C9*0.1 -> 0
A10: 1.2 | B10: Desmonte y Demolicion de estructuras existentes (cancha Existente, edificaciones y demas encontradas en el area del proyecto) | C10: ='PRESUPUESTO OBRA'!G284 -> 0 | D10: =C10 -> 0
A11: 1.3 | B11: Perfilacion y nivelacion del terreno - Area del Proyecto | C11: ='PRESUPUESTO OBRA'!G285 -> 0 | E11: =C11 -> 0
A12: 1.4 | B12: Relleno con material granular transportado compactado al 90%, con maquina - (Relleno para Nivelacion de Area de Proyecto) | C12: ='PRESUPUESTO OBRA'!G286 -> 0 | E12: =C12 -> 0
A13: 1.5 | B13: Cargue, transporte y disposición final de material sobrante en sitio autorizado | C13: ='PRESUPUESTO OBRA'!G287 -> 0 | D13: =C13*0.5 -> 0 | E13: =C13*0.5 -> 0
A14: SUB-TOTAL CAPITILO 01 | C14: =SUM(C9:C13) -> 0 | D14: =SUM(D9:D13) -> 0 | E14: =SUM(E9:E13) -> 0 | F14: =SUM(F9:F13) -> 0 | G14: =SUM(G9:G13) -> 0 | H14: =SUM(H9:H13) -> 0 | I14: =SUM(I9:I13) -> 0
A15: 2 | B15: EXCAVACIONES, NIVELACIONES Y RELLENOS
A16: 2.1 | B16: Excavaciones manuales de Estructuras (No Incluye retiro de material sobrante) | C16: ='PRESUPUESTO OBRA'!G296 -> 0 | E16: =C16*0.1 -> 0 | F16: =C16*0.45 -> 0 | G16: =C16*0.45 -> 0
A17: 2.2 | B17: Relleno con material comun de excavacion (Zapatas) | C17: ='PRESUPUESTO OBRA'!#REF! -> #REF! | F17: =C17 -> #REF!
A18: 2.3 | B18: Relleno con material granular transportado compactado al 90%, con maquina - (Relleno para Nivelacion de Terreno de Proyecto) | C18: ='PRESUPUESTO OBRA'!#REF! -> #REF! | F18: =C18*0.3 -> #REF! | G18: =C18*0.7 -> #REF!
A19: 2.4 | B19: Relleno con material granular transportado compactado al 90%, Manual con Canguro - (Relleno para Nivelacion de Estructuras) | C19: ='PRESUPUESTO OBRA'!G298 -> 0 | F19: =C19 -> 0
A20: 2.5 | B20: Cargue, transporte y disposición final de material sobrante en sitio autorizado | C20: ='PRESUPUESTO OBRA'!G299 -> 0 | F20: =C20*0.5 -> 0 | G20: =C20*0.5 -> 0
A21: SUB-TOTAL CAPITILO 02 | C21: =SUM(C16:C20) -> #REF! | D21: =SUM(D16:D20) -> 0 | E21: =SUM(E16:E20) -> 0 | F21: =SUM(F16:F20) -> #REF! | G21: =SUM(G16:G20) -> #REF! | H21: =SUM(H16:H20) -> 0 | I21: =SUM(I16:I20) -> 0
A22: 3 | B22: ESTRUCTURALES
A23: 3.1 | B23: Solado en concreto pobre 1500 p.s.i. (Estructura de Zapatas) | C23: ='PRESUPUESTO OBRA'!G303 -> 0 | F23: =C23 -> 0
A24: 3.2 | B24: Construcción de Zapatas en concreto 3000 p.s.i. modulacion 2,50 mts x 2,50 mts x alto 0,30 mts, incluye acero: en ambos sentidos de:1/2" arriba cada 0,17 mts y 5/8" debajo cada 0,17 mts, (doble parrilla) | C24: ='PRESUPUESTO OBRA'!#REF! -> #REF! | F24: =C24 -> #REF!
A25: 3.3 | B25: Construcción de Zapatas en concreto 3000 p.s.i. modulacion 2,50 mts x 3,50 mts x alto 0,30 mts, incluye acero: en ambos sentidos de:1/2" arriba cada 0,17 mts y 5/8" debajo cada 0,17 mts, (doble parrilla) | C25: ='PRESUPUESTO OBRA'!#REF! -> #REF! | F25: =C25 -> #REF!
A26: 3.4 | B26: Construcción de Zapatas en concreto 3000 p.s.i. modulacion 1,00 mts x 1,00 mts x alto 0,30 mts, incluye acero: en ambos sentidos de 1/2" cada 0,18 mts | C26: ='PRESUPUESTO OBRA'!#REF! -> #REF! | F26: =C26 -> #REF!
A27: 3.5 | B27: Construcción de Viga de Cimentacion en concreto de 3000 p.s.i, modulacion 0,30 mts x 0,30 mts, incluye acero: longitudinal 6 1/2" - Estnbos 3/8" cada 0,15 mts | C27: ='PRESUPUESTO OBRA'!#REF! -> #REF! | F27: =C27 -> #REF!
A28: 3.6 | B28: Construcción de Viga de Cimentacion en concreto de 3000 p.s.i, modulacion 0,15 mts x 0,40 mts, incluye acero: longitudinal 6 3/8" - Estnbos 3/8" cada 0,15 mts | C28: ='PRESUPUESTO OBRA'!#REF! -> #REF! | F28: =C28*0.2 -> #REF! | G28: =C28*0.8 -> #REF!
A29: 3.7 | B29: Construcción de Viga de Cimentacion en concreto de 3000 p.s.i, modulacion 0,15 mts x 0,30 mts, incluye acero: longitudinal 4 3/8" - Estnbos 3/8" cada 0,20 mts | C29: ='PRESUPUESTO OBRA'!#REF! -> #REF! | G29: =C29 -> #REF!
A30: 3.8 | B30: Construcción de Columnas en concreto de 3000 p.s.i, modulacion 0,60 mts x 0,60 mts, incluye acero: longitudinal 12 Fe= 5/8" - Estnbos 3/8" cada 0,10 mts | C30: ='PRESUPUESTO OBRA'!#REF! -> #REF! | G30: =C30 -> #REF!
A31: 3.9 | B31: Construcción de Columnas en concreto de 3000 p.s.i, modulacion 0,30 mts x 0,30 mts, incluye acero: longitudinal 6 Fe= 5/8" - Estnbos 3/8" cada 0,10 mts | C31: ='PRESUPUESTO OBRA'!G308 -> 0 | G31: =C31 -> 0
A32: 3.10 | B32: Construcción de Columnas en concreto de 3000 p.s.i, modulacion 0,30 mts x 0,30 mts, incluye acero: longitudinal 4 Fe= 1/2" - Estnbos 3/8" cada 0,15 mts | C32: ='PRESUPUESTO OBRA'!#REF! -> #REF! | G32: =C32*0.7 -> #REF! | H32: =C32*0.3 -> #REF!
A33: 3.11 | B33: Construcción de Viga Intermedia en concreto de 3000 p.s.i, modulacion 0,20 mts x 0,10 mts, incluye acero: longitudinal 4 3/8" - Estnbos 3/8" cada 0,15 mts | C33: ='PRESUPUESTO OBRA'!#REF! -> #REF! | H33: =C33 -> #REF!
A34: 3.12 | B34: Construcción de Viga Soporte 01 en concreto 3000 p.s.i. 0.30 X 0.30 mts - 6 Fe= 5/8" - Estribos y ganchos Fe= 3/8 C/. 0,10 mts (Estructura de Graderias y Tarima de eventos) | C34: ='PRESUPUESTO OBRA'!G310 -> 0 | H34: =C34 -> 0
A35: 3.13 | B35: Construcción de Muro Soporte de Graderias en Bloque No 6 relleno en concreto de 3000 p.s.i, incluye acero de 1/2" de refuerzo. | C35: ='PRESUPUESTO OBRA'!G312 -> 0 | G35: =C35*0.5 -> 0 | H35: =C35*0.5 -> 0
A36: 3.14 | B36: Construcción de Placa de Piso en concreto 3000 p.s.i. espesor 10 cms, incluye acero: ambos sentidos de 1/2" cada 0,15 mts. (Estructura de Graderias) | C36: ='PRESUPUESTO OBRA'!#REF! -> #REF! | H36: =C36 -> #REF!
A37: 3.15 | B37: Construccion de Placas en concreto de 3500 p.s.i (246kg/cm2) espesor placa 20 cm incluye refuerzos en acero de 60000 p.s.i. - junta de dilatación - sello en poliuretano de alto desempeño y cordón de espuma | C37: ='PRESUPUESTO OBRA'!#REF! -> #REF! | F37: =C37 -> #REF!
A38: 3.16 | B38: Construccion de Bordillos en concreto 3000 psi (210kg/cm2) ancho 0,15 mts - Alto 0,20 mts (arriba de pavimentos), incluye refuerzo de 40000 p.s.i. | C38: ='PRESUPUESTO OBRA'!#REF! -> #REF! | F38: =C38*0.5 -> #REF! | G38: =C38*0.5 -> #REF!
A39: 3.17 | B39: Construccion de Anden en concreto 3000 psi (210kg/cm2) ancho 0,85 mts - espesor placa 10 cms, incluye refuerzo de 40000 p.s.i. | C39: ='PRESUPUESTO OBRA'!G315 -> 0 | G39: =C39 -> 0
A40: SUB-TOTAL CAPITILO 03 | C40: =SUM(C23:C39) -> #REF! | D40: =SUM(D23:D39) -> 0 | E40: =SUM(E23:E39) -> 0 | F40: =SUM(F23:F39) -> #REF! | G40: =SUM(G23:G39) -> #REF! | H40: =SUM(H23:H39) -> #REF! | I40: =SUM(I23:I39) -> 0
A41: 4 | B41: MAMPOSTERIA
A42: 4.1 | B42: Levante de muro de block No 4 | C42: ='PRESUPUESTO OBRA'!G319 -> 0 | G42: =C42 -> 0
A43: 4.2 | B43: Pañete para muros mortero: 1:4 imp . Esp = 2 cms (estructuras y Muros) | C43: ='PRESUPUESTO OBRA'!G320 -> 0 | G43: =C43 -> 0
A44: 4.3 | B44: Estuco para muros tipo 1 (estructuras y Muros) | C44: ='PRESUPUESTO OBRA'!#REF! -> #REF! | I44: =C44 -> #REF!
A45: 4.4 | B45: Pintura tipo 1 para exteriores e interiores (estructuras y Muros) | C45: ='PRESUPUESTO OBRA'!#REF! -> #REF! | I45: =C45 -> #REF!
A46: SUB-TOTAL CAPITILO 04 | C46: =SUM(C42:C45) -> #REF! | D46: =SUM(D42:D45) -> 0 | E46: =SUM(E42:E45) -> 0 | F46: =SUM(F42:F45) -> 0 | G46: =SUM(G42:G45) -> 0 | H46: =SUM(H42:H45) -> 0 | I46: =SUM(I42:I45) -> #REF!
A47: 5 | B47: ACABADOS
A48: 5.1 | B48: Construcción de Plantilla para pisos esp. 0,10 mts en concreto 3000 p.s.i. - Fe=1/4" temperatura Cada 0.20 mts ambos sentidos | C48: ='PRESUPUESTO OBRA'!G314 -> 0 | G48: =C48*0.5 -> 0 | H48: =C48*0.5 -> 0
A49: 5.2 | B49: Afinado de Placa de Cancha Polideportiva y Placa de Graderias | C49: ='PRESUPUESTO OBRA'!G325 -> 0 | G49: =C49 -> 0
A50: 5.3 | B50: Estampado de concreto de Placas de pisos de Circulacion de parque | C50: ='PRESUPUESTO OBRA'!G368 -> 0 | H50: =C50 -> 0
A51: 5.4 | B51: Pintura tipo epoxica de alta resistencia para Cancha Polideportiva y Graderias | C51: ='PRESUPUESTO OBRA'!G362 -> 0 | I51: =C51 -> 0
A52: 5.5 | B52: Pintura tipo Trafico de alta resistencia para delineacion de Cancha y Cicloruta | C52: ='PRESUPUESTO OBRA'!G363 -> 0 | I52: =C52 -> 0
A53: 5.6 | B53: Suministro e Instalación de Ceramica de pared para fachada - Area de fuente | C53: ='PRESUPUESTO OBRA'!#REF! -> #REF! | H53: =C53 -> #REF!
A54: SUB-TOTAL CAPITILO 05 | C54: =SUM(C48:C53) -> #REF! | D54: =SUM(D48:D53) -> 0 | E54: =SUM(E48:E53) -> 0 | F54: =SUM(F48:F53) -> 0 | G54: =SUM(G48:G53) -> 0 | H54: =SUM(H48:H53) -> #REF! | I54: =SUM(I48:I53) -> 0
A55: 6 | B55: INSTALACIONES HIDRAULICAS
A56: 6.1 | B56: Construcción de tanque de almacenamiento de Agua en concreto 3000 p.s.i. modulacion 2,00 mts x 2,00 mts x alto 3,00 mts, incluye acero: en ambos sentidos de 1/2" cada 0,15 mts (doble parrilla) - Nicho en concreto para ubicación e Instalación de bomba con sistema hidro-neomatico (ver detalle constructivo) - tapa metalica | C56: ='PRESUPUESTO OBRA'!#REF! -> #REF! | F56: =C56 -> #REF!
A57: 6.2 | B57: Instalación de puntos hidraulicos 1/2" (Puntos de Fuente y riego incluye llave de distribucion) | C57: ='PRESUPUESTO OBRA'!G342 -> 0 | G57: =C57 -> 0
A58: 6.3 | B58: Suministro e Instalación de acometida hidraulica en tuberia de 3/4" (riego y fuente) | C58: ='PRESUPUESTO OBRA'!G334 -> 0 | G58: =C58 -> 0
A59: 6.4 | B59: Suministro e Instalación de acometida hidraulica en tuberia de 1" - llegada desde punto de conexión en via principal | C59: ='PRESUPUESTO OBRA'!#REF! -> #REF! | G59: =C59 -> #REF!
A61: 6.5 | B61: Suministro e Instalación de extintores | C61: ='PRESUPUESTO OBRA'!G336 -> 0 | I61: =C61 -> 0
A62: SUB-TOTAL CAPITILO 06 | C62: =SUM(C56:C61) -> #REF! | D62: =SUM(D56:D61) -> 0 | E62: =SUM(E56:E61) -> 0 | F62: =SUM(F56:F61) -> #REF! | G62: =SUM(G56:G61) -> #REF! | H62: =SUM(H56:H61) -> 0 | I62: =SUM(I56:I61) -> 0
A63: 7 | B63: INSTALACIONES SANITARIAS
A64: 7.1 | B64: Instalación de puntos sanitarios de 4" - Aguas Lluvias | C64: ='PRESUPUESTO OBRA'!#REF! -> #REF! | G64: =C64 -> #REF!
A65: 7.2 | B65: Suministro e Instalación de tuberia de pvc 4" - Aguas Lluvias | C65: ='PRESUPUESTO OBRA'!#REF! -> #REF! | G65: =C65 -> #REF!
A66: 7.3 | B66: Construcción de Registro Sanitario de medida interna 0,40 x 0,40 x 0,20 mts, en concreto de 3000 p.s.i. (control y limpieza) | C66: ='PRESUPUESTO OBRA'!#REF! -> #REF! | G66: =C66 -> #REF!
A67: SUB-TOTAL CAPITILO 07 | C67: =SUM(C64:C66) -> #REF! | D67: =SUM(D64:D66) -> 0 | E67: =SUM(E64:E66) -> 0 | F67: =SUM(F64:F66) -> 0 | G67: =SUM(G64:G66) -> #REF! | H67: =SUM(H64:H66) -> 0 | I67: =SUM(I64:I66) -> 0
A68: 8 | B68: INSTALACIONES ELECTRICAS
A69: 8.1 | B69: Suministro e Instalación de Transformador de 37,5 KWA, Incluye poste de 12 metros, Cruceta, Cajas Primarias, Puesta a tierra y demas accesorios | C69: ='PRESUPUESTO OBRA'!G351 -> 0 | H69: =C69 -> 0
A70: 8.2 | B70: Suministro e Instalación de Acometida en BT, Subterránea en calibre 3°N°2/0 AWG THHN-THWN 90°C, desde punto de conexion hasta el tablero principal con protección un totalizador de 3 x 250 Amp, Cabe aclarar el cumplimiento retie, NTC 2050 - incluye Instalación | C70: ='PRESUPUESTO OBRA'!G352 -> 0 | H70: =C70 -> 0
A71: 8.3 | B71: Suministro e Instalación de tablero de circuitos General Prefabricado de 50 x 40, incluye totalizador, protecciones tecnomagneticas para luces - tomas y temporizadores de luces | C71: ='PRESUPUESTO OBRA'!#REF! -> #REF! | H71: =C71 -> #REF!
A72: 8.4 | B72: Suministro e Instalación de Malla Puesta a Tierra | C72: ='PRESUPUESTO OBRA'!#REF! -> #REF! | H72: =C72 -> #REF!
A73: 8.5 | B73: Instalación de Puntos electricos 110v (incluye acometida) | C73: ='PRESUPUESTO OBRA'!#REF! -> #REF! | H73: =C73 -> #REF!
A74: 8.6 | B74: Instalación de Puntos electricos 220v (incluye acometida) | C74: ='PRESUPUESTO OBRA'!#REF! -> #REF! | H74: =C74 -> #REF!
A75: 8.7 | B75: Suministro e Instalación de toma corriente doble | C75: ='PRESUPUESTO OBRA'!#REF! -> #REF! | H75: =C75 -> #REF!
A76: 8.8 | B76: Suministro e Instalación de toma mirada china | C76: ='PRESUPUESTO OBRA'!#REF! -> #REF! | H76: =C76 -> #REF!
A77: 8.9 | B77: Suministro e Instalación de lamparas tipo LED - tortuga | C77: ='PRESUPUESTO OBRA'!#REF! -> #REF! | H77: =C77 -> #REF!
A78: 8.10 | B78: Suministro e Instalación de Reflectores tipo LED de 250 vatios - Cancha | C78: ='PRESUPUESTO OBRA'!#REF! -> #REF! | H78: =C78 -> #REF!
A79: 8.11 | B79: Suministro e Instalación de luminarias tipo LED - reflectores Kiosco | C79: ='PRESUPUESTO OBRA'!#REF! -> #REF! | H79: =C79 -> #REF!
A80: 8.12 | B80: Suministro e Instalación de luminarias tipo LED - circulaciones | C80: ='PRESUPUESTO OBRA'!#REF! -> #REF! | H80: =C80 -> #REF!
A81: 8.13 | B81: Suministro e Instalación de luminarias tipo LED - reflectores fachada | C81: ='PRESUPUESTO OBRA'!#REF! -> #REF! | H81: =C81 -> #REF!
A82: 8.14 | B82: Construcción de Registro Electrico de medida interna 0,60 x 0,60 x 0,40 mts), en concreto de 3000 p.s.i. | C82: ='PRESUPUESTO OBRA'!#REF! -> #REF! | H82: =C82 -> #REF!
A83: 8.15 | B83: Construcción de Nicho Electrico para instalacion de Tablero Electrico | C83: ='PRESUPUESTO OBRA'!#REF! -> #REF! | H83: =C83 -> #REF!
A84: SUB-TOTAL CAPITILO 08 | C84: =SUM(C69:C83) -> #REF! | D84: =SUM(D69:D83) -> 0 | E84: =SUM(E69:E83) -> 0 | F84: =SUM(F69:F83) -> 0 | G84: =SUM(G69:G83) -> 0 | H84: =SUM(H69:H83) -> #REF! | I84: =SUM(I69:I83) -> 0
A85: 9 | B85: CUBIERTAS
A86: 9.1 | B86: Suministro e instalación de cubierta metálica Tipo Auto portante STEEL-ROOF, base de arcos en acero - Pintada Dos caras | C86: ='PRESUPUESTO OBRA'!G356 -> 0 | I86: =C86 -> 0
A87: 9.2 | B87: Suministro e Instalación de Canal recolector de aguas lluvias y anclaje de cubierta en Lamina de 1/4", incluye Perfil rectangular estructural PHR negro de 250 x 150 x 5 mm x 6 ml, pernos de anclaje, soldadura y pintura dos caras | C87: ='PRESUPUESTO OBRA'!G357 -> 0 | H87: =C87 -> 0
A88: 9.3 | B88: Suministro e instalacion de cubierta Arquitectonica en Aluzinc sin traslapos | C88: ='PRESUPUESTO OBRA'!G358 -> 0 | I88: =C88 -> 0
A89: 9.4 | B89: Suministro e instalacion de remate tipo L, para proteccion de cubierta (ver detalle constructivo) | C89: ='PRESUPUESTO OBRA'!#REF! -> #REF! | I89: =C89 -> #REF!
A90: 9.5 | B90: Suministro, instalacion y montaje de estructura metalica en Acero Estructural ASTM A-36 ; A46, A50. incluye soldadura, pernos y anclaje, limpieza en sandblasting, pintura y acabados según planos y especificaciones de diseño - Columnas en tuberia de 8 pulg de diametro (Porticos Estructura Cancha) | C90: ='PRESUPUESTO OBRA'!#REF! -> #REF! | H90: =C90 -> #REF!
A91: 9.6 | B91: Suministro, instalacion y montaje de estructura metalica en Acero Estructural ASTM A-36 ; A46, A50. incluye soldadura, pernos y anclaje, limpieza en sandblasting, pintura y acabados según planos y especificaciones de diseño - Cerchas de arriostramiento frontal y posterior de Porticos de de Estructura de Cancha (Longitud 18,50 ml) | C91: ='PRESUPUESTO OBRA'!#REF! -> #REF! | H91: =C91 -> #REF!
A92: 9.7 | B92: Suministro, instalacion y montaje de estructura metalica en Acero Estructural ASTM A-36 ; A46, A50. incluye soldadura, pernos y anclaje, limpieza en sandblasting, pintura y acabados según planos y especificaciones de diseño - Cerchas de arriostramiento laterales de Porticos de Estructura de Cancha (Longitud 5,20 ml) | C92: ='PRESUPUESTO OBRA'!#REF! -> #REF! | H92: =C92 -> #REF!
A93: 9.8 | B93: Suministro, instalacion y montaje de estructura metalica en Acero Estructural ASTM A-36 ; A46, A50. incluye soldadura, pernos y anclaje, limpieza en sandblasting, pintura y acabados según planos y especificaciones de diseño - Contrafuertes en tuberia de 6 pulg de diametro (Porticos Estructura Cancha) | C93: ='PRESUPUESTO OBRA'!#REF! -> #REF! | H93: =C93 -> #REF!
A94: 9.9 | B94: Suministro, instalacion y montaje de estructura metalica en Acero Estructural ASTM A-36 ; A46, A50. incluye soldadura, pernos y anclaje, limpieza en sandblasting, pintura y acabados según planos y especificaciones de diseño - Columnas en tuberia de 4 pulg de diametro (Porticos Kiosco) | C94: ='PRESUPUESTO OBRA'!#REF! -> #REF! | H94: =C94 -> #REF!
A95: 9.10 | B95: Suministro, instalacion y montaje de estructura metalica en Acero Estructural ASTM A-36 ; A46, A50. incluye soldadura, pernos y anclaje, limpieza en sandblasting, pintura y acabados según planos y especificaciones de diseño - Cerchas de Arriostramiento Kiosco (Longitud 4,50 ml) | C95: ='PRESUPUESTO OBRA'!#REF! -> #REF! | I95: =C95 -> #REF!
A96: 9.11 | B96: Suministro, instalacion y montaje de estructura metalica en Acero Estructural ASTM A-36 ; A46, A50. incluye soldadura, pernos y anclaje, limpieza en sandblasting, pintura y acabados según planos y especificaciones de diseño - Cerchas de Kiosco (Longitud 5,30 ml) | C96: ='PRESUPUESTO OBRA'!#REF! -> #REF! | I96: =C96 -> #REF!
A97: 9.12 | B97: Suministro, instalacion y montaje de estructura metalica en Acero Estructural ASTM A-36 ; A46, A50. incluye soldadura, pernos y anclaje, limpieza en sandblasting, pintura y acabados según planos y especificaciones de diseño - Correas de cubierta Kiosco | C97: ='PRESUPUESTO OBRA'!#REF! -> #REF! | I97: =C97 -> #REF!
A98: 9.13 | B98: Suministro, instalacion y montaje de estructura metalica en Acero Estructural ASTM A-36 ; A46, A50. incluye soldadura, pernos y anclaje, limpieza en sandblasting, pintura y acabados según planos y especificaciones de diseño - Riostras de correas de cubierta Kiosco | C98: ='PRESUPUESTO OBRA'!#REF! -> #REF! | I98: =C98 -> #REF!
A99: SUB-TOTAL CAPITILO 09 | C99: =SUM(C86:C98) -> #REF! | D99: =SUM(D86:D98) -> 0 | E99: =SUM(E86:E98) -> 0 | F99: =SUM(F86:F98) -> 0 | G99: =SUM(G86:G98) -> 0 | H99: =SUM(H86:H98) -> #REF! | I99: =SUM(I86:I98) -> #REF!
A100: 10 | B100: CARPINTERIA METALICA
A101: 10.1 | B101: Suministro e Instalación de Porton de ingreso con perfileria PHR NEGRO calibre 18 - Rectangular y redonda - Acceso cancha deportiva | C101: ='PRESUPUESTO OBRA'!#REF! -> #REF! | I101: =C101 -> #REF!
A102: 10.2 | B102: Suministro e Instalación de Estructura Metalica para cerramiento de cancha en perfil redondo de 3" y platinas de 12 mm | C102: ='PRESUPUESTO OBRA'!#REF! -> #REF! | I102: =C102 -> #REF!
A103: 10.3 | B103: Suministro e Instalación de cerramiento en Malla Eslabonada y perfil redondo de 2"- area de Cerramiento de cancha | C103: ='PRESUPUESTO OBRA'!#REF! -> #REF! | I103: =C103 -> #REF!
A104: 10.4 | B104: Suministro e instalacion de pasamanos para proteccion y apoyo de graderias de Graderias | C104: ='PRESUPUESTO OBRA'!#REF! -> #REF! | I104: =C104 -> #REF!
...

Sheet APU -BASICOS
A1: EMPRESA SOCIAL DEL ESTADO | G1: ANÁLISIS DE PRECIOS UNITARIOS
A2: HOSPITAL SAN NICOLAS DE TOLENTINO
A3: MUNICIPIO DE PINILLOS BOLIVAR | G3: CONCRETO - 3500 P.S.I.
A6: PROYECTO: ADECUACIÓN Y MANTENIMIENTO DE LA ESE HOSPITAL SAN NICOLÁS DE TOLENTINO EN LA CABECERA MUNICIPAL DE PINILLOS Y LOS PUESTOS DE SALUD DE LOS CORREGIMIENTOS DE LAS CONCHITAS, PALENQUITO, PUERTO LÓPEZ Y SANTA COA, EN EL MUNICIPIO DE PINILLOS - DEPARTAMENTO DE BOLÍVAR
G11: UNIDAD : | H11: M3
A13: I. EQUIPO
A14: Descripción | D14: Tipo | E14: Tarifa alquiler | F14: Rendimiento | G14: Valor-Unit.
A15: MEZCLADOR DE CONCRETO | E15: ='HERRAMIENTAS Y EQUIPOS'!C21 -> 100000 | F15: 8 | G15: =+E15/F15 -> 12500
A16: HERRAMIENTAS MENORES | G16: 15000
G18: Sub-Total | H18: =SUM(G15:G17) -> 27500
A19: II. MATERIALES EN OBRA
A20: Descripción | D20: Unidad | E20: Precio-Unit. | F20: Cantidad | G20: Valor-Unit.
A21: CEMENTO GRIS | D21: Kg | E21: =MATERIALES!F10 -> 810 | F21: =8.3*50 -> 415 | G21: =F21*E21 -> 336150
A22: PIEDRA 3/4" SELECCIONADA | D22: M3 | E22: =MATERIALES!C12 -> 150000 | F22: 0.774 | G22: =F22*E22 -> 116100
A23: ARENA GRUESA | D23: M3 | E23: =MATERIALES!F14 -> 72000 | F23: 0.488 | G23: =F23*E23 -> 35136
A24: AGUA | D24: LITRO | E24: =MATERIALES!F16 -> 50 | F24: =25*8.3 -> 207.5 | G24: =F24*E24 -> 10375
A25: DESPERDICIO DE MATERIALES 5% | E25: =SUM(G21:G24) -> 497761 | F25: 0.05 | G25: =F25*E25 -> 24888.05
G26: Sub-Total | H26: =SUM(G21:G25) -> 522649.05
A27: III. TRANSPORTES
A28: Material | C28: Vol. Peso ó Cant. | D28: Distancia | E28: M3-Km | F28: Tarifa | G28: Valor-Unit.
A29: CEMENTO | C29: 0.455 | D29: 15 | E29: =D29*C29 -> 6.825 | F29: 1100 | G29: =F29*E29 -> 7507.5
A30: TRITURADO | C30: =F22 -> 0.774 | D30: 15 | E30: =D30*C30 -> 11.61 | F30: 1100 | G30: =F30*E30 -> 12771
A31: ARENA | C31: =F23 -> 0.488 | D31: 15 | E31: =D31*C31 -> 7.32 | F31: 1100 | G31: =F31*E31 -> 8052
A32: AGUA | C32: 0.2 | D32: 15 | E32: =D32*C32 -> 3 | F32: 1100 | G32: =F32*E32 -> 3300
G33: Sub-Total | H33: =SUM(G29:G32) -> 31630.5
A34: IV. MANO DE OBRA
A35: Trabajador | C35: Jornal | D35: Prestaciones | E35: Jornal Total | F35: Rendimiento | G35: Valor-Unit.
G38: Sub-Total | H38: =SUM(G36:G37) -> 0
E40: TOTAL COSTO DIRECTO | H40: =ROUND((H18+H26+H33+H38),0) -> 581780
A57: EMPRESA SOCIAL DEL ESTADO | G57: ANÁLISIS DE PRECIOS UNITARIOS
A58: HOSPITAL SAN NICOLAS DE TOLENTINO
A59: MUNICIPIO DE PINILLOS BOLIVAR | G59: CONCRETO - 3000 P.S.I.
A62: PROYECTO: ADECUACIÓN Y MANTENIMIENTO DE LA ESE HOSPITAL SAN NICOLÁS DE TOLENTINO EN LA CABECERA MUNICIPAL DE PINILLOS Y LOS PUESTOS DE SALUD DE LOS CORREGIMIENTOS DE LAS CONCHITAS, PALENQUITO, PUERTO LÓPEZ Y SANTA COA, EN EL MUNICIPIO DE PINILLOS - DEPARTAMENTO DE BOLÍVAR
G67: UNIDAD : | H67: M3
A69: I. EQUIPO
A70: Descripción | D70: Tipo | E70: Tarifa/Dia | F70: Rendimiento | G70: Valor-Unit.
A71: MEZCLADOR DE CONCRETO | E71: ='[3]HERRAMIENTAS Y EQUIPOS'!C20 -> 100000 | F71: 8 | G71: =+E71/F71 -> 12500
A72: HERRAMIENTAS MENORES | G72: 15000
G74: Sub-Total | H74: =SUM(G71:G73) -> 27500
A75: II. MATERIALES EN OBRA
A76: Descripción | D76: Unidad | E76: Precio-Unit. | F76: Cantidad | G76: Valor-Unit.
A77: CEMENTO GRIS | D77: Kg | E77: =MATERIALES!F10 -> 810 | F77: =7.6*50 -> 380 | G77: =F77*E77 -> 307800
A78: PIEDRA 3/4" SELECCIONADA | D78: M3 | E78: =MATERIALES!C12 -> 150000 | F78: 0.77 | G78: =F78*E78 -> 115500
A79: ARENA GRUESA | D79: M3 | E79: =MATERIALES!F14 -> 72000 | F79: 0.523 | G79: =F79*E79 -> 37656
A80: AGUA | D80: LITRO | E80: =MATERIALES!F16 -> 50 | F80: =29*7.6 -> 220.4 | G80: =F80*E80 -> 11020
A81: DESPERDICIO DE MATERIALES 5% | E81: =SUM(G77:G80) -> 471976 | F81: 0.05 | G81: =F81*E81 -> 23598.8
G82: Sub-Total | H82: =SUM(G77:G81) -> 495574.8
A83: III. TRANSPORTES
A84: Material | C84: Vol. Peso ó Cant. | D84: Distancia | E84: M3-Km | F84: Tarifa | G84: Valor-Unit.
A85: CEMENTO | C85: 0.455 | D85: 15 | E85: =D85*C85 -> 6.825 | F85: 1100 | G85: =F85*E85 -> 7507.5
A86: TRITURADO | C86: =F78 -> 0.77 | D86: 15 | E86: =D86*C86 -> 11.55 | F86: 1100 | G86: =F86*E86 -> 12705
A87: ARENA | C87: =F79 -> 0.523 | D87: 15 | E87: =D87*C87 -> 7.845 | F87: 1100 | G87: =F87*E87 -> 8629.5
A88: AGUA | C88: 0.2 | D88: 15 | E88: =D88*C88 -> 3 | F88: 1100 | G88: =F88*E88 -> 3300
G89: Sub-Total | H89: =SUM(G85:G88) -> 32142
A90: IV. MANO DE OBRA
A91: Trabajador | C91: Jornal | D91: Prestaciones | E91: Jornal Total | F91: Rendimiento | G91: Valor-Unit.
G94: Sub-Total | H94: =SUM(G92:G93) -> 0
E96: TOTAL COSTO DIRECTO | H96: =ROUND((H74+H82+H89+H94),0) -> 555217
A113: EMPRESA SOCIAL DEL ESTADO | G113: ANÁLISIS DE PRECIOS UNITARIOS
A114: HOSPITAL SAN NICOLAS DE TOLENTINO
A115: MUNICIPIO DE PINILLOS BOLIVAR
G116: MORTERO 1:4 impermeabilizado
A118: PROYECTO: ADECUACIÓN Y MANTENIMIENTO DE LA ESE HOSPITAL SAN NICOLÁS DE TOLENTINO EN LA CABECERA MUNICIPAL DE PINILLOS Y LOS PUESTOS DE SALUD DE LOS CORREGIMIENTOS DE LAS CONCHITAS, PALENQUITO, PUERTO LÓPEZ Y SANTA COA, EN EL MUNICIPIO DE PINILLOS - DEPARTAMENTO DE BOLÍVAR
G123: UNIDAD : | H123: M3
A125: I. EQUIPO
A126: Descripción | D126: Tipo | E126: Tarifa/Dia | F126: Rendimiento | G126: Valor-Unit.
A127: MEZCLADOR DE CONCRETO | E127: ='HERRAMIENTAS Y EQUIPOS'!C21 -> 100000 | F127: 8 | G127: =+E127/F127 -> 12500
G130: Sub-Total | H130: =SUM(G127:G129) -> 12500
A131: II. MATERIALES EN OBRA
A132: Descripción | D132: Unidad | E132: Precio-Unit. | F132: Cantidad | G132: Valor-Unit.
A133: CEMENTO GRIS | D133: Kg | E133: =MATERIALES!F10 -> 810 | F133: 364 | G133: =F133*E133 -> 294840
A134: ARENA DELGADA | D134: M3 | E134: =MATERIALES!F15 -> 72000 | F134: 1.16 | G134: =F134*E134 -> 83520
A135: AGUA | D135: LITRO | E135: =MATERIALES!F16 -> 50 | F135: 220 | G135: =F135*E135 -> 11000
A136: IMPERMEABILZANTE TIPO SIKA 1 | D136: Kg | E136: =MATERIALES!F29 -> 18200 | F136: 10.92 | G136: =F136*E136 -> 198744
A137: DESPERDICIO DE MATERIALES 5% | D137: % | E137: =SUM(G133:G135) -> 389360 | F137: 0.05 | G137: =F137*E137 -> 19468
G139: Sub-Total | H139: =SUM(G133:G138) -> 607572
A140: III. TRANSPORTES
A141: Material | C141: Vol. Peso ó Cant. | D141: Distancia | E141: M3-Km | F141: Tarifa | G141: Valor-Unit.
A142: CEMENTO GRIS | C142: 0.455 | D142: 15 | E142: =D142*C142 -> 6.825 | F142: 1100 | G142: =F142*E142 -> 7507.5
A143: ARENA DELGADA | C143: =+F134 -> 1.16 | D143: 15 | E143: =+C143*D143 -> 17.4 | F143: 1100 | G143: =F143*E143 -> 19140
A144: AGUA | C144: 0.2 | D144: 15 | E144: =+C144*D144 -> 3 | F144: 1100 | G144: =F144*E144 -> 3300
A145: IMPERMEABILIZANTE | C145: 0.05 | D145: 15 | E145: =+C145*D145 -> 0.75 | F145: 1100 | G145: =+E145*F145 -> 825
G147: Sub-Total | H147: =SUM(G143:G146) -> 23265
A148: IV. MANO DE OBRA
A149: Trabajador | C149: Jornal | D149: Prestaciones | E149: Jornal Total | F149: Rendimiento | G149: Valor-Unit.
G151: Sub-Total
E153: TOTAL COSTO DIRECTO | H153: =ROUND((H130+H139+H147+H151),0) -> 643337
A169: EMPRESA SOCIAL DEL ESTADO | G169: ANÁLISIS DE PRECIOS UNITARIOS
A170: HOSPITAL SAN NICOLAS DE TOLENTINO
A171: MUNICIPIO DE PINILLOS BOLIVAR | G171: ACERO DE REFUERZO DE 420 Mpa (1)
A174: PROYECTO: ADECUACIÓN Y MANTENIMIENTO DE LA ESE HOSPITAL SAN NICOLÁS DE TOLENTINO EN LA CABECERA MUNICIPAL DE PINILLOS Y LOS PUESTOS DE SALUD DE LOS CORREGIMIENTOS DE LAS CONCHITAS, PALENQUITO, PUERTO LÓPEZ Y SANTA COA, EN EL MUNICIPIO DE PINILLOS - DEPARTAMENTO DE BOLÍVAR
G179: UNIDAD : | H179: Kg
A181: I. EQUIPO
A182: Descripción | D182: Tipo | E182: Tarifa/dia | F182: Rendimiento | G182: Valor-Unit.
A183: HERRAMIENTAS MENORES (5% M.O.) | G183: =H202*0.05 -> 75.833333
G186: Sub-Total | H186: =SUM(G183:G185) -> 75.833333
A187: II. MATERIALES EN OBRA
A188: Descripción | D188: Unidad | E188: Precio-Unit. | F188: Cantidad | G188: Valor-Unit.
A189: ACERO DE REFUERZO 60000 p.s.i. | D189: Kg | E189: =MATERIALES!F17 -> 7159 | F189: 1 | G189: =F189*E189 -> 7159
A190: ALAMBRE QUEMADO | D190: Kg | E190: =MATERIALES!F19 -> 9146 | F190: 0.02 | G190: =F190*E190 -> 182.92
...

Sheet MANO DE OBRA
A1: EMPRESA SOCIAL DEL ESTADO
A2: HOSPITAL SAN NICOLAS DE TOLENTINO
A3: MUNICIPIO DE PINILLOS BOLIVAR
A4: PROYECTO: ADECUACIÓN Y MANTENIMIENTO DE LA ESE HOSPITAL SAN NICOLÁS DE TOLENTINO EN LA CABECERA MUNICIPAL DE PINILLOS Y LOS PUESTOS DE SALUD DE LOS CORREGIMIENTOS DE LAS CONCHITAS, PALENQUITO, PUERTO LÓPEZ Y SANTA COA, EN EL MUNICIPIO DE PINILLOS - DEPARTAMENTO DE BOLÍVAR
A6: MANO DE OBRA - AJUSTADA 2023
A7: AÑO | D7: 2022 | E7: 2023
A8: SALARIO MINIMO MENSUAL SIN SUBSIDIO DE TRANSPORTE | D8: 1000000 | E8: 1160000
A9: SUBSIDIO DE TRANSPORTE | D9: 117172 | E9: 140000
A10: SALARIO MINIMO MENSUAL CON SUBSIDIO DE TRANSPORTE | D10: =SUM(D8:D9) -> 1117172 | E10: =SUM(E8:E9) -> 1300000
A11: DIAS DE TRABAJO | D11: 30 | E11: 30
A13: TRABAJADOR | D13: VALOR | E13: AJUSTADO
A14: OBRERO | D14: =E10/E11*1.2 -> 52000 | E14: =ROUND((D14),0) -> 52000
A15: OFICIAL | D15: =E10/E11*2.2 -> 95333.333 | E15: =ROUND((D15),0) -> 95333
A16: TECNICO ELECTRICISTA | D16: =E10/E11*2.2 -> 95333.333 | E16: =ROUND((D16),0) -> 95333
A17: SOLDADOR | D17: =E10/E11*2.2 -> 95333.333 | E17: =ROUND((D17),0) -> 95333
A18: MAESTRO | D18: =E10/E11*2.5 -> 108333.33 | E18: =ROUND((D18),0) -> 108333
A19: TOPOGRAFO | D19: =E10/30*2.5 -> 108333.33 | E19: =ROUND((D19),0) -> 108333
A20: AUXILIAR DE TOPOGRAFIA | D20: =E10/E11*1.2 -> 52000 | E20: =ROUND((D20),0) -> 52000

Sheet MATERIALES
A1: EMPRESA SOCIAL DEL ESTADO
A2: HOSPITAL SAN NICOLAS DE TOLENTINO
A3: MUNICIPIO DE PINILLOS BOLIVAR
A4: PROYECTO: ADECUACIÓN Y MANTENIMIENTO DE LA ESE HOSPITAL SAN NICOLÁS DE TOLENTINO EN LA CABECERA MUNICIPAL DE PINILLOS Y LOS PUESTOS DE SALUD DE LOS CORREGIMIENTOS DE LAS CONCHITAS, PALENQUITO, PUERTO LÓPEZ Y SANTA COA, EN EL MUNICIPIO DE PINILLOS - DEPARTAMENTO DE BOLÍVAR
A5: LISTADO DE MATERIALES DE OBRA REFERENTES DE LA REGION - AJUSTADOS A 2023
A6: MATERIALES EN OBRA | B6: UNIDAD DE MEDIDA | C6: PRECIO PRESUPUESTO | D6: PRECIO MERCADO 2021 | E6: VALOR AJUSTADO 2022 | F6: VALOR INGRESADO
A7: SACO DE LONA O LONA | B7: UNIDAD | C7: 1500 | D7: =C7*0.94 -> 1410 | E7: =+D7*1.06 -> 1494.6 | F7: =C7 -> 1500
A8: PUNTILLAS 11/2" | B8: LIBRA | C8: 7500 | D8: =C8*0.94 -> 7050 | E8: =+D8*1.06 -> 7473 | F8: =C8 -> 7500
A9: CEMENTO BLANCO | B9: KILOGRAMO | C9: 2800 | D9: =C9*0.94 -> 2632 | E9: =+D9*1.06 -> 2789.92 | F9: =C9 -> 2800
A10: CEMENTO GRIS TIPO PORTLAND | B10: KILOGRAMO | C10: 810 | D10: =C10*0.94 -> 761.4 | E10: =+D10*1.06 -> 807.084 | F10: =C10 -> 810
A11: RELLENO MATERIAL GRANULAR | B11: M3 | C11: =32000*1.35 -> 43200 | D11: =C11*0.94 -> 40608 | E11: =+D11*1.06 -> 43044.48 | F11: =C11 -> 43200
A12: PIEDRA SELECCIONADA 3/4" | B12: M3 | C12: =2000*60*1.25 -> 150000 | D12: =C12*0.94 -> 141000 | E12: =+D12*1.06 -> 149460 | F12: =C12 -> 150000
A13: PIEDRA 3 PULGADAS | B13: M3 | C13: =2000*60*1.25 -> 150000 | D13: =C13*0.94 -> 141000 | E13: =+D13*1.06 -> 149460 | F13: =C13 -> 150000
A14: ARENA GRUESA | B14: M3 | C14: =1000*60*1.2 -> 72000 | D14: =C14*0.94 -> 67680 | E14: =+D14*1.06 -> 71740.8 | F14: =C14 -> 72000
A15: ARENA DELGADA | B15: M3 | C15: =1000*60*1.2 -> 72000 | D15: =C15*0.94 -> 67680 | E15: =+D15*1.06 -> 71740.8 | F15: =C15 -> 72000
A16: AGUA | B16: LITRO | C16: 50 | D16: =C16*0.94 -> 47 | E16: =+D16*1.06 -> 49.82 | F16: =C16 -> 50
A17: ACERO DE REFUERZO DE 420 Mpa (1) | B17: KILOGRAMO | C17: 7159 | D17: =C17*0.94 -> 6729.46 | E17: =+D17*1.06 -> 7133.2276 | F17: =C17 -> 7159
A18: ACERO DE REFUERZO DE 420 Mpa (2) | B18: KILOGRAMO | C18: 7159 | D18: =C18*0.94 -> 6729.46 | E18: =+D18*1.06 -> 7133.2276 | F18: =C18 -> 7159
A19: ALAMBRE QUEMADO | B19: KILOGRAMO | C19: 9146 | D19: =C19*0.94 -> 8597.24 | E19: =+D19*1.06 -> 9113.0744 | F19: =C19 -> 9146
A20: CAL (BULTO POR 10 KG) | B20: KILOGRAMO | C20: 2100 | D20: =C20*0.94 -> 1974 | E20: =+D20*1.06 -> 2092.44 | F20: =C20 -> 2100
A21: ACRONAL | B21: KILOGRAMO | C21: =21600*1.35 -> 29160 | D21: =C21*0.94 -> 27410.4 | E21: =+D21*1.06 -> 29055.024 | F21: =C21 -> 29160
A22: LISTON DE MADERA 6" x 4" x 4,0 MTS | B22: UNIDAD | C22: 75000 | D22: =C22*0.94 -> 70500 | E22: =+D22*1.06 -> 74730 | F22: =C22 -> 75000
A23: LISTON DE MADERA 4" x 2" x 4,0 MTS | B23: UNIDAD | C23: 40000 | D23: =C23*0.94 -> 37600 | E23: =+D23*1.06 -> 39856 | F23: =C23 -> 40000
A24: LISTON DE MADERA 4" x 2" x 3,0 MTS | B24: UNIDAD | C24: 17500 | D24: =C24*0.94 -> 16450 | E24: =+D24*1.06 -> 17437 | F24: =C24 -> 17500
A25: LISTON DE MADERA 2" x 1" x 3,0 MTS | B25: UNIDAD | C25: 6000 | D25: =C25*0.94 -> 5640 | E25: =+D25*1.06 -> 5978.4 | F25: =C25 -> 6000
A26: TABLA CARACOLI 10" x 1" x 3,0 MTS | B26: UNIDAD | C26: 27000 | D26: =C26*0.94 -> 25380 | E26: =+D26*1.06 -> 26902.8 | F26: =C26 -> 27000
A27: SOLDADURA PVC | B27: GALON | C27: =53000*4*1.35 -> 286200 | D27: =C27*0.94 -> 269028 | E27: =+D27*1.06 -> 285169.68 | F27: =C27 -> 286200
A28: CUBIERTA TIPO ZINC INCLUYE AMARRES | B28: M2 | C28: 24300 | D28: =C28*0.94 -> 22842 | E28: =+D28*1.06 -> 24212.52 | F28: =C28 -> 24300
A29: IMPERMEABILZANTE TIPO SIKA 1 | B29: KILOGRAMO | C29: =13000*1.4 -> 18200 | D29: =C29*0.94 -> 17108 | E29: =+D29*1.06 -> 18134.48 | F29: =C29 -> 18200
A30: IMPERMEABILZANTE TIPO SIKA 101 | B30: KILOGRAMO | C30: =7000*1.4 -> 9800 | D30: =C30*0.94 -> 9212 | E30: =+D30*1.06 -> 9764.72 | F30: =C30 -> 9800
A31: CINTA B-15 | B31: ROLLO | C31: 1303000 | D31: =C31*0.94 -> 1224820 | E31: =+D31*1.06 -> 1298309.2 | F31: =C31 -> 1303000
A32: SELLALON PARA JUNTAS | B32: GALON | C32: 362400 | D32: =C32*0.94 -> 340656 | E32: =+D32*1.06 -> 361095.36 | F32: =C32 -> 362400
A33: CORDON DE ESPUMA EN POLIURETANO | B33: M | C33: 1800 | D33: =C33*0.94 -> 1692 | E33: =+D33*1.06 -> 1793.52 | F33: =C33 -> 1800
A34: GRASA | B34: KILOGRAMO | C34: 7500 | D34: =C34*0.94 -> 7050 | E34: =+D34*1.06 -> 7473 | F34: =C34 -> 7500
A35: DISCO DE CORTE DIAMANTADO 14" | B35: UNIDAD | C35: 775800 | D35: =C35*0.94 -> 729252 | E35: =+D35*1.06 -> 773007.12 | F35: =C35 -> 775800
A36: GEOTEXTIL DE PROTECCION | B36: M2 | C36: 4500 | D36: =C36*0.94 -> 4230 | E36: =+D36*1.06 -> 4483.8 | F36: =C36 -> 4500
A37: ANTISOL | B37: GALON | C37: 85000 | D37: =C37*0.94 -> 79900 | E37: =+D37*1.06 -> 84694 | F37: =C37 -> 85000
A38: ADOQUIN VIBRADO | B38: M2 | C38: =(57000*1.35)*1 -> 76950 | D38: =C38*0.94 -> 72333 | E38: =+D38*1.06 -> 76672.98 | F38: =C38 -> 76950
A39: BLOQUE No 6 - 40 X 20 X 15 cms | B39: UNIDAD | C39: =2300*1.35 -> 3105 | D39: =C39*0.94 -> 2918.7 | E39: =+D39*1.06 -> 3093.822 | F39: =C39 -> 3105
A40: BLOQUE No 4 - 40 X 20 X 9 cms | B40: UNIDAD | C40: =1300*1.35 -> 1755 | D40: =C40*0.94 -> 1649.7 | E40: =+D40*1.06 -> 1748.682 | F40: =C40 -> 1755
A41: ADITIVO PLASTIFICANTE | B41: KILOGRAMO | C41: 40700 | D41: =C41*0.94 -> 38258 | E41: =+D41*1.06 -> 40553.48 | F41: =C41 -> 40700
A42: ADITIVO RETARDANTE | B42: KILOGRAMO | C42: 32900 | D42: =C42*0.94 -> 30926 | E42: =+D42*1.06 -> 32781.56 | F42: =C42 -> 32900
A43: ESTUCO PLASTICO | B43: GALON | C43: 40000 | D43: =C43*0.94 -> 37600 | E43: =+D43*1.06 -> 39856 | F43: =C43 -> 40000
A44: PINTURA TIPO 1 | B44: GALON | C44: 103000 | D44: =C44*0.94 -> 96820 | E44: =+D44*1.06 -> 102629.2 | F44: =C44 -> 103000
A45: CERAMICA PARA PISOS | B45: M2 | C45: 45000 | D45: =C45*0.94 -> 42300 | E45: =+D45*1.06 -> 44838 | F45: =C45 -> 45000
A46: CERAMICA PARA FACHADAS | B46: M2 | C46: 60000 | D46: =C46*0.94 -> 56400 | E46: =+D46*1.06 -> 59784 | F46: =C46 -> 60000
A47: ZOCALO MEDIA CAÑA | B47: M | C47: 17500 | D47: =C47*0.94 -> 16450 | E47: =+D47*1.06 -> 17437 | F47: =C47 -> 17500
A48: CERAMICA PARA PISOS DE BAÑOS | B48: M2 | C48: 36000 | D48: =C48*0.94 -> 33840 | E48: =+D48*1.06 -> 35870.4 | F48: =C48 -> 36000
A49: CERAMICA PARA MUROS DE BAÑOS | B49: M2 | C49: 36000 | D49: =C49*0.94 -> 33840 | E49: =+D49*1.06 -> 35870.4 | F49: =C49 -> 36000
A50: PEGANTE CERAMICA | B50: KILOGRAMO | C50: 4500 | D50: =C50*0.94 -> 4230 | E50: =+D50*1.06 -> 4483.8 | F50: =C50 -> 4500
A51: SELLANTE DE JUNTAS | B51: KILOGRAMO | C51: 2800 | D51: =C51*0.94 -> 2632 | E51: =+D51*1.06 -> 2789.92 | F51: =C51 -> 2800
A52: PIEDRA GRANITO | B52: M2 | C52: 4500 | D52: =C52*0.94 -> 4230 | E52: =+D52*1.06 -> 4483.8 | F52: =C52 -> 4500
... A55: DISCO DE CORTE DIAMANTADO 7" | B55: UNIDAD | C55: 78000 | D55: =C55*0.94 -> 73320 | E55: =+D55*1.06 -> 77719.2 | F55: =C55 -> 78000
A56: ADOQUIN COLORES VARIADOS 10 X 20 CMS | B56: UNIDAD | C56: =(57000*1.35)*1 -> 76950 | D56: =C56*0.94 -> 72333 | E56: =+D56*1.06 -> 76672.98 | F56: =C56 -> 76950
A57: GRAMA SINTETICA | B57: M2 | C57: 91000 | D57: =C57*0.94 -> 85540 | E57: =+D57*1.06 -> 90672.4 | F57: =C57 -> 91000
A58: PISO DE CAUCHO GRANULADO | B58: M2 | C58: =292200*1.15 -> 336030 | D58: =C58*0.94 -> 315868.2 | E58: =+D58*1.06 -> 334820.29 | F58: =C58 -> 336030
A59: PEGANTE TIPO BOXER | B59: GALON | C59: =68000*1.35 -> 91800 | D59: =C59*0.94 -> 86292 | E59: =+D59*1.06 -> 91469.52 | F59: =C59 -> 91800
A60: LAMINA YESO CARTON | B60: UNIDAD | C60: 25000 | D60: =C60*0.94 -> 23500 | E60: =+D60*1.06 -> 24910 | F60: =C60 -> 25000
A61: ANGULO OMEGAL Y OTROS | B61: M | C61: 13500 | D61: =C61*0.94 -> 12690 | E61: =+D61*1.06 -> 13451.4 | F61: =C61 -> 13500
A62: TORNILLERIA PAQUETE | B62: UNIDAD | C62: 3500 | D62: =C62*0.94 -> 3290 | E62: =+D62*1.06 -> 3487.4 | F62: =C62 -> 3500
A63: TUBERIA PVC 1/2" | B63: M | C63: 4176 | D63: =C63*0.94 -> 3925.44 | E63: =+D63*1.06 -> 4160.9664 | F63: =C63 -> 4176
A64: CODOS 1/2" | B64: UNIDAD | C64: 1330 | D64: =C64*0.94 -> 1250.2 | E64: =+D64*1.06 -> 1325.212 | F64: =C64 -> 1330
A65: TEE 1/2" | B65: UNIDAD | C65: 2520 | D65: =C65*0.94 -> 2368.8 | E65: =+D65*1.06 -> 2510.928 | F65: =C65 -> 2520
A66: ADAPTADORES | B66: UNIDAD | C66: 3700 | D66: =C66*0.94 -> 3478 | E66: =+D66*1.06 -> 3686.68 | F66: =C66 -> 3700
A67: LLAVE DE DISTRIBUCION | B67: UNIDAD | C67: 16300 | D67: =C67*0.94 -> 15322 | E67: =+D67*1.06 -> 16241.32 | F67: =C67 -> 16300
A68: TUBERIA PVC 1 1/4" | B68: M | C68: 13200 | D68: =C68*0.94 -> 12408 | E68: =+D68*1.06 -> 13152.48 | F68: =C68 -> 13200
A69: CODOS 1 1/4" | B69: UNIDAD | C69: 5460 | D69: =C69*0.94 -> 5132.4 | E69: =+D69*1.06 -> 5440.344 | F69: =C69 -> 5460
A70: TEE 1 1/4" | B70: UNIDAD | C70: 5250 | D70: =C70*0.94 -> 4935 | E70: =+D70*1.06 -> 5231.1 | F70: =C70 -> 5250
A71: TUBERIA PVC 3/4" | B71: M | C71: 5350 | D71: =C71*0.94 -> 5029 | E71: =+D71*1.06 -> 5330.74 | F71: =C71 -> 5350
A72: CODOS 3/4" | B72: UNIDAD | C72: =1330*1.5 -> 1995 | D72: =C72*0.94 -> 1875.3 | E72: =+D72*1.06 -> 1987.818 | F72: =C72 -> 1995
A73: TEE 3/4" | B73: UNIDAD | C73: =2520*1.5 -> 3780 | D73: =C73*0.94 -> 3553.2 | E73: =+D73*1.06 -> 3766.392 | F73: =C73 -> 3780
A74: TUBERIA PVC 1" | B74: M | C74: 7210 | D74: =C74*0.94 -> 6777.4 | E74: =+D74*1.06 -> 7184.044 | F74: =C74 -> 7210
A75: CODOS 1" | B75: UNIDAD | C75: 2700 | D75: =C75*0.94 -> 2538 | E75: =+D75*1.06 -> 2690.28 | F75: =C75 -> 2700
A76: TEE 1" | B76: UNIDAD | C76: 5400 | D76: =C76*0.94 -> 5076 | E76: =+D76*1.06 -> 5380.56 | F76: =C76 -> 5400
A77: TANQUE DE 1000 LTS | B77: M | C77: 650000 | D77: =C77*0.94 -> 611000 | E77: =+D77*1.06 -> 647660 | F77: =C77 -> 650000
A78: TANQUE DE 500 LTS | B78: M | C78: 420000 | D78: =C78*0.94 -> 394800 | E78: =+D78*1.06 -> 418488 | F78: =C78 -> 420000
A79: FLOTADOR | B79: UNIDAD | C79: =78900*1.3 -> 102570 | D79: =C79*0.94 -> 96415.8 | E79: =+D79*1.06 -> 102200.75 | F79: =C79 -> 102570
A80: VALVULA UNIVERSAL 1/2" | B80: UNIDAD | C80: 13800 | D80: =C80*0.94 -> 12972 | E80: =+D80*1.06 -> 13750.32 | F80: =C80 -> 13800
A81: VALVULA UNIVERSAL 1" | B81: UNIDAD | C81: 19600 | D81: =C81*0.94 -> 18424 | E81: =+D81*1.06 -> 19529.44 | F81: =C81 -> 19600
A82: Gabinete en lamina cold rolled, tamaño 60x35x23, calibre 20, pintura electroestática roja y texturizada. marco en lámina, con empaque, vidrio , chapa con 2 llaves | B82: UNIDAD | C82: =94400*1.5 -> 141600 | D82: =C82*0.94 -> 133104 | E82: =+D82*1.06 -> 141090.24 | F82: =C82 -> 141600
A83: Extintor ABC 10 lbs | B83: UNIDAD | C83: =56300*1.5 -> 84450 | D83: =C83*0.94 -> 79383 | E83: =+D83*1.06 -> 84145.98 | F83: =C83 -> 84450
A84: COMBO SANITARIO , (Inc. Lavamanos y Sanitario) | B84: UNIDAD | C84: =450000*1.5 -> 675000 | D84: =C84*0.94 -> 634500 | E84: =+D84*1.06 -> 672570 | F84: =C84 -> 675000
A85: TUBERIA PVC 2" | B85: M | C85: 11650 | D85: =C85*0.94 -> 10951 | E85: =+D85*1.06 -> 11608.06 | F85: =C85 -> 11650
A86: CODO DE 2" 90 | B86: UNIDAD | C86: 4050 | D86: =C86*0.94 -> 3807 | E86: =+D86*1.06 -> 4035.42 | F86: =C86 -> 4050
A87: CODO DE 2" 45 | B87: UNIDAD | C87: 3990 | D87: =C87*0.94 -> 3750.6 | E87: =+D87*1.06 -> 3975.636 | F87: =C87 -> 3990
A88: TAPON DE PRUEBA DE 2" | B88: UNIDAD | C88: 2086 | D88: =C88*0.94 -> 1960.84 | E88: =+D88*1.06 -> 2078.4904 | F88: =C88 -> 2086
A89: YEE DE 2" | B89: UNIDAD | C89: 12460 | D89: =C89*0.94 -> 11712.4 | E89: =+D89*1.06 -> 12415.144 | F89: =C89 -> 12460
A90: TUBERIA PVC 3" | B90: M | C90: 17500 | D90: =C90*0.94 -> 16450 | E90: =+D90*1.06 -> 17437 | F90: =C90 -> 17500
A91: CODO DE 3" 90 | B91: UNIDAD | C91: 8120 | D91: =C91*0.94 -> 7632.8 | E91: =+D91*1.06 -> 8090.768 | F91: =C91 -> 8120
A92: CODO DE 3" 45 | B92: UNIDAD | C92: 13860 | D92: =C92*0.94 -> 13028.4 | E92: =+D92*1.06 -> 13810.104 | F92: =C92 -> 13860
A93: SIFON DE 3" | B93: UNIDAD | C93: 12880 | D93: =C93*0.94 -> 12107.2 | E93: =+D93*1.06 -> 12833.632 | F93: =C93 -> 12880
A94: TAPON DE PRUEBA DE 3" | B94: UNIDAD | C94: 2660 | D94: =C94*0.94 -> 2500.4 | E94: =+D94*1.06 -> 2650.424 | F94: =C94 -> 2660
A95: YEE DE 3" | B95: UNIDAD | C95: 19460 | D95: =C95*0.94 -> 18292.4 | E95: =+D95*1.06 -> 19389.944 | F95: =C95 -> 19460
A96: REJILLA 3" | B96: UNIDAD | C96: 22260 | D96: =C96*0.94 -> 20924.4 | E96: =+D96*1.06 -> 22179.864 | F96: =C96 -> 22260
... A112: VISAGRAS | B112: UNIDAD | C112: 4500 | D112: =C112*0.94 -> 4230 | E112: =+D112*1.06 -> 4483.8 | F112: =C112 -> 4500
A113: VENTANAS EN ALUMINIO | B113: UNIDAD | C113: =200000*1.35 -> 270000 | D113: =C113*0.94 -> 253800 | E113: =+D113*1.06 -> 269028 | F113: =C113 -> 270000
A114: PUERTAS EN ALUMINIO | B114: UNIDAD | C114: =220000*1.35 -> 297000 | D114: =C114*0.94 -> 279180 | E114: =+D114*1.06 -> 295930.8 | F114: =C114 -> 297000
A115: PUERTAS EN ALUMINIO TIPO 762 | B115: UNIDAD | C115: =280000*1.35 -> 378000 | D115: =C115*0.94 -> 355320 | E115: =+D115*1.06 -> 376639.2 | F115: =C115 -> 378000
A116: CHAPAS CON MANIJA | B116: UNIDAD | C116: 78500 | D116: =C116*0.94 -> 73790 | E116: =+D116*1.06 -> 78217.4 | F116: =C116 -> 78500
A117: VARILLA LISA 3/8" | B117: M | C117: 5800 | D117: =C117*0.94 -> 5452 | E117: =+D117*1.06 -> 5779.12 | F117: =C117 -> 5800
...

Sheet HERRAMIENTAS Y EQUIPOS
A1: EMPRESA SOCIAL DEL ESTADO
A2: HOSPITAL SAN NICOLAS DE TOLENTINO
A3: MUNICIPIO DE PINILLOS BOLIVAR
A4: PROYECTO: ADECUACIÓN Y MANTENIMIENTO DE LA ESE HOSPITAL SAN NICOLÁS DE TOLENTINO EN LA CABECERA MUNICIPAL DE PINILLOS Y LOS PUESTOS DE SALUD DE LOS CORREGIMIENTOS DE LAS CONCHITAS, PALENQUITO, PUERTO LÓPEZ Y SANTA COA, EN EL MUNICIPIO DE PINILLOS - DEPARTAMENTO DE BOLÍVAR
A7: HERRAMIENTA Y EQUIPOS - AJUSTADOS A 2022
A8: , | B8: UNIDAD | C8: TARIFA
A9: HERRAMIENTAS MENORES | C9: 5% M/O
A10: EQUIPO DE TOPOGRAFIA (NIVEL) | B10: $/DIA | C10: 75000
A11: BOB CAT MARTILLO | B11: $/HORA | C11: 150000
A12: BOB CAT PALA | B12: $/HORA | C12: 130000
A13: RETROEXCAVADORA DE ORUGA | B13: $/HORA | C13: 240000
A14: RETROEXCAVADORA DE LLANTA | B14: $/HORA | C14: 180000
A15: MOTONIVELADORA | B15: $/HORA | C15: 240000
A16: BULDOZER | B16: $/HORA | C16: 240000
A17: VIBRO-COMPACTADOR 3 TON | B17: $/HORA | C17: 120000
A18: VIBRO-COMPACTADOR 8 TON | B18: $/HORA | C18: 180000
A19: VIBRO-COMPACTADOR- RANA | B19: $/DIA | C19: 70000
A20: VIBRO-COMPACTADOR- CANGURO | B20: $/DIA | C20: 100000
A21: MEZCLADOR DE CONCRETO | B21: $/DIA | C21: 100000
... A24: RIELES METALICOS (Unidad) | B24: $UNIDAD/DIA | C24: 4500
A25: FORMALETA METALICA (TABLEROS X 6) | B25: $/DIA | C25: =7500*6 -> 45000
A26: EQUIPO DE SOLDADURA 110/220 V | B26: $/DIA | C26: 150000
A27: GRUA | B27: $/DIA | C27: 180000
A28: EQUIPO DE PERFORACION ROTACIONAL | B28: $/DIA | C28: 377500
A29: FORMALETA METALICA (D=50 CMS/LONG. 3ML) | B29: $/DIA | C29: 20000
A30: EQUIPO TERMOFUSION | B30: $/DIA | C30: 300000
A31: MOTOBOMBA | B31: $/DIA | C31: 108000
A32: CORTADORA DE PAVIMENTO | B32: $/DIA | C32: 180000
A33: FLOTA METALICA | B33: $/DIA | C33: 75000
A34: CEPILLO METALICO | B34: $/DIA | C34: 75000
A35: REGLA VIBRATORIA | B35: $/DIA | C35: 180000
A36: VIBRO DE PUNTA | B36: $/DIA | C36: 80000
A37: GRUA | B37: $/DIA | C37: 180000
... A39: PULIDORA PROFESIONAL | B39: $/DIA | C39: 15000
A45: ARQ. CHEDID PABA PIÑERES
A46: Secretario de Planeación y Obras Públicas

Sheet TRANSPORTE
A1: EMPRESA SOCIAL DEL ESTADO
A2: HOSPITAL SAN NICOLAS DE TOLENTINO
A3: MUNICIPIO DE PINILLOS BOLIVAR
A4: PROYECTO: ADECUACIÓN Y MANTENIMIENTO DE LA ESE HOSPITAL SAN NICOLÁS DE TOLENTINO EN LA CABECERA MUNICIPAL DE PINILLOS Y LOS PUESTOS DE SALUD DE LOS CORREGIMIENTOS DE LAS CONCHITAS, PALENQUITO, PUERTO LÓPEZ Y SANTA COA, EN EL MUNICIPIO DE PINILLOS - DEPARTAMENTO DE BOLÍVAR
A7: TRANSPORTE - AJUSTADO A 2023
A9: VALOR | C9: UNIDAD | D9: VALOR | E9: AJUSTADO NORMAL | F9: AJUSTADO DIFICIL ACCESO
A10: TRANSPORTE | C10: M3/KM | D10: =918*1.035 -> 950.13 | E10: =ROUND((D10),0) -> 950 | F10: =(ROUND((E10*1.1577),0)) -> 1100

Sheet PRES INTERVENTORIA
A1: ALCALDIA MUNICIPAL DE MONTECRISTO
A2: DEPARTAMENTO DE BOLIVAR
A3: SECRETARIA DE PLANEACION Y OBRAS PUBLICAS
A4: PROYECTO: CONSTRUCCION DE CANCHA POLIDEPORTIVA EN EL CORREGIMIENTO DE REGENCIA, MUNICIPIO DE MONTECRISTO BOLIVAR
A5: Presupuesto - Interventoria Tecnica
A7: VALOR TOTAL COSTO TOTAL OBRA | K7: ='PRESUPUESTO OBRA'!#REF! -> #REF!
A8: VALOR TOTAL COSTO INTERVENTORIA TECNICA 7% | K8: ='PRESUPUESTO OBRA'!#REF! -> #REF!
A10: 1 | B10: SALARIOS PERSONAL DE OBRA, OFICINA Y VIGILANCIA | K10: =I19+I27 -> 54290098
A11: A | B11: PERSONAL PROFESIONAL | J11: %
A12: CANT | B12: CONCEPTO | C12: A | D12: B | E12: C | F12: D | G12: E | H12: F | I12: G | J12: =K10/K7 -> #REF!
B13: PERSONAL TECNICO | C13: SUELDO MES BASICO X PERSONA | D13: SUELDO MES BASICO | E13: % DEDICACION | F13: F.M. | G13: VALOR MES (AXBXC) | H13: No DE MESES | I13: TOTAL (DXE)
A15: 1 | B15: Director de Interventoria | C15: =1050505*2.5 -> 2626262.5 | D15: =C15*A15 -> 2626262.5 | E15: 40 | F15: 1.9 | G15: =+D15*E15*F15/100 -> 1995959.5 | H15: 8 | I15: =+G15*H15 -> 15967676
A16: 1 | B16: Residente de Interventoria | C16: =1050505*2 -> 2101010 | D16: =C16*A16 -> 2101010 | E16: 100 | F16: 1.9 | G16: =+D16*E16*F16/100 -> 3991919 | H16: 6 | I16: =+G16*H16 -> 23951514
A17: 1 | B17: Profesional SISO | C17: =1050505*1.5 -> 1575757.5 | D17: =C17*A17 -> 1575757.5 | E17: 40 | F17: 1.9 | G17: =+D17*E17*F17/100 -> 1197575.7 | H17: 6 | I17: =+G17*H17 -> 7185454.2
B19: SUBTOTAL COSTO PERSONAL PROFESIONAL (4) | I19: =SUM(I15:I17) -> 47104644
A21: B | B21: PERSONAL TECNICO Y ADMINISTRATIVO
B22: CONCEPTO | C22: A | D22: B | E22: C | F22: D | G22: E | H22: F | I22: G
B23: PERSONAL TECNICO | C23: SUELDO MES BASICO X PERSONA | D23: SUELDO MES BASICO | E23: % DEDICACION | F23: F.M. | G23: VALOR MES (AXBXC) | H23: No DE MESES | I23: TOTAL (DXE)
A25: 1 | B25: Topografo | C25: =1050505*1.5 -> 1575757.5 | D25: =C25*A25 -> 1575757.5 | E25: 40 | F25: 1.9 | G25: =+D25*E25*F25/100 -> 1197575.7 | H25: 6 | I25: =+G25*H25 -> 7185454.2
B27: SUBTOTAL COSTO PERSONAL TECNICO (2) | I27: =SUM(I25:I25) -> 7185454.2
A31: 2 | B31: GASTOS OPERACIONALES | K31: =SUM(I32:I35) -> 11468901
A32: 2.1 | B32: PAPELERIA | F32: MES | G32: 6 | H32: 88150.158 | I32: =H32*G32 -> 528900.95 | J32: =K31/K7 -> #REF!
A33: 2.2 | B33: TRANSPORTE | F33: MES | G33: 6 | H33: 1200000 | I33: =H33*G33 -> 7200000
A34: 2.3 | B34: ENSAYOS DE LABORATORIO (Densidades) | F34: U | G34: 20 | H34: 158500 | I34: =H34*G34 -> 3170000
A35: 2.4 | B35: ENSAYOS DE LABORATORIO (concreto) | F35: U | G35: 20 | H35: 28500 | I35: =H35*G35 -> 570000
A38: ITEM | B38: DESCRIPCION | F38: % | G38: TOMADO DEL COSTO DIRECTO OBRA | H38: PORCENTAJE VALOR | I38: VALOR POLIZA O RETENCION | J38: % | K38: Vr. PARCIAL
A39: 3 | B39: GASTOS DE LEGALIZACIÓN | K39: =SUM(I40:I45) -> #REF!
A40: 3.1 | B40: Estampillas Pro-desarrollo y Pro-cultura | F40: 1 | G40: =K8*F40 -> #REF! | H40: 0.035 | I40: =H40*G40 -> #REF! | J40: =K39/K7 -> #REF!
A41: 3.2 | B41: Póliza Anticipo | F41: 0.4 | G41: =K8*F41 -> #REF! | H41: 0.0009 | I41: =H41*G41 -> #REF!
A42: 3.3 | B42: Póliza Cumplimiento | F42: 0.1 | G42: =K8*F42 -> #REF! | H42: 0.0007 | I42: =H42*G42 -> #REF!
A43: 3.4 | B43: Póliza Prestaciones | F43: 0.1 | G43: =K8*F43 -> #REF! | H43: 0.003 | I43: =H43*G43 -> #REF!
A44: 3.5 | B44: Póliza Responsabilidad Civil | F44: 0.5 | G44: =K8*F44 -> #REF! | H44: 0.0012 | I44: =H44*G44 -> #REF!
A45: 3.6 | B45: Póliza Estabilidad | F45: 0.5 | G45: =K8*F45 -> #REF! | H45: 0.0008 | I45: =H45*G45 -> #REF!
A47: 1 | B47: COSTO TOTAL (1+2+3) | J47: =J40+J32+J12 -> #REF! | K47: =K39+K31+K10 -> #REF!
A48: 2 | B48: IVA (19%) | J48: =K48/K7 -> #REF! | K48: =K47*0.19 -> #REF!
B50: TOTAL INTERVENTORIA TECNICA | K50: =K47+K48 -> #REF!
B59: HENRRY EDWIN LAFONT ESCUDERO
B60: Secretario de Planeación y Obras Públicas

Sheet FM INTERVENTORIA
A1: ALCALDIA MUNICIPAL DE MONTECRISTO
A2: DEPARTAMENTO DE BOLIVAR
A3: SECRETARIA DE PLANEACION Y OBRAS PUBLICAS
A4: PROYECTO: CONSTRUCCION DE CANCHA POLIDEPORTIVA EN EL CORREGIMIENTO DE REGENCIA, MUNICIPIO DE MONTECRISTO BOLIVAR
A6: CALCULO DEL FACTOR MULTIPLICADOR
A9: COMPONENTE | B9: DESCRIPCIÓN | C9: CALCULO | D9: VALOR (%)
A10: A | B10: SUELDOS O SALARIOS | D10: 1
A12: B | B12: PRESTACIONES SOCIALES
B13: Cesantías | C13: (%A) | D13: 0.11
B14: Intereses sobre las cesantías | C14: (%A) | D14: 0.01
B15: Prima anual (legal) | C15: (%A) | D15: 0.0833
B16: Vacaciones | C16: (%A) | D16: 0.0417
B17: Seguridad Social (salud) | C17: (%A) | D17: 0.085
B18: Seguridad Social (pensión) | C18: (%A) | D18: 0.12
B19: ARL | C19: (%A) | D19: 0.0696
B20: SENA | C20: (%A) | D20: 0.02
B21: ICBF | C21: (%A) | D21: 0.03
B22: Caja de Compensación Familiar | C22: (%A) | D22: 0.03
B23: Fondo de Solidaridad Pensional | C23: (%A) | D23: 0.005
B24: indemnizacion de ley | C24: (%A) | D24: 0.03
... B28: Implementos de Seguridad | C28: (%A) | D28: 0.0357
B29: Subtotal B | D29: =SUM(D13:D28) -> 0.7549
A31: C. | B31: SUMA A + B | D31: =+D10+D29 -> 1.7549
A33: D. | B33: HONORARIOS
B34: HONORARIOS | C34: (%A) | D34: 0.15
B35: Subtotal D | D35: =SUM(D34:D34) -> 0.15
A37: E. | B37: SUBTOTAL C + D | D37: =+D31+D35 -> 1.9049
B39: FACTOR MULTIPLICADOR ( Suma E ) | D39: =+D37 -> 1.9049
B40: FACTOR MULTIPLICADOR | D40: =+D39/100 -> 0.019049

Sheet Hoja1
E1: 33.81
E2: 2.25
E3: 1.2
E4: 5.75
E5: 1.2
E6: 2.25
E7: 16.35
E8: 21.49
E9: 5.13
E10: 2.03
E11: 7.19
E12: 2.58
... E38: 20.6
E40: =SUM(E1:E39) -> 474.13

Sheet PMA
A1: ALCALDIA MUNICIPAL DE MONTECRISTO
A2: DEPARTAMENTO DE BOLIVAR
A3: SECRETARIA DE PLANEACION Y OBRAS PUBLICAS
A4: PROYECTO: CONSTRUCCION DE CANCHA POLIDEPORTIVA EN EL CORREGIMIENTO DE REGENCIA, MUNICIPIO DE MONTECRISTO BOLIVAR
A5: Plan de Manejo Ambiental
A7: ITEM | B7: DESCRIPCION | C7: UNID. | D7: CANT. | E7: Vr. UNIT | F7: Vr. PARCIAL
A9: 1 | B9: SEÑALIZACION Y DELIMITACION
A10: 1.1 | B10: Vallas de prevencion | C10: U | D10: 1 | E10: 150000 | F10: =D10*E10 -> 150000
A11: 1.2 | B11: Cintas señalizadoras 100 ML | C11: ROLLO | D11: 12 | E11: 20000 | F11: =D11*E11 -> 240000
B12: Subtotal Item 1 | F12: =SUM(F10:F11) -> 390000
A14: 2 | B14: MANEJO Y CLASIFICACION DE RESIDUOS
A15: 2.1 | B15: Recipientres plasticos para recoleccion de residuos | C15: U | D15: 4 | E15: 35000 | F15: =D15*E15 -> 140000
A16: 2.2 | B16: Bolsas plasticas | C16: PAQ. | D16: 60 | E16: 4500 | F16: =D16*E16 -> 270000
A17: 2.3 | B17: Marcacion de los recipientes con pintura para clasificacion de los residuos | C17: U | D17: 4 | E17: 6000 | F17: =D17*E17 -> 24000
B18: Subtotal Item 2 | F18: =SUM(F15:F17) -> 434000
A20: 3 | B20: SERVICIOS PROFESIONALES
A21: 3.1 | B21: Ingeniero ambiental (incluye prestaciones sociales) - dedicacion 25% en obra (ver cuadro prestaciones sociales de obra - cuadro anexo analisis tecnicos ambiental) - VISITAS 3 VECES POR SEMANA A OBRA | C21: MES | D21: 6 | E21: ='PROFESIONAL PMA'!I13 -> 1378787.8 | F21: =D21*E21 -> 8272726.9
B22: Subtotal Item 3 | F22: =ROUND((F21),2) -> 8272726.9
C25: COSTO DIRECTO | F25: =F22+F18+F12 -> 9096726.9
B32: HENRRY EDWIN LAFONT ESCUDERO
B33: Secretario de Planeación y Obras Públicas

Sheet PROFESIONAL PMA
A1: ALCALDIA MUNICIPAL DE MONTECRISTO
A2: DEPARTAMENTO DE BOLIVAR
A3: SECRETARIA DE PLANEACION Y OBRAS PUBLICAS
A4: PROYECTO: CONSTRUCCION DE CANCHA POLIDEPORTIVA EN EL CORREGIMIENTO DE REGENCIA, MUNICIPIO DE MONTECRISTO BOLIVAR
A5: Analisis Unitario Profesional Plan de Manejo Ambiental
A7: A | B7: PERSONAL TECNICO
A8: CANT | B8: CONCEPTO | C8: A | D8: B | E8: C | F8: D | G8: E | H8: F | I8: G
B9: PERSONAL TECNICO | C9: SUELDO MES BASICO X PERSONA | D9: SUELDO MES BASICO | E9: % DEDICACION | F9: F.M. | G9: VALOR MES (AXBXC) | H9: No DE MESES | I9: TOTAL (DXE)
A11: 1 | B11: Ingeniero Ambiental | C11: =1050505*1.5 -> 1575757.5 | D11: =C11*A11 -> 1575757.5 | E11: 50 | F11: 1.75 | G11: =+D11*E11*F11/100 -> 1378787.8 | H11: 1 | I11: =+G11*H11 -> 1378787.8
B13: SUBTOTAL COSTO PERSONAL TECNICO AMBIENTAL | I13: =SUM(I11:I11) -> 1378787.8
B23: HENRRY EDWIN LAFONT ESCUDERO
B24: Secretario de Planeación y Obras Públicas

Sheet PROT. COVID 19
A1: ALCALDIA MUNICIPAL DE MONTECRISTO
A2: DEPARTAMENTO DE BOLIVAR
A3: SECRETARIA DE PLANEACION Y OBRAS PUBLICAS
A4: PROYECTO: CONSTRUCCION DE CANCHA POLIDEPORTIVA EN EL CORREGIMIENTO DE REGENCIA, MUNICIPIO DE MONTECRISTO BOLIVAR
A6: PRESUPUESTO PROTOCOLO DE BIOSEGURIDAD
A8: 1. PERSONAL
A9: ITEM | B9: ELEMENTO | C9: UNIDAD | D9: CANTIDAD | E9: VALOR UNITARIO | F9: VALOR TOTAL | G9: OBSERVACIONES
A11: 1 | B11: INSPECTOR SISO (SEGURIDAD INDUSTRIAL Y SALUD OCUPACIONAL) | C11: MES | D11: 6 | E11: ='PROFESIONAL SISO'!I13 -> 1378787.8 | F11: =E11*D11 -> 8272726.9 | G11: VIGILAR EL CUMPLIMIENTO DEL PROTOCOLO
C12: 1. SUBTOTAL PERSONAL | F12: =F11 -> 8272726.9
A14: 2. ELEMENTOS PARA LA IMPLEMENTACIÓN DEL PROTOCOLO
A15: ITEM | B15: ELEMENTO | C15: UNIDAD | D15: CANTIDAD | E15: VALOR UNITARIO | F15: VALOR TOTAL | G15: OBSERVACIONES
A17: 1 | B17: LAVAMANOS PORTATIL DE PEDAL | C17: UN | D17: 1 | E17: 850000 | F17: =+D17*E17 -> 850000 | G17: PARA UBICAR EN LA OBRA
A18: 2 | B18: GUANTES DE NITRILO NEGRO TALLA 9 | C18: PAR | D18: 30 | E18: 7500 | F18: =+D18*E18 -> 225000 | G18: PARA TODO EL PERSONAL
A19: 3 | B19: MONOGAFAS | C19: UN. | D19: 30 | E19: 12000 | F19: =+D19*E19 -> 360000 | G19: PARA TODO EL PERSONAL
A20: 4 | B20: GUANTES DE LATEX POR 100 UNIDADES | C20: CAJA | D20: 10 | E20: 35000 | F20: =+D20*E20 -> 350000 | G20: PARA TODO EL PERSONAL
A21: 5 | B21: MASCARILLA INDUSTRIAL NEGRA | C21: UN. | D21: 120 | E21: 2500 | F21: =+D21*E21 -> 300000 | G21: DISTRIBUIDOS PARA TODO EL PERSONAL - Cambios 3 veces por semana
A22: 6 | B22: GUANTES DE VAQUETA | C22: PAR | D22: 30 | E22: 7200 | F22: =+D22*E22 -> 216000 | G22: =+G19 -> PARA TODO EL PERSONAL
A23: 7 | B23: BASCULANTE PARA CASCO CON VISOR ACETATO | C23: U | D23: 15 | E23: 28000 | F23: =+D23*E23 -> 420000 | G23: PARA ADAPTAR A LOS CASCOS - TODO EL PERSONAL
A24: 8 | B24: ALCOHOL ANTISEPTICO AL 70% (PRESENTACIÓN POR 1L), PARA ATOMIZADORES PERSONALES | C24: BOTELLA | D24: 6 | E24: 14000 | F24: =+D24*E24 -> 84000 | G24: SERÁN DISTRIBUIDOS PARA OFICINA PRINCIPAL, OBRA Y LLENAR EN LOS RECIPIENTES QUE COMPONEN EL KIT PERSONAL DE LIMPIEZA.
A25: 9 | B25: JABÓN LÍQUIDO ANTIBACTERIAL | C25: GARRAFA X 20 L | D25: 4 | E25: 100000 | F25: =+D25*E25 -> 400000 | G25: SERÁN DISTRIBUIDOS PARA OFICINA PRINCIPAL Y EN LA OBRA
A26: 10 | B26: GEL ANTIBACTERIAL (PRESENTACIÓN POR 1L) | C26: BOTELLA | D26: 10 | E26: 18000 | F26: =+D26*E26 -> 180000 | G26: =+G20 -> PARA TODO EL PERSONAL
A27: 11 | B27: RECIPIENTES CON ATOMIZADOR ( 1L) | C27: UN. | D27: 15 | E27: 4000 | F27: =+D27*E27 -> 60000 | G27: ENTREGADO A PERSONAL SEGÚN FUNCIÓN Y NECESIDAD
A28: 12 | B28: TOALLAS DE PAPEL DESECHABLES DOBLE HOJA X 150 UNIDADES | C28: PAQUETE | D28: 50 | E28: 7500 | F28: =+D28*E28 -> 375000 | G28: PARA EL SECADO DE MANOS
A29: 13 | B29: TERMÓMETRO INFRARROJO SIN CONTACTO | C29: UN. | D29: 1 | E29: 200000 | F29: =+D29*E29 -> 200000 | G29: PARA TODO EL PERSONAL
A30: 14 | B30: BOLSAS GRUESAS DE COLOR NEGRO | C30: PAQUETE X10 UNIDADES | D30: 30 | E30: 7500 | F30: =+D30*E30 -> 225000 | G30: PARA LA RECOLECCIÓN DE GUANTES, TAPABOCAS, TOALLAS DE PAPEL USADAS. DISTRIBUIDAS EN DIFERENTES ZONAS
A31: 15 | B31: BOLSAS ZIPLOC (26.8 CM x 27.3 CM) POR 20 UNIDADES | C31: PAQUETE | D31: 15 | E31: 9790 | F31: =+D31*E31 -> 146850 | G31: PARA GUARDAR KIT PERSONAL DE LIMPIEZA
A32: 16 | B32: BOMBA DE ESPALDA 20 LITROS | C32: UN | D32: 1 | E32: 300000 | F32: =+D32*E32 -> 300000 | G32: PARA APLICAR DESINFECTANTES
A33: 17 | B33: AMONIO CUATERNARIO POR 20 LITROS | C33: UN | D33: 1 | E33: 230000 | F33: =+D33*E33 -> 230000 | G33: PARA DESINFECCION DE SUPERFICIES, CAMPAMENTO, ZAPATOS, OFICINA, BAÑO, EQUIPOS, HERRAMIENTAS
A34: 18 | B34: HIPOCLORITO DE SODIO 15% - 20 L | C34: UN | D34: 2 | E34: 100000 | F34: =+D34*E34 -> 200000 | G34: PARA DESINFECCION DE VEHICULOS, EQUPOS Y MAQUINARIA
C35: 2. SUBTOTAL ELEMENTOS | F35: =SUM(F17:F34) -> 5121850
A37: COSTO TOTAL IMPLEMENTACIÓN PROTOCOLO DE BIOSEGURIDAD (1+2) | G37: =F35+F12 -> 13394577
B43: HENRRY EDWIN LAFONT ESCUDERO
B44: Secretario de Planeación y Obras Públicas

Sheet PROFESIONAL SISO
A1: ALCALDIA MUNICIPAL DE MONTECRISTO
A2: DEPARTAMENTO DE BOLIVAR
A3: SECRETARIA DE PLANEACION Y OBRAS PUBLICAS
A4: PROYECTO: CONSTRUCCION DE CANCHA POLIDEPORTIVA EN EL CORREGIMIENTO DE REGENCIA, MUNICIPIO DE MONTECRISTO BOLIVAR
A5: Analisis Unitario Profesional SISO
A7: A | B7: PERSONAL TECNICO
A8: CANT | B8: CONCEPTO | C8: A | D8: B | E8: C | F8: D | G8: E | H8: F | I8: G
B9: PERSONAL TECNICO | C9: SUELDO MES BASICO X PERSONA | D9: SUELDO MES BASICO | E9: % DEDICACION | F9: F.M. | G9: VALOR MES (AXBXC) | H9: No DE MESES | I9: TOTAL (DXE)
A11: 1 | B11: Profesional SISO | C11: =1050505*1.5 -> 1575757.5 | D11: =C11*A11 -> 1575757.5 | E11: 50 | F11: 1.75 | G11: =+D11*E11*F11/100 -> 1378787.8 | H11: 1 | I11: =+G11*H11 -> 1378787.8
B13: SUBTOTAL COSTO PERSONAL TECNICO AMBIENTAL | I13: =SUM(I11:I11) -> 1378787.8
B23: HENRRY EDWIN LAFONT ESCUDERO
B24: Secretario de Planeación y Obras Públicas
